Workbook

Sheet Garde
C2: Association Départementale de l'Yonne OFFICE CENTRAL DE LA COOPERATION A L'ECOLE 17 rue Bourneil 89000 AUXERRE Tél : 03.86.52.63.55 Courriel: ad89@occe.coop Site: ad89.occe.coop
F4: Cadre réservé à l'OCCE 89 :
F6: Coopérative de l'école de :
B7: N° affiliation
B9: N° Compte Crédit Agricole
B11: Année Scolaire : | C11: 2026-2027 | F11: Mandataire :
B13: - Lire la feuille - MODE d'EMPLOI -
B14: IMPORTANT :
B15: Les feuilles de calcul qui sont proposées ci-après sont identiques au cahier de comptabilité de l'OCCE 89 Elles ne garantissent en rien la fiabilité de la comptabilité Elles ont pour but de faciliter le travail des mandataires : - pour les calculs de chaque colonne - pour établir le bilan annuel - pour rendre plus lisible la comptabilité Aucune maintenance ne sera effectuée sur ces feuilles de calcul, leur protection informatique n'est pas sûre.

Sheet Mode emploi
B1: MODE d'EMPLOI | T1: Proposition d'ORGANISATION pour la comptabilité
B3: Commentaires :
C4: Les cases ayant un petit triangle en haut à droite contiennent un commentaire
C5: Le commentaire s'affiche au passage de la souris et s'efface automatiquement
B6: Protection :
C7: Certaines cases contiennent des formules de calcul, seules les cases à renseigner sont disponibles | T7: CLASSEUR 1 | Y7: CLASSEUR 2 | AF7: CHEMISE temporaire
C8: La modification de la moindre formule peut bloquer le logiciel | Z8: (sur 10 ans d'archives) | AF8: se vide tous les 10 jours !
B9: Cases à renseigner :
C10: Les cases jaunes sont à renseigner par l'utilisateur | T10: statuts et règlements | Y10: cahier ou docs imprimés par ordi | AF10: factures à payer
C11: Pour écrire sur plusieurs lignes dans une même case, utiliser ALT + Entrée
B12: Sauvegarde : | T12: changement de mandataire | Y12: justificatifs classés par numéro | AF12: bordereau en cours
C13: Par mesure de sécurité il est préférable de faire des sauvegardes régulières de votre travail
B14: Impression : | T14: adhésion | Y14: relevés classés par numéro
C15: Une version papier du travail effectué récemment doit rester en permanence à l'école
B16: Cases de validation : | T16: assurance | Y16: talons de chèquiers
C17: Les cases orangées effectuent des vérifications sur la validité des sommes enregistrées | Z17: et chèques annulés
C18: Si les mentions ERR, ERREUR, ??, apparaissent c'est qu'il y a une erreur de saisie | T18: CRF
B19: Pointage :
C20: Le pointage permet de suivre les opérations enregistrées par la banque | T20: les documents statutaires | Y20: tous les documents comptables de | AF20: les docs non traités
C21: La colonne pointage (c5) devra être renseignée avec le numéro du relevé bancaire | T21: et pluri-annuels | Y21: l'année en cours
C22: Toutes les opérations non pointées seront reportées dans le tableau "Rapprochement bancaire"
B23: Formation : | T23: Les publications, revue départementale, A et E, …
C24: Ce mode d'emploi n'est probablement pas complet, nous faire part des suppléments à y insérer, ad89@occe.coop | T24: les courriers de l'OCCE, (rappels, invitations, …)
C25: Vous trouverez ci-dessous plusieurs pages d'explication | T25: les présentations des animations pédagogiques de l'OCCE, …
T26: ne sont pas soumis à un archivage obligatoire, ils devraient être distribués, mis à disposition des enseignants
C29: Des formations comptables sont régulièrement effectuées au siège de l'Association Départementale OCCE.
B32: N° PJ | C32: Date | D32: Nature de l'action pédagogique | E32: Pointage Chèque | G32: Pointage CCA | H32: Régie d'avance | J32: Compte bancaire | M32: Caisse (espèces) | P32: SITUATION GENERALE c10 + c13
B34: Année scolaire : page numéro : | E34: N° chèque | G34: N° du relevé de CCA | H34: RETOUR cahier de classe rappel du montant versé | I34: DEPART Versé à la coop. de classe | J34: Entrées | K34: Sorties | L34: Situation | M34: Entrées | N34: Sorties | O34: Situation
B35: c1 | C35: c2 | D35: c3 | E35: c4 | G35: c5 | H35: c6 | I35: c7 | J35: c8 | K35: c9 | L35: c10 | M35: c11 | N35: c12 | O35: c13 | P35: c14
D36: Report
A37: L1 | Q37: L1
D40: PIECE JUSTIFICATIVE
D41: nécessaire pour chaque ligne
D44: Le numéro affecté à chaque ligne sera reporté sur le justificatif
D45: un justificatif de dépense, c'est
E46: une facture : | G46: elle comporte la date, le nom du fournisseur, le n° de siret, la somme reglée
G47: elle est toujours au nom de la coopé : OCCE Coop Scolaire Mat./Elém./Prim. de …
D48: ou | E48: un ticket de caisse
G49: c'est un original, il ne comporte que des achats pour la coopé
D50: un justificatif de recette, c'est :
E51: la liste nominative des "donateurs" (élèves ou leur famille) - voir formulaire
E53: le bordereau de décompte des pièces et billets - voir formulaire
D55: un justificatif de mouvement, c'est :
E56: un bordereau fourni par le guichetier ou la machine
F57: dépôt - retrait d'espèces
B62: N° PJ | C62: Date | D62: Nature de l'action pédagogique | E62: Pointage Chèque | G62: Pointage CCA | H62: Régie d'avance | J62: Compte bancaire | M62: Caisse (espèces) | P62: SITUATION GENERALE c10 + c13
B63: Année scolaire : page numéro : | E63: N° chèque | G63: N° du relevé de CCA | H63: RETOUR cahier de classe rappel du montant versé | I63: DEPART Versé à la coop. de classe | J63: Entrées | K63: Sorties | L63: Situation | M63: Entrées | N63: Sorties | O63: Situation
B64: c1 | C64: c2 | D64: c3 | E64: c4 | G64: c5 | H64: c6 | I64: c7 | J64: c8 | K64: c9 | L64: c10 | M64: c11 | N64: c12 | O64: c13 | P64: c14
D65: Report
A66: L1 | Q66: L1
D73: LES PARENTS VERIFIENT LES COMPTES ( 2 vérificateurs aux comptes)
D74: il est préférable : | E74: de préciser pour quel projet la dépense a eu lieu,
E75: de rendre les choses lisibles pour un non-initié
D79: procédure proposée pour la mise en place du CONTRÔLE DES COMPTES:
E80: faire appel à candidature par voie d'affiche
E81: tirer au sort 2 personnes parmi les candidats
E82: proposer une vérification tout au long de l'année
F83: (avant chaque conseil d'école par exemple)
C91: La régie d'avance donne la possibilité à un enseignant d'avoir les moyens d'effectuer directement des achats pour sa classe, sans avoir à faire l'avance sur ses fonds personnels. Le mandataire lui attribue une somme en espèces ou en chèque. Eviter les trop gros montants. Il est recommandé de ne pas dépasser 150 € par régie. Si l'enseignant reçoit une régie en chèque, il peut en déposer la somme sur son compte personnel. Il faut systématiquement remplir le feuillet "Régie d'avance" (voir dans : formulaires) en 2 exemplaires (1 conservé par le mandataire, 1 transmis à l'enseignant). Celui-ci disposera ensuite d'un cahier de comptabilité de classe annuel sur lequel il notera toutes les dépenses, les ventilera et consignera toutes les pièces justificatives. L'enseignant bénéficiaire d'une régie ne doit pas encaisser d'argent des familles ou tout autre produit. Il peut néanmoins récolter les sommes qu'il va consigner très précisément sur la "Fiche de recette" (voir dans : formulaires) pour la transmettre au mandataire qui alors, pourra lui redonner le montant recueilli sous la forme d'une régie d'avance.
B102: N° PJ | C102: Date | D102: Nature de l'action pédagogique | E102: Pointage Chèque | G102: Pointage CCA | H102: Régie d'avance | J102: Compte bancaire | M102: Caisse (espèces) | P102: SITUATION GENERALE c10 + c13
B103: Année scolaire : page numéro : | E103: N° chèque | G103: N° du relevé de CCA | H103: RETOUR cahier de classe rappel du montant versé | I103: DEPART Versé à la coop. de classe | J103: Entrées | K103: Sorties | L103: Situation | M103: Entrées | N103: Sorties | O103: Situation
B104: c1 | C104: c2 | D104: c3 | E104: c4 | G104: c5 | H104: c6 | I104: c7 | J104: c8 | K104: c9 | L104: c10 | M104: c11 | N104: c12 | O104: c13 | P104: c14
D105: Report
A106: L1 | D106: Régie d'avance classe A | E106: xxxxxxx | I106: 150 | K106: 150 | P106: Ne se ventile pas !
D107: Régie d'avance classe B | I107: 150 | N107: 150 | P107: Ne se ventile pas !
D108: Intégration cahier de classe A | H108: 150,00 | J108: 25 | P108: Se ventile : 125,00 €
D109: Intégration cahier de classe B | H109: 150,00 | M109: 2 | P109: Se ventile : 148,00 €
C111: En fin d'année, l'enseignant fera son bilan financier, redonnera le cahier de comptabilité de classe avec les pièces justificatives au mandataire, soldera, au besoin, sa dernière régie d'avance en redonnant les espèces restantes ou un chèque du montant du reliquat. En aucun cas cette somme restante ne peut être conservée d'une année sur l'autre. Pour intégrer la régie d'avance en fin d'année : on note le montant perçu par la coop de classe en régie d'avance, on ventile grâce au cahier de classe et si de l'argent est rendu, on l'enregistre en compte bancaire (chèque) ou en caisse (espèces).
B118: N° PJ | C118: Date | D118: Nature de l'action pédagogique | E118: Pointage Chèque | G118: Pointage CCA | H118: Régie d'avance | J118: Compte bancaire | M118: Caisse (espèces) | P118: SITUATION GENERALE c10 + c13
B119: Année scolaire : page numéro : | E119: N° chèque | G119: N° du relevé de CCA | H119: RETOUR cahier de classe rappel du montant versé | I119: DEPART Versé à la coop. de classe | J119: Entrées | K119: Sorties | L119: Situation | M119: Entrées | N119: Sorties | O119: Situation
B120: c1 | C120: c2 | D120: c3 | E120: c4 | G120: c5 | H120: c6 | I120: c7 | J120: c8 | K120: c9 | L120: c10 | M120: c11 | N120: c12 | O120: c13 | P120: c14
D121: Report
A122: L1 | Q122: L1
L128: L'argent que j'ai
L129: sur 2 supports différents :
J131: le compte CCA + | M131: le porte-monnaie = | P131: TOTAL
K132: c10 | N132: c13 | P132: c10+c13
D133: Le compte CCA :
D134: il dépend de l'OCCE, ni le mandataire, ni le directeur ne peuvent effectuer de changements sur l'identité,
D135: l'adresse du compte, … pour tout problème, appelez l'OCCE
D137: Le compte Caisse :
D138: même si je vide ce compte par sécurité, les mouvements d'espèces doivent apparaître dans ces colonnes

Sheet Cahier classe
C1: Cahier de comptabilité de classe | J1: Année scolaire ….…. / ….….
A3: Etablissement : | E3: Classe : Nom de l'enseignant/tuteur : Nombre d'élèves : | I3: Charges (sorties)
D4: page 1 | I4: 6070 | J4: 6181 | K4: 6700
I5: Achats de produits pour cessions | J5: Charges des activités éducatives | K5: Charges exceptionnelles
D6: Régie d'avance. Mouvements entre Coop. Centrale et Coop de Classe et inversement | F6: Caisse ou Banque Coopérative de classe | I6: Produits transformés, calendriers, photos (facture réglée au photographe), livres (Lire c'est partir) ... | J6: Journaux scolaires, correspondance, documentation, abonnements revues jeunesse, travaux manuels, voyages, sorties, spectacles, intervenants, fêtes, lotos, SACEM ... | K6: Evènement imprévu et non récurrent : Dons versés, actions de solidarité pour d'autres classes, d'autres pays …
A7: N° P.J. | B7: Date | C7: Libellé | D7: Reçu la somme de : | E7: Rendu la somme de : | F7: Entrée | G7: Sortie | H7: Situation
C8: Report au :
I26: Charges (sorties)
D27: page 2 | I27: 6070 | J27: 6181 | K27: 6700
I28: Achats de produits pour cessions | J28: Charges des activités éducatives | K28: Charges exceptionnelles
D29: Régie d'avance. Mouvements entre Coop. Centrale et Coop de Classe et inversement | F29: Caisse ou Banque Coopérative de classe | I29: Produits transformés, calendriers, photos (facture réglée au photographe), livres (Lire c'est partir) ... | J29: Journaux scolaires, correspondance, documentation, abonnements revues jeunesse, travaux manuels, voyages, sorties, spectacles, intervenants, fêtes, lotos, SACEM ... | K29: Evènement imprévu et non récurrent : Dons versés, actions de solidarité pour d'autres classes, d'autres pays …
A30: N° P.J. | B30: Date | C30: Libellé | D30: Reçu la somme de : | E30: Rendu la somme de : | F30: Entrée | G30: Sortie | H30: Situation
C31: Report au :
C48: Totaux à reporter :
A49: Ce cahier annuel, accompagné des pièces justificatives classées, est remis en fin d'année scolaire au mandataire de la coopérative qui l'archive pendant 10 ans

Sheet Formulaires
B1: Fiche de recettes de la coopérative OCCE
B2: CLASSE | E2: Objet de la recette
C5: Chèques | F5: Espèces
B6: Nom et prénom | C6: Etablissement payeur | D6: N° Chèque | E6: Montant | F6: Montant
A7: 1
A8: =A7+1 -> 2
A9: =A8+1 -> 3
A10: =A9+1 -> 4
A11: =A10+1 -> 5
A12: =A11+1 -> 6
A13: =A12+1 -> 7
A14: =A13+1 -> 8
A15: =A14+1 -> 9
A16: =A15+1 -> 10
A17: =A16+1 -> 11
A18: =A17+1 -> 12
A19: =A18+1 -> 13
... A36: =A35+1 -> 30
C38: Total des chèques reçus
C39: Total des espèces
B40: L'enseignant | C40: Le Mandataire | D40: Ensemble remis le
B46: Feuille de relevé d'espèces
B50: Objet de la pièce | E50: N° de pièce
C54: Montant unitaire | D54: Quantité | E54: Montant
B55: Billets
C56: 100
C57: 50
C58: 20
C59: 10
C60: 5
B61: Pièces
C62: 2
C63: 1
C64: 0.5
C65: 0.2
C66: 0.1
C67: 0.05
C68: 0.02
C69: 0.01
D70: TOTAL :
B72: Date et lieu
B74: NOMS et SIGNATURES des personnes ayant participé au décompte :
B81: Cette somme sera remise le plus tôt possible à la banque sous la responsabilité du mandataire de la coopérative.
B83: Attention aux fonds de caisse… Les soustraire de la somme comptée avant enregistrement comptable de la recette
C84: Merci à ceux qui ont bien voulu aider à ce décompte des espèces.
B86: Régie d'avance
B91: Ecole : ……………………………
B92: Adresse : ……………………….……………………
B93: CP : ……………
B94: Localité : ………………..…………
B96: Montant du versement : ………...…….
B97: Versement effectué le : ……………
B98: Par : OCCE Coopérative Scolaire | C98: ………………………………………….
C99: ……………………………………………
B101: Ce règlement a été effectué : | C101: r en espèces
C102: r par chèque
C103: r par virement bancaire
B105: A partir du compte Crédit Agricole n° …………………………………………….…....
B106: Chèque N°…………….…………
B107: Au profit de la classe de ……………………………….
B108: Tuteur de la coopérative de classe de …………………
B109: Sur le compte (intitulé, type, numéro)……………….…………………………....……………
B110: Pour les activités coopératives de sa classe
B113: IMPORTANT
B114: Toutes les dépenses relatives à cette régie seront inscrites sur un cahier de comptabilité de classe OCCE. Les factures, reçus, tickets de caisse intitulés au nom de la coopérative scolaire seront classés, numérotés et joints à ce cahier.
B115: Le contrôle de cette régie et des justificatifs de dépenses se fera systématiquement tous les 3 mois par le mandataire
B116: Tous les justificatifs de dépenses devront être remis au plus tard le dernier jour des classes.
B117: Le reliquat de la régie sera obligatoirement reversé à la Coopérative Centrale au plus tard le dernier jour de classes.
B118: La régie ne peut pas excéder 150€. Elle est renouvelée autant que nécessaire si et seulement si les 150€ sont utilisés et les justificatifs fournis.
B120: M………………………………. | D120: M……………………………….
B121: agissant au nom de la coopérative de l'établissement | D121: agissant au nom de la coopérative de classe
B123: Signature : | D123: Signature :

Sheet Exemples
B2: N° PJ | C2: Date | D2: Nature de l'action pédagogique | E2: Pointage Chèque | G2: Pointage CCA | H2: Régie d'avance | J2: Compte bancaire | M2: Caisse (espèces) | P2: SITUATION GENERALE c10 + c13 | R2: 7070 | S2: 7080 | T2: 7410 | U2: 7551 | V2: 75511 | W2: 7562 | X2: 7700 | Y2: 7700 | AA2: 6070 | AB2: 61681 | AC2: 6181 | AD2: 6270 | AE2: 6586 | AF2: 6700 | AG2: 6800
R3: Ventes de produits pour cession | S3: Produits activités éducatives | T3: Subventions reçues | U3: Contributions financières Plateforme participative | V3: Contributions financières d'autres organismes | W3: Participation volontaire des familles | X3: Produits exceptionnels | Y3: Produits exceptionnels | AA3: Achats de produits pour cession | AB3: Assurances versées | AC3: Charges des activités éducatives | AD3: Services bancaires et assimilés | AE3: Cotisations versées à l'OCCE | AF3: Charges exceptionnelles | AG3: Achats de biens durables
B4: =CONCATENATE("Année scolaire : ",Garde!C11) -> Année scolaire : 2026-2027 | E4: N° chèque | G4: N° du relevé de CCA | H4: RETOUR cahier de classe Rappel du montant versé | I4: DEPART Versé à la coop. de classe | J4: Entrées | K4: Sorties | L4: Situation | M4: Entrées | N4: Sorties | O4: Situation | R4: Tout ce que vous vendez sans l'avoir fabriqué et qui a été payé au compte 6070 | S4: Recettes résultant des activités pédagogiques de la coopérative | T4: Etat, Collectivités locales, Etabl. Publics | U4: Produits provenant d'activités non éducatives | V4: Aides reçues des APE, autres associations, organismes privés | W4: Cotisations perçues pour l'OCCE dans la cadre de la participation volontaire des familles | X4: Evènement imprévu et non récurrent | Y4: Dons, actions de solidarité | AA4: Achats d'objets pour les revendre | AB4: Assurance MAE-MAIF de la coopérative et des coopérateurs | AC4: Dépenses résultant des activités pédagogiques de la coopérative | AD4: Frais bancaires | AE4: Exclusivement les cotisations versées à l'OCCE 89 Sans les assurances ! | AF4: Evènement imprévu et non récurrent | AG4: Matériel (durée de vie>1 an) pour les activités éducatives en lien avec la coopération
B5: c1 | C5: c2 | D5: c3 | E5: c4 | G5: c5 | H5: c6 | I5: c7 | J5: c8 | K5: c9 | L5: c10 | M5: c11 | N5: c12 | O5: c13 | P5: c14 | R5: c15 | S5: c16 | T5: c17 | U5: c18 | V5: c19 | W5: c20 | X5: c21 | Y5: c22 | AA5: c23 | AB5: c24 | AC5: c25 | AD5: c26 | AE5: c27 | AF5: c28 | AG5: c29
D6: Report | L6: 1000 | O6: 100 | P6: =SUM(L6+O6) -> 1100 | R6: 0 | S6: 0 | T6: 0 | U6: 0 | V6: 0 | W6: 0 | X6: 0 | Y6: 0 | AA6: 0 | AB6: 0 | AC6: 0 | AD6: 0 | AE6: 0 | AF6: 0 | AG6: 0
A7: L1 | B7: 1 | C7: 15-09 | D7: Versements des parents classe A | E7: xxx | G7: 9 | J7: 75 | L7: =L6+J7-K7 -> 1075 | O7: =O6+M7-N7 -> 100 | P7: =L7+O7 -> 1175 | Q7: L1 | W7: 75
A8: L2 | B8: =B7+1 -> 2 | C8: 01-10 | D8: Versements des parents classe B | E8: xxx | G8: 10 | J8: 50 | L8: =L7+J8-K8 -> 1125 | M8: 25 | O8: =O7+M8-N8 -> 125 | P8: =L8+O8 -> 1250 | Q8: L2 | W8: 75
A9: L3 | B9: =B8+1 -> 3 | C9: 15-10 | D9: Adhésions des 2 classes à l'OCCE | E9: 55071001 | G9: 10 | K9: 59.8 | L9: =L8+J9-K9 -> 1065.2 | O9: =O8+M9-N9 -> 125 | P9: =L9+O9 -> 1190.2 | Q9: L3 | AE9: 59.8
A10: L4 | B10: =B9+1 -> 4 | C10: 15-10 | D10: Régie d'avance vers la classe A | E10: 55071002 | G10: 10 | I10: 100 | K10: 100 | L10: =L9+J10-K10 -> 965.2 | O10: =O9+M10-N10 -> 125 | P10: =L10+O10 -> 1090.2 | Q10: L4
A11: L5 | B11: =B10+1 -> 5 | C11: 15-10 | D11: Régie d'avance vers la classe B | E11: 55071003 | G11: 10 | I11: 100 | K11: 100 | L11: =L10+J11-K11 -> 865.2 | O11: =O10+M11-N11 -> 125 | P11: =L11+O11 -> 990.2 | Q11: L5
A12: L6 | B12: =B11+1 -> 6 | C12: 20-10 | D12: Versements des parents pour Photos | E12: xxx | G12: 11 | J12: 106 | L12: =L11+J12-K12 -> 971.2 | M12: 41 | O12: =O11+M12-N12 -> 166 | P12: =L12+O12 -> 1137.2 | Q12: L6 | R12: 147
A13: L7 | B13: =B12+1 -> 7 | C13: 22-10 | D13: Règlt. de la facture photographe | E13: 55071004 | G13: 11 | K13: 72 | L13: =L12+J13-K13 -> 899.2 | O13: =O12+M13-N13 -> 166 | P13: =L13+O13 -> 1065.2 | Q13: L7 | AA13: 72
A14: L8 | B14: =B13+1 -> 8 | C14: 10-11 | D14: Réparation de l'appareil photo | E14: 55071005 | G14: 11 | K14: 35 | L14: =L13+J14-K14 -> 864.2 | O14: =O13+M14-N14 -> 166 | P14: =L14+O14 -> 1030.2 | Q14: L8 | AC14: 35
A15: L9 | B15: =B14+1 -> 9 | C15: 20-12 | D15: Assurance de la coopérative | E15: 55071006 | G15: 12 | K15: 15.2 | L15: =L14+J15-K15 -> 849 | O15: =O14+M15-N15 -> 166 | P15: =L15+O15 -> 1015 | Q15: L9 | AB15: 15.2
A16: L10 | B16: =B15+1 -> 10 | C16: 20-01 | D16: Achats pour loto | E16: 55071007 | G16: 2 | K16: 81 | L16: =L15+J16-K16 -> 768 | O16: =O15+M16-N16 -> 166 | P16: =L16+O16 -> 934 | Q16: L10 | AC16: 81
A17: L11 | B17: =B16+1 -> 11 | C17: 25-01 | D17: Rentrées loto | E17: xxx | G17: 1 | J17: 31 | L17: =L16+J17-K17 -> 799 | M17: 530 | O17: =O16+M17-N17 -> 696 | P17: =L17+O17 -> 1495 | Q17: L11 | S17: 561
A18: L12 | B18: =B17+1 -> 12 | C18: 27-01 | D18: Dépôt liquide | E18: xxx | G18: 1 | J18: 696 | L18: =L17+J18-K18 -> 1495 | N18: 696 | O18: =O17+M18-N18 -> 0 | P18: =L18+O18 -> 1495 | Q18: L12
A19: L13 | B19: =B18+1 -> 13 | C19: 04-05 | D19: Spectacle pour les 2 classes | E19: 55071008 | G19: 2 | K19: 140 | L19: =L18+J19-K19 -> 1355 | O19: =O18+M19-N19 -> 0 | P19: =L19+O19 -> 1355 | Q19: L13 | AC19: 140
A20: L14 | B20: =B19+1 -> 14 | C20: 05-07 | D20: Intégration cahier de compta classe A | E20: xxx | G20: xxx | H20: 100 | L20: =L19+J20-K20 -> 1355 | M20: 2 | O20: =O19+M20-N20 -> 2 | P20: =L20+O20 -> 1357 | Q20: L14 | AC20: 98
A21: L15 | B21: =B20+1 -> 15 | C21: 05-07 | D21: Intégration cahier de compta classe B | E21: xxx | G21: xxx | H21: 100 | L21: =L20+J21-K21 -> 1355 | O21: =O20+M21-N21 -> 2 | P21: =L21+O21 -> 1357 | Q21: L15 | AC21: 100
B22: OCCE 89 | F22: TOTAUX à reporter | H22: =SUM(H7:H21) -> 200 | I22: =SUM(I7:I21) -> 200 | J22: =SUM(J7:J21) -> 958 | K22: =SUM(K7:K21) -> 603 | L22: =L21 -> 1355 | M22: =SUM(M7:M21) -> 598 | N22: =SUM(N7:N21) -> 696 | O22: =O21 -> 2 | P22: =SUM(L22+O22) -> 1357 | R22: =SUM(R7:R21) -> 147 | S22: =SUM(S7:S21) -> 561 | T22: =SUM(T7:T21) -> 0 | U22: =SUM(U7:U21) -> 0 | V22: =SUM(V7:V21) -> 0 | W22: =SUM(W7:W21) -> 150 | X22: =SUM(X7:X21) -> 0 | Y22: =SUM(Y7:Y21) -> 0 | AA22: =SUM(AA7:AA21) -> 72 | AB22: =SUM(AB7:AB21) -> 15.2 | AC22: =SUM(AC7:AC21) -> 454 | AD22: =SUM(AD7:AD21) -> 0 | AE22: =SUM(AE7:AE21) -> 59.8 | AF22: =SUM(AF7:AF21) -> 0 | AG22: =SUM(AG7:AG21) -> 0
H23: (6) | I23: (5)
D25: ENTREES | E25: =SUM(J22+M22) -> 1556 | H25: ="(1)" -> (1) | J25: SORTIES | M25: =SUM(K22+N22) -> 1299 | P25: ="(2)" -> (2) | S25: PRODUITS | V25: =SUM(R22:Y22) -> 858 | X25: ="(3)" -> (3) | Y25: ="(3)" -> (3) | AB25: CHARGES | AE25: =SUM(AA22:AG22) -> 601 | AG25: ="(4)" -> (4)
E26: (somme de c6, c8 et c11) | M26: (somme de c7 c9 et c12) | V26: (somme de c15 à c21) | AE26: (somme de c22 à c28)
A27: exemples | D27: Solde réel du compte bancaire : | E27: =L6+IF(G7<>0,J7,0)-IF(G7<>0,K7,0)+IF(G8<>0,J8,0)-IF(G8<>0,K8,0)+IF(G9<>0,J9,0)-IF(G9<>0,K9,0)+IF(G10<>0,J10,0)-IF(G10<>0,K10,0)+IF(G11<>0,J11,0)-IF(G11<>0,K11,0)+IF(G12<>0,J12,0)-IF(G12<>0,K12,0)+IF(G13<>0,J13,0)-IF(G13<>0,K13,0)+IF(G14<>0,J14,0)-IF(G14<>0,K14,0)+IF(G15<>0,J15,0)-IF(G15<>0,K15,0)+IF(G16<>0,J16,0)-IF(G16<>0,K16,0)+IF(G17<>0,J17,0)-IF(G17<>0,K17,0)+IF(G18<>0,J18,0)-IF(G18<>0,K18,0)+IF(G19<>0,J19,0)-IF(G19<>0,K19,0)+IF(G20<>0,J20,0)-IF(G20<>0,K20,0)+IF(G21<>0,J21,0)-IF(G21<>0,K21,0) -> 1355 | H27: Vérif : | K27: ="(1) - (2) + (5)" -> (1) - (2) + (5) | L27: =E25-M25+I22 -> 457 | N27: =V25-AE25+H22 -> 457 | P27: ="(3) - (4) + (6)" -> (3) - (4) + (6) | AG27: exemples

Sheet 1
B2: N° PJ | C2: Date | D2: Nature de l'action pédagogique | E2: Pointage Chèque | G2: Pointage CCA | H2: Régie d'avance | J2: Compte Crédit Agricole | M2: Caisse (espèces) | P2: SITUATION GENERALE c10 + c13 | R2: 7070 | S2: 7080 | T2: 7410 | U2: 7551 | V2: 75511 | W2: 7562 | X2: 7700 | Y2: 7700 | AA2: 6070 | AB2: 61681 | AC2: 6181 | AD2: 6270 | AE2: 6586 | AF2: 6700 | AG2: 6800
R3: Ventes de produits pour cession | S3: Produits activités éducatives | T3: Subventions reçues | U3: Contributions financières Plateforme participative | V3: Contributions financières d'autres organismes | W3: Participation volontaire des familles | X3: Produits exceptionnels | Y3: Produits exceptionnels | Z3: Validité | AA3: Achats de produits pour cession | AB3: Assurances versées | AC3: Charges des activités éducatives | AD3: Services bancaires et assimilés | AE3: Cotisations versées à l'OCCE | AF3: Charges exceptionnelles | AG3: Achats de biens durables
B4: =CONCATENATE("Année scolaire : ",Garde!C11) -> Année scolaire : 2026-2027 | E4: N° chèque | G4: N° du relevé de CCA | H4: RETOUR cahier de classe Rappel du montant versé | I4: DEPART Versé à la coop. de classe | J4: Entrées | K4: Sorties | L4: Situation | M4: Entrées | N4: Sorties | O4: Situation | R4: Tout ce que vous vendez sans l'avoir fabriqué et qui a été payé au compte 6070 | S4: Recettes résultant des activités pédagogiques de la coopérative | T4: Etat, Collectivités locales, Etabl. Publics | U4: Produits provenant d'activités non éducatives | V4: Aides reçues des APE, autres associations, organismes privés | W4: Cotisations perçues pour l'OCCE dans la cadre de la participation volontaire des familles | X4: Evènement imprévu et non récurrent | Y4: Dons, actions de solidarité | AA4: Achats d'objets pour les revendre | AB4: Assurance MAE-MAIF de la coopérative et des coopérateurs | AC4: Dépenses résultant des activités pédagogiques de la coopérative | AD4: Frais bancaires | AE4: Exclusivement les cotisations versées à l'OCCE 89 Sans les assurances ! | AF4: Evènement imprévu et non récurrent | AG4: Matériel (durée de vie>1 an) pour les activités éducatives en lien avec la coopération
B5: c1 | C5: c2 | D5: c3 | E5: c4 | G5: c5 | H5: c6 | I5: c7 | J5: c8 | K5: c9 | L5: c10 | M5: c11 | N5: c12 | O5: c13 | P5: c14 | R5: c15 | S5: c16 | T5: c17 | U5: c18 | V5: c19 | W5: c20 | X5: c21 | Y5: c22 | AA5: c23 | AB5: c24 | AC5: c25 | AD5: c26 | AE5: c27 | AF5: c28 | AG5: c29
D6: Renseigner les cases jaunes | L6: 0 | O6: 0 | P6: =SUM(L6+O6) -> 0 | R6: 0 | S6: 0 | T6: 0 | U6: 0 | V6: 0 | W6: 0 | X6: 0 | Y6: 0 | AA6: 0 | AB6: 0 | AC6: 0 | AD6: 0 | AE6: 0 | AF6: 0 | AG6: 0
A7: L1 | B7: 1 | L7: =L6+J7-K7 -> 0 | O7: =O6+M7-N7 -> 0 | P7: =L7+O7 -> 0 | Q7: L1 | Z7: =IF(H7+I7+J7+K7+M7+N7=0," ",IF(OR(AND(H7<>0,I7=0,J7+M7+SUM(AA7:AG7)=H7),AND(I7<>0,H7=0,K7+N7=I7),AND(H7=0,I7=0,K7+N7<>0,K7+N7=SUM(AA7:AG7)),AND(H7=0,I7=0,J7+M7<>0,J7+M7=SUM(R7:Y7)),AND(H7=0,I7=0,M7=0,N7<>0,N7=J7),AND(H7=0,I7=0,M7<>0,N7=0,M7=K7)),"ok","??"))
A8: L2 | B8: =B7+1 -> 2 | L8: =L7+J8-K8 -> 0 | O8: =O7+M8-N8 -> 0 | P8: =L8+O8 -> 0 | Q8: L2 | Z8: =IF(H8+I8+J8+K8+M8+N8=0," ",IF(OR(AND(H8<>0,I8=0,J8+M8+SUM(AA8:AG8)=H8),AND(I8<>0,H8=0,K8+N8=I8),AND(H8=0,I8=0,K8+N8<>0,K8+N8=SUM(AA8:AG8)),AND(H8=0,I8=0,J8+M8<>0,J8+M8=SUM(R8:Y8)),AND(H8=0,I8=0,M8=0,N8<>0,N8=J8),AND(H8=0,I8=0,M8<>0,N8=0,M8=K8)),"ok","??"))
A9: L3 | B9: =B8+1 -> 3 | L9: =L8+J9-K9 -> 0 | O9: =O8+M9-N9 -> 0 | P9: =L9+O9 -> 0 | Q9: L3 | Z9: =IF(H9+I9+J9+K9+M9+N9=0," ",IF(OR(AND(H9<>0,I9=0,J9+M9+SUM(AA9:AG9)=H9),AND(I9<>0,H9=0,K9+N9=I9),AND(H9=0,I9=0,K9+N9<>0,K9+N9=SUM(AA9:AG9)),AND(H9=0,I9=0,J9+M9<>0,J9+M9=SUM(R9:Y9)),AND(H9=0,I9=0,M9=0,N9<>0,N9=J9),AND(H9=0,I9=0,M9<>0,N9=0,M9=K9)),"ok","??"))
A10: L4 | B10: =B9+1 -> 4 | L10: =L9+J10-K10 -> 0 | O10: =O9+M10-N10 -> 0 | P10: =L10+O10 -> 0 | Q10: L4 | Z10: =IF(H10+I10+J10+K10+M10+N10=0," ",IF(OR(AND(H10<>0,I10=0,J10+M10+SUM(AA10:AG10)=H10),AND(I10<>0,H10=0,K10+N10=I10),AND(H10=0,I10=0,K10+N10<>0,K10+N10=SUM(AA10:AG10)),AND(H10=0,I10=0,J10+M10<>0,J10+M10=SUM(R10:Y10)),AND(H10=0,I10=0,M10=0,N10<>0,N10=J10),AND(H10=0,I10=0,M10<>0,N10=0,M10=K10)),"ok","??"))
A11: L5 | B11: =B10+1 -> 5 | L11: =L10+J11-K11 -> 0 | O11: =O10+M11-N11 -> 0 | P11: =L11+O11 -> 0 | Q11: L5 | Z11: =IF(H11+I11+J11+K11+M11+N11=0," ",IF(OR(AND(H11<>0,I11=0,J11+M11+SUM(AA11:AG11)=H11),AND(I11<>0,H11=0,K11+N11=I11),AND(H11=0,I11=0,K11+N11<>0,K11+N11=SUM(AA11:AG11)),AND(H11=0,I11=0,J11+M11<>0,J11+M11=SUM(R11:Y11)),AND(H11=0,I11=0,M11=0,N11<>0,N11=J11),AND(H11=0,I11=0,M11<>0,N11=0,M11=K11)),"ok","??"))
A12: L6 | B12: =B11+1 -> 6 | L12: =L11+J12-K12 -> 0 | O12: =O11+M12-N12 -> 0 | P12: =L12+O12 -> 0 | Q12: L6 | Z12: =IF(H12+I12+J12+K12+M12+N12=0," ",IF(OR(AND(H12<>0,I12=0,J12+M12+SUM(AA12:AG12)=H12),AND(I12<>0,H12=0,K12+N12=I12),AND(H12=0,I12=0,K12+N12<>0,K12+N12=SUM(AA12:AG12)),AND(H12=0,I12=0,J12+M12<>0,J12+M12=SUM(R12:Y12)),AND(H12=0,I12=0,M12=0,N12<>0,N12=J12),AND(H12=0,I12=0,M12<>0,N12=0,M12=K12)),"ok","??"))
A13: L7 | B13: =B12+1 -> 7 | L13: =L12+J13-K13 -> 0 | O13: =O12+M13-N13 -> 0 | P13: =L13+O13 -> 0 | Q13: L7 | Z13: =IF(H13+I13+J13+K13+M13+N13=0," ",IF(OR(AND(H13<>0,I13=0,J13+M13+SUM(AA13:AG13)=H13),AND(I13<>0,H13=0,K13+N13=I13),AND(H13=0,I13=0,K13+N13<>0,K13+N13=SUM(AA13:AG13)),AND(H13=0,I13=0,J13+M13<>0,J13+M13=SUM(R13:Y13)),AND(H13=0,I13=0,M13=0,N13<>0,N13=J13),AND(H13=0,I13=0,M13<>0,N13=0,M13=K13)),"ok","??"))
A14: L8 | B14: =B13+1 -> 8 | L14: =L13+J14-K14 -> 0 | O14: =O13+M14-N14 -> 0 | P14: =L14+O14 -> 0 | Q14: L8 | Z14: =IF(H14+I14+J14+K14+M14+N14=0," ",IF(OR(AND(H14<>0,I14=0,J14+M14+SUM(AA14:AG14)=H14),AND(I14<>0,H14=0,K14+N14=I14),AND(H14=0,I14=0,K14+N14<>0,K14+N14=SUM(AA14:AG14)),AND(H14=0,I14=0,J14+M14<>0,J14+M14=SUM(R14:Y14)),AND(H14=0,I14=0,M14=0,N14<>0,N14=J14),AND(H14=0,I14=0,M14<>0,N14=0,M14=K14)),"ok","??"))
A15: L9 | B15: =B14+1 -> 9 | L15: =L14+J15-K15 -> 0 | O15: =O14+M15-N15 -> 0 | P15: =L15+O15 -> 0 | Q15: L9 | Z15: =IF(H15+I15+J15+K15+M15+N15=0," ",IF(OR(AND(H15<>0,I15=0,J15+M15+SUM(AA15:AG15)=H15),AND(I15<>0,H15=0,K15+N15=I15),AND(H15=0,I15=0,K15+N15<>0,K15+N15=SUM(AA15:AG15)),AND(H15=0,I15=0,J15+M15<>0,J15+M15=SUM(R15:Y15)),AND(H15=0,I15=0,M15=0,N15<>0,N15=J15),AND(H15=0,I15=0,M15<>0,N15=0,M15=K15)),"ok","??"))
A16: L10 | B16: =B15+1 -> 10 | L16: =L15+J16-K16 -> 0 | O16: =O15+M16-N16 -> 0 | P16: =L16+O16 -> 0 | Q16: L10 | Z16: =IF(H16+I16+J16+K16+M16+N16=0," ",IF(OR(AND(H16<>0,I16=0,J16+M16+SUM(AA16:AG16)=H16),AND(I16<>0,H16=0,K16+N16=I16),AND(H16=0,I16=0,K16+N16<>0,K16+N16=SUM(AA16:AG16)),AND(H16=0,I16=0,J16+M16<>0,J16+M16=SUM(R16:Y16)),AND(H16=0,I16=0,M16=0,N16<>0,N16=J16),AND(H16=0,I16=0,M16<>0,N16=0,M16=K16)),"ok","??"))
A17: L11 | B17: =B16+1 -> 11 | L17: =L16+J17-K17 -> 0 | O17: =O16+M17-N17 -> 0 | P17: =L17+O17 -> 0 | Q17: L11 | Z17: =IF(H17+I17+J17+K17+M17+N17=0," ",IF(OR(AND(H17<>0,I17=0,J17+M17+SUM(AA17:AG17)=H17),AND(I17<>0,H17=0,K17+N17=I17),AND(H17=0,I17=0,K17+N17<>0,K17+N17=SUM(AA17:AG17)),AND(H17=0,I17=0,J17+M17<>0,J17+M17=SUM(R17:Y17)),AND(H17=0,I17=0,M17=0,N17<>0,N17=J17),AND(H17=0,I17=0,M17<>0,N17=0,M17=K17)),"ok","??"))
A18: L12 | B18: =B17+1 -> 12 | L18: =L17+J18-K18 -> 0 | O18: =O17+M18-N18 -> 0 | P18: =L18+O18 -> 0 | Q18: L12 | Z18: =IF(H18+I18+J18+K18+M18+N18=0," ",IF(OR(AND(H18<>0,I18=0,J18+M18+SUM(AA18:AG18)=H18),AND(I18<>0,H18=0,K18+N18=I18),AND(H18=0,I18=0,K18+N18<>0,K18+N18=SUM(AA18:AG18)),AND(H18=0,I18=0,J18+M18<>0,J18+M18=SUM(R18:Y18)),AND(H18=0,I18=0,M18=0,N18<>0,N18=J18),AND(H18=0,I18=0,M18<>0,N18=0,M18=K18)),"ok","??"))
A19: L13 | B19: =B18+1 -> 13 | L19: =L18+J19-K19 -> 0 | O19: =O18+M19-N19 -> 0 | P19: =L19+O19 -> 0 | Q19: L13 | Z19: =IF(H19+I19+J19+K19+M19+N19=0," ",IF(OR(AND(H19<>0,I19=0,J19+M19+SUM(AA19:AG19)=H19),AND(I19<>0,H19=0,K19+N19=I19),AND(H19=0,I19=0,K19+N19<>0,K19+N19=SUM(AA19:AG19)),AND(H19=0,I19=0,J19+M19<>0,J19+M19=SUM(R19:Y19)),AND(H19=0,I19=0,M19=0,N19<>0,N19=J19),AND(H19=0,I19=0,M19<>0,N19=0,M19=K19)),"ok","??"))
... A21: L15 | B21: =B20+1 -> 15 | L21: =L20+J21-K21 -> 0 | O21: =O20+M21-N21 -> 0 | P21: =L21+O21 -> 0 | Q21: L15 | Z21: =IF(H21+I21+J21+K21+M21+N21=0," ",IF(OR(AND(H21<>0,I21=0,J21+M21+SUM(AA21:AG21)=H21),AND(I21<>0,H21=0,K21+N21=I21),AND(H21=0,I21=0,K21+N21<>0,K21+N21=SUM(AA21:AG21)),AND(H21=0,I21=0,J21+M21<>0,J21+M21=SUM(R21:Y21)),AND(H21=0,I21=0,M21=0,N21<>0,N21=J21),AND(H21=0,I21=0,M21<>0,N21=0,M21=K21)),"ok","??"))
B22: page 1-1 | F22: TOTAUX à reporter | H22: =SUM(H7:H21) -> 0 | I22: =SUM(I7:I21) -> 0 | J22: =SUM(J7:J21) -> 0 | K22: =SUM(K7:K21) -> 0 | L22: =L21 -> 0 | M22: =SUM(M7:M21) -> 0 | N22: =SUM(N7:N21) -> 0 | O22: =O21 -> 0 | P22: =SUM(L22+O22) -> 0 | R22: =SUM(R7:R21) -> 0 | S22: =SUM(S7:S21) -> 0 | T22: =SUM(T7:T21) -> 0 | U22: =SUM(U7:U21) -> 0 | V22: =SUM(V7:V21) -> 0 | W22: =SUM(W7:W21) -> 0 | X22: =SUM(X7:X21) -> 0 | Y22: =SUM(Y7:Y21) -> 0 | AA22: =SUM(AA7:AA21) -> 0 | AB22: =SUM(AB7:AB21) -> 0 | AC22: =SUM(AC7:AC21) -> 0 | AD22: =SUM(AD7:AD21) -> 0 | AE22: =SUM(AE7:AE21) -> 0 | AF22: =SUM(AF7:AF21) -> 0 | AG22: =SUM(AG7:AG21) -> 0
H24: (6) | I24: (5)
D25: ENTREES | E25: =SUM(J22+M22) -> 0 | H25: ="(1)" -> (1) | J25: SORTIES | M25: =SUM(K22+N22) -> 0 | P25: ="(2)" -> (2) | S25: PRODUITS | V25: =SUM(R22:Y22) -> 0 | X25: ="(3)" -> (3) | Y25: ="(3)" -> (3) | AB25: CHARGES | AE25: =SUM(AA22:AG22) -> 0 | AG25: ="(4)" -> (4)
D26: =L6+IF(G7<>0,J7,0)-IF(G7<>0,K7,0)+IF(G8<>0,J8,0)-IF(G8<>0,K8,0)+IF(G9<>0,J9,0)-IF(G9<>0,K9,0)+IF(G10<>0,J10,0)-IF(G10<>0,K10,0)+IF(G11<>0,J11,0)-IF(G11<>0,K11,0)+IF(G12<>0,J12,0)-IF(G12<>0,K12,0)+IF(G13<>0,J13,0)-IF(G13<>0,K13,0)+IF(G14<>0,J14,0)-IF(G14<>0,K14,0)+IF(G15<>0,J15,0)-IF(G15<>0,K15,0)+IF(G16<>0,J16,0)-IF(G16<>0,K16,0)+IF(G17<>0,J17,0)-IF(G17<>0,K17,0)+IF(G18<>0,J18,0)-IF(G18<>0,K18,0)+IF(G19<>0,J19,0)-IF(G19<>0,K19,0)+IF(G20<>0,J20,0)-IF(G20<>0,K20,0)+IF(G21<>0,J21,0)-IF(G21<>0,K21,0) -> 0 | E26: (somme de c6, c8 et c11) | M26: (somme de c7 c9 et c12) | V26: (somme de c15 à c22) | AE26: (somme de c23 à c29)
B27: page 1-1 | D27: Solde réel du compte bancaire : | E27: ='16>'!E27 -> 0 | H27: Vérif : | K27: ="(1)-(2)+(5)" -> (1)-(2)+(5) | L27: =E25-M25+I22 -> 0 | N27: =V25-AE25+H22 -> 0 | P27: ="(3)-(4)+(6)" -> (3)-(4)+(6) | AG27: page 1-2

Sheet 2
B2: N° PJ | C2: Date | D2: Nature de l'action pédagogique | E2: Pointage Chèque | G2: Pointage CCA | H2: Régie d'avance | J2: Compte Crédit Agricole | M2: Caisse (espèces) | P2: SITUATION GENERALE c10 + c13 | R2: 7070 | S2: 7080 | T2: 7410 | U2: 7551 | V2: 75511 | W2: 7562 | X2: 7700 | Y2: 7700 | AA2: 6070 | AB2: 61681 | AC2: 6181 | AD2: 6270 | AE2: 6586 | AF2: 6700 | AG2: 6800
R3: Ventes de produits pour cession | S3: Produits activités éducatives | T3: Subventions reçues | U3: Contributions financières Plateforme participative | V3: Contributions financières d'autres organismes | W3: Participation volontaire des familles | X3: Produits exceptionnels | Y3: Produits exceptionnels | Z3: Validité | AA3: Achats de produits pour cession | AB3: Assurances versées | AC3: Charges des activités éducatives | AD3: Services bancaires et assimilés | AE3: Cotisations versées à l'OCCE | AF3: Charges exceptionnelles | AG3: Achats de biens durables
B4: =CONCATENATE("Année scolaire : ",Garde!C11) -> Année scolaire : 2026-2027 | E4: N° chèque | G4: N° du relevé de CCA | H4: RETOUR cahier de classe Rappel du montant versé | I4: DEPART Versé à la coop. de classe | J4: Entrées | K4: Sorties | L4: Situation | M4: Entrées | N4: Sorties | O4: Situation | R4: Tout ce que vous vendez sans l'avoir fabriqué et qui a été payé au compte 6070 | S4: Recettes résultant des activités pédagogiques de la coopérative | T4: Etat, Collectivités locales, Etabl. Publics | U4: Produits provenant d'activités non éducatives | V4: Aides reçues des APE, autres associations, organismes privés | W4: Cotisations perçues pour l'OCCE dans la cadre de la participation volontaire des familles | X4: Evènement imprévu et non récurrent | Y4: Dons, actions de solidarité | AA4: Achats d'objets pour les revendre | AB4: Assurance MAE-MAIF de la coopérative et des coopérateurs | AC4: Dépenses résultant des activités pédagogiques de la coopérative | AD4: Frais bancaires | AE4: Exclusivement les cotisations versées à l'OCCE 89 Sans les assurances ! | AF4: Evènement imprévu et non récurrent | AG4: Matériel (durée de vie>1 an) pour les activités éducatives en lien avec la coopération
B5: c1 | C5: c2 | D5: c3 | E5: c4 | G5: c5 | H5: c6 | I5: c7 | J5: c8 | K5: c9 | L5: c10 | M5: c11 | N5: c12 | O5: c13 | P5: c14 | R5: c15 | S5: c16 | T5: c17 | U5: c18 | V5: c19 | W5: c20 | X5: c21 | Y5: c22 | AA5: c23 | AB5: c24 | AC5: c25 | AD5: c26 | AE5: c27 | AF5: c28 | AG5: c29
D6: Report | H6: ='1'!H22 -> 0 | I6: ='1'!I22 -> 0 | J6: ='1'!J22 -> 0 | K6: ='1'!K22 -> 0 | L6: ='1'!L22 -> 0 | M6: ='1'!M22 -> 0 | N6: ='1'!N22 -> 0 | O6: ='1'!O22 -> 0 | P6: =SUM(L6+O6) -> 0 | R6: ='1'!R22 -> 0 | S6: ='1'!S22 -> 0 | T6: ='1'!T22 -> 0 | U6: ='1'!U22 -> 0 | V6: ='1'!V22 -> 0 | W6: ='1'!W22 -> 0 | X6: ='1'!X22 -> 0 | Y6: ='1'!Y22 -> 0 | AA6: ='1'!AA22 -> 0 | AB6: ='1'!AB22 -> 0 | AC6: ='1'!AC22 -> 0 | AD6: ='1'!AD22 -> 0 | AE6: ='1'!AE22 -> 0 | AF6: ='1'!AF22 -> 0 | AG6: ='1'!AG22 -> 0
A7: L1 | B7: ='1'!B21+1 -> 16 | L7: =L6+J7-K7 -> 0 | O7: =O6+M7-N7 -> 0 | P7: =L7+O7 -> 0 | Q7: L1 | Z7: =IF(H7+I7+J7+K7+M7+N7=0," ",IF(OR(AND(H7<>0,I7=0,J7+M7+SUM(AA7:AG7)=H7),AND(I7<>0,H7=0,K7+N7=I7),AND(H7=0,I7=0,K7+N7<>0,K7+N7=SUM(AA7:AG7)),AND(H7=0,I7=0,J7+M7<>0,J7+M7=SUM(R7:Y7)),AND(H7=0,I7=0,M7=0,N7<>0,N7=J7),AND(H7=0,I7=0,M7<>0,N7=0,M7=K7)),"ok","??"))
A8: L2 | B8: =B7+1 -> 17 | L8: =L7+J8-K8 -> 0 | O8: =O7+M8-N8 -> 0 | P8: =L8+O8 -> 0 | Q8: L2 | Z8: =IF(H8+I8+J8+K8+M8+N8=0," ",IF(OR(AND(H8<>0,I8=0,J8+M8+SUM(AA8:AG8)=H8),AND(I8<>0,H8=0,K8+N8=I8),AND(H8=0,I8=0,K8+N8<>0,K8+N8=SUM(AA8:AG8)),AND(H8=0,I8=0,J8+M8<>0,J8+M8=SUM(R8:Y8)),AND(H8=0,I8=0,M8=0,N8<>0,N8=J8),AND(H8=0,I8=0,M8<>0,N8=0,M8=K8)),"ok","??"))
A9: L3 | B9: =B8+1 -> 18 | L9: =L8+J9-K9 -> 0 | O9: =O8+M9-N9 -> 0 | P9: =L9+O9 -> 0 | Q9: L3 | Z9: =IF(H9+I9+J9+K9+M9+N9=0," ",IF(OR(AND(H9<>0,I9=0,J9+M9+SUM(AA9:AG9)=H9),AND(I9<>0,H9=0,K9+N9=I9),AND(H9=0,I9=0,K9+N9<>0,K9+N9=SUM(AA9:AG9)),AND(H9=0,I9=0,J9+M9<>0,J9+M9=SUM(R9:Y9)),AND(H9=0,I9=0,M9=0,N9<>0,N9=J9),AND(H9=0,I9=0,M9<>0,N9=0,M9=K9)),"ok","??"))
A10: L4 | B10: =B9+1 -> 19 | L10: =L9+J10-K10 -> 0 | O10: =O9+M10-N10 -> 0 | P10: =L10+O10 -> 0 | Q10: L4 | Z10: =IF(H10+I10+J10+K10+M10+N10=0," ",IF(OR(AND(H10<>0,I10=0,J10+M10+SUM(AA10:AG10)=H10),AND(I10<>0,H10=0,K10+N10=I10),AND(H10=0,I10=0,K10+N10<>0,K10+N10=SUM(AA10:AG10)),AND(H10=0,I10=0,J10+M10<>0,J10+M10=SUM(R10:Y10)),AND(H10=0,I10=0,M10=0,N10<>0,N10=J10),AND(H10=0,I10=0,M10<>0,N10=0,M10=K10)),"ok","??"))
A11: L5 | B11: =B10+1 -> 20 | L11: =L10+J11-K11 -> 0 | O11: =O10+M11-N11 -> 0 | P11: =L11+O11 -> 0 | Q11: L5 | Z11: =IF(H11+I11+J11+K11+M11+N11=0," ",IF(OR(AND(H11<>0,I11=0,J11+M11+SUM(AA11:AG11)=H11),AND(I11<>0,H11=0,K11+N11=I11),AND(H11=0,I11=0,K11+N11<>0,K11+N11=SUM(AA11:AG11)),AND(H11=0,I11=0,J11+M11<>0,J11+M11=SUM(R11:Y11)),AND(H11=0,I11=0,M11=0,N11<>0,N11=J11),AND(H11=0,I11=0,M11<>0,N11=0,M11=K11)),"ok","??"))
A12: L6 | B12: =B11+1 -> 21 | L12: =L11+J12-K12 -> 0 | O12: =O11+M12-N12 -> 0 | P12: =L12+O12 -> 0 | Q12: L6 | Z12: =IF(H12+I12+J12+K12+M12+N12=0," ",IF(OR(AND(H12<>0,I12=0,J12+M12+SUM(AA12:AG12)=H12),AND(I12<>0,H12=0,K12+N12=I12),AND(H12=0,I12=0,K12+N12<>0,K12+N12=SUM(AA12:AG12)),AND(H12=0,I12=0,J12+M12<>0,J12+M12=SUM(R12:Y12)),AND(H12=0,I12=0,M12=0,N12<>0,N12=J12),AND(H12=0,I12=0,M12<>0,N12=0,M12=K12)),"ok","??"))
A13: L7 | B13: =B12+1 -> 22 | L13: =L12+J13-K13 -> 0 | O13: =O12+M13-N13 -> 0 | P13: =L13+O13 -> 0 | Q13: L7 | Z13: =IF(H13+I13+J13+K13+M13+N13=0," ",IF(OR(AND(H13<>0,I13=0,J13+M13+SUM(AA13:AG13)=H13),AND(I13<>0,H13=0,K13+N13=I13),AND(H13=0,I13=0,K13+N13<>0,K13+N13=SUM(AA13:AG13)),AND(H13=0,I13=0,J13+M13<>0,J13+M13=SUM(R13:Y13)),AND(H13=0,I13=0,M13=0,N13<>0,N13=J13),AND(H13=0,I13=0,M13<>0,N13=0,M13=K13)),"ok","??"))
A14: L8 | B14: =B13+1 -> 23 | L14: =L13+J14-K14 -> 0 | O14: =O13+M14-N14 -> 0 | P14: =L14+O14 -> 0 | Q14: L8 | Z14: =IF(H14+I14+J14+K14+M14+N14=0," ",IF(OR(AND(H14<>0,I14=0,J14+M14+SUM(AA14:AG14)=H14),AND(I14<>0,H14=0,K14+N14=I14),AND(H14=0,I14=0,K14+N14<>0,K14+N14=SUM(AA14:AG14)),AND(H14=0,I14=0,J14+M14<>0,J14+M14=SUM(R14:Y14)),AND(H14=0,I14=0,M14=0,N14<>0,N14=J14),AND(H14=0,I14=0,M14<>0,N14=0,M14=K14)),"ok","??"))
A15: L9 | B15: =B14+1 -> 24 | L15: =L14+J15-K15 -> 0 | O15: =O14+M15-N15 -> 0 | P15: =L15+O15 -> 0 | Q15: L9 | Z15: =IF(H15+I15+J15+K15+M15+N15=0," ",IF(OR(AND(H15<>0,I15=0,J15+M15+SUM(AA15:AG15)=H15),AND(I15<>0,H15=0,K15+N15=I15),AND(H15=0,I15=0,K15+N15<>0,K15+N15=SUM(AA15:AG15)),AND(H15=0,I15=0,J15+M15<>0,J15+M15=SUM(R15:Y15)),AND(H15=0,I15=0,M15=0,N15<>0,N15=J15),AND(H15=0,I15=0,M15<>0,N15=0,M15=K15)),"ok","??"))
A16: L10 | B16: =B15+1 -> 25 | L16: =L15+J16-K16 -> 0 | O16: =O15+M16-N16 -> 0 | P16: =L16+O16 -> 0 | Q16: L10 | Z16: =IF(H16+I16+J16+K16+M16+N16=0," ",IF(OR(AND(H16<>0,I16=0,J16+M16+SUM(AA16:AG16)=H16),AND(I16<>0,H16=0,K16+N16=I16),AND(H16=0,I16=0,K16+N16<>0,K16+N16=SUM(AA16:AG16)),AND(H16=0,I16=0,J16+M16<>0,J16+M16=SUM(R16:Y16)),AND(H16=0,I16=0,M16=0,N16<>0,N16=J16),AND(H16=0,I16=0,M16<>0,N16=0,M16=K16)),"ok","??"))
A17: L11 | B17: =B16+1 -> 26 | L17: =L16+J17-K17 -> 0 | O17: =O16+M17-N17 -> 0 | P17: =L17+O17 -> 0 | Q17: L11 | Z17: =IF(H17+I17+J17+K17+M17+N17=0," ",IF(OR(AND(H17<>0,I17=0,J17+M17+SUM(AA17:AG17)=H17),AND(I17<>0,H17=0,K17+N17=I17),AND(H17=0,I17=0,K17+N17<>0,K17+N17=SUM(AA17:AG17)),AND(H17=0,I17=0,J17+M17<>0,J17+M17=SUM(R17:Y17)),AND(H17=0,I17=0,M17=0,N17<>0,N17=J17),AND(H17=0,I17=0,M17<>0,N17=0,M17=K17)),"ok","??"))
A18: L12 | B18: =B17+1 -> 27 | L18: =L17+J18-K18 -> 0 | O18: =O17+M18-N18 -> 0 | P18: =L18+O18 -> 0 | Q18: L12 | Z18: =IF(H18+I18+J18+K18+M18+N18=0," ",IF(OR(AND(H18<>0,I18=0,J18+M18+SUM(AA18:AG18)=H18),AND(I18<>0,H18=0,K18+N18=I18),AND(H18=0,I18=0,K18+N18<>0,K18+N18=SUM(AA18:AG18)),AND(H18=0,I18=0,J18+M18<>0,J18+M18=SUM(R18:Y18)),AND(H18=0,I18=0,M18=0,N18<>0,N18=J18),AND(H18=0,I18=0,M18<>0,N18=0,M18=K18)),"ok","??"))
A19: L13 | B19: =B18+1 -> 28 | L19: =L18+J19-K19 -> 0 | O19: =O18+M19-N19 -> 0 | P19: =L19+O19 -> 0 | Q19: L13 | Z19: =IF(H19+I19+J19+K19+M19+N19=0," ",IF(OR(AND(H19<>0,I19=0,J19+M19+SUM(AA19:AG19)=H19),AND(I19<>0,H19=0,K19+N19=I19),AND(H19=0,I19=0,K19+N19<>0,K19+N19=SUM(AA19:AG19)),AND(H19=0,I19=0,J19+M19<>0,J19+M19=SUM(R19:Y19)),AND(H19=0,I19=0,M19=0,N19<>0,N19=J19),AND(H19=0,I19=0,M19<>0,N19=0,M19=K19)),"ok","??"))
... A21: L15 | B21: =B20+1 -> 30 | L21: =L20+J21-K21 -> 0 | O21: =O20+M21-N21 -> 0 | P21: =L21+O21 -> 0 | Q21: L15 | Z21: =IF(H21+I21+J21+K21+M21+N21=0," ",IF(OR(AND(H21<>0,I21=0,J21+M21+SUM(AA21:AG21)=H21),AND(I21<>0,H21=0,K21+N21=I21),AND(H21=0,I21=0,K21+N21<>0,K21+N21=SUM(AA21:AG21)),AND(H21=0,I21=0,J21+M21<>0,J21+M21=SUM(R21:Y21)),AND(H21=0,I21=0,M21=0,N21<>0,N21=J21),AND(H21=0,I21=0,M21<>0,N21=0,M21=K21)),"ok","??"))
B22: page 2-1 | F22: TOTAUX à reporter | H22: =SUM(H6:H21) -> 0 | I22: =SUM(I6:I21) -> 0 | J22: =SUM(J6:J21) -> 0 | K22: =SUM(K6:K21) -> 0 | L22: =L21 -> 0 | M22: =SUM(M6:M21) -> 0 | N22: =SUM(N6:N21) -> 0 | O22: =O21 -> 0 | P22: =SUM(L22+O22) -> 0 | R22: =SUM(R6:R21) -> 0 | S22: =SUM(S6:S21) -> 0 | T22: =SUM(T6:T21) -> 0 | U22: =SUM(U6:U21) -> 0 | V22: =SUM(V6:V21) -> 0 | W22: =SUM(W6:W21) -> 0 | X22: =SUM(X6:X21) -> 0 | Y22: =SUM(Y6:Y21) -> 0 | AA22: =SUM(AA6:AA21) -> 0 | AB22: =SUM(AB6:AB21) -> 0 | AC22: =SUM(AC6:AC21) -> 0 | AD22: =SUM(AD6:AD21) -> 0 | AE22: =SUM(AE6:AE21) -> 0 | AF22: =SUM(AF6:AF21) -> 0 | AG22: =SUM(AG6:AG21) -> 0
H24: (6) | I24: (5)
D25: ENTREES | E25: =SUM(J22+M22) -> 0 | H25: ="(1)" -> (1) | J25: SORTIES | M25: =SUM(K22+N22) -> 0 | P25: ="(2)" -> (2) | S25: PRODUITS | V25: =SUM(R22:Y22) -> 0 | X25: ="(3)" -> (3) | Y25: ="(3)" -> (3) | AB25: CHARGES | AE25: =SUM(AA22:AG22) -> 0 | AG25: ="(4)" -> (4)
D26: ='1'!D26+IF(G7<>0,J7,0)-IF(G7<>0,K7,0)+IF(G8<>0,J8,0)-IF(G8<>0,K8,0)+IF(G9<>0,J9,0)-IF(G9<>0,K9,0)+IF(G10<>0,J10,0)-IF(G10<>0,K10,0)+IF(G11<>0,J11,0)-IF(G11<>0,K11,0)+IF(G12<>0,J12,0)-IF(G12<>0,K12,0)+IF(G13<>0,J13,0)-IF(G13<>0,K13,0)+IF(G14<>0,J14,0)-IF(G14<>0,K14,0)+IF(G15<>0,J15,0)-IF(G15<>0,K15,0)+IF(G16<>0,J16,0)-IF(G16<>0,K16,0)+IF(G17<>0,J17,0)-IF(G17<>0,K17,0)+IF(G18<>0,J18,0)-IF(G18<>0,K18,0)+IF(G19<>0,J19,0)-IF(G19<>0,K19,0)+IF(G20<>0,J20,0)-IF(G20<>0,K20,0)+IF(G21<>0,J21,0)-IF(G21<>0,K21,0) -> 0 | E26: (somme de c6, c8 et c11) | M26: (somme de c7 c9 et c12) | V26: (somme de c15 à c22) | AE26: (somme de c23 à c29)
B27: page 2-1 | D27: Solde réel du compte bancaire : | E27: ='16>'!E27 -> 0 | H27: Vérif : | K27: ="(1)-(2)+(5)" -> (1)-(2)+(5) | L27: =E25-M25+I22 -> 0 | N27: =V25-AE25+H22 -> 0 | P27: ="(3)-(4)+(6)" -> (3)-(4)+(6) | AG27: page 2-2

Sheet 3
B2: N° PJ | C2: Date | D2: Nature de l'action pédagogique | E2: Pointage Chèque | G2: Pointage CCA | H2: Régie d'avance | J2: Compte Crédit Agricole | M2: Caisse (espèces) | P2: SITUATION GENERALE c10 + c13 | R2: 7070 | S2: 7080 | T2: 7410 | U2: 7551 | V2: 75511 | W2: 7562 | X2: 7700 | Y2: 7700 | AA2: 6070 | AB2: 61681 | AC2: 6181 | AD2: 6270 | AE2: 6586 | AF2: 6700 | AG2: 6800
R3: Ventes de produits pour cession | S3: Produits activités éducatives | T3: Subventions reçues | U3: Contributions financières Plateforme participative | V3: Contributions financières d'autres organismes | W3: Participation volontaire des familles | X3: Produits exceptionnels | Y3: Produits exceptionnels | Z3: Validité | AA3: Achats de produits pour cession | AB3: Assurances versées | AC3: Charges des activités éducatives | AD3: Services bancaires et assimilés | AE3: Cotisations versées à l'OCCE | AF3: Charges exceptionnelles | AG3: Achats de biens durables
B4: =CONCATENATE("Année scolaire : ",Garde!C11) -> Année scolaire : 2026-2027 | E4: N° chèque | G4: N° du relevé de CCA | H4: RETOUR cahier de classe Rappel du montant versé | I4: DEPART Versé à la coop. de classe | J4: Entrées | K4: Sorties | L4: Situation | M4: Entrées | N4: Sorties | O4: Situation | R4: Tout ce que vous vendez sans l'avoir fabriqué et qui a été payé au compte 6070 | S4: Recettes résultant des activités pédagogiques de la coopérative | T4: Etat, Collectivités locales, Etabl. Publics | U4: Produits provenant d'activités non éducatives | V4: Aides reçues des APE, autres associations, organismes privés | W4: Cotisations perçues pour l'OCCE dans la cadre de la participation volontaire des familles | X4: Evènement imprévu et non récurrent | Y4: Dons, actions de solidarité | AA4: Achats d'objets pour les revendre | AB4: Assurance MAE-MAIF de la coopérative et des coopérateurs | AC4: Dépenses résultant des activités pédagogiques de la coopérative | AD4: Frais bancaires | AE4: Exclusivement les cotisations versées à l'OCCE 89 Sans les assurances ! | AF4: Evènement imprévu et non récurrent | AG4: Matériel (durée de vie>1 an) pour les activités éducatives en lien avec la coopération
B5: c1 | C5: c2 | D5: c3 | E5: c4 | G5: c5 | H5: c6 | I5: c7 | J5: c8 | K5: c9 | L5: c10 | M5: c11 | N5: c12 | O5: c13 | P5: c14 | R5: c15 | S5: c16 | T5: c17 | U5: c18 | V5: c19 | W5: c20 | X5: c21 | Y5: c22 | AA5: c23 | AB5: c24 | AC5: c25 | AD5: c26 | AE5: c27 | AF5: c28 | AG5: c29
D6: Report | H6: ='2'!H22 -> 0 | I6: ='2'!I22 -> 0 | J6: ='2'!J22 -> 0 | K6: ='2'!K22 -> 0 | L6: ='2'!L22 -> 0 | M6: ='2'!M22 -> 0 | N6: ='2'!N22 -> 0 | O6: ='2'!O22 -> 0 | P6: =SUM(L6+O6) -> 0 | R6: ='2'!R22 -> 0 | S6: ='2'!S22 -> 0 | T6: ='2'!T22 -> 0 | U6: ='2'!U22 -> 0 | V6: ='2'!V22 -> 0 | W6: ='2'!W22 -> 0 | X6: ='2'!X22 -> 0 | Y6: ='2'!Y22 -> 0 | AA6: ='2'!AA22 -> 0 | AB6: ='2'!AB22 -> 0 | AC6: ='2'!AC22 -> 0 | AD6: ='2'!AD22 -> 0 | AE6: ='2'!AE22 -> 0 | AF6: ='2'!AF22 -> 0 | AG6: ='2'!AG22 -> 0
A7: L1 | B7: ='2'!B21+1 -> 31 | L7: =L6+J7-K7 -> 0 | O7: =O6+M7-N7 -> 0 | P7: =L7+O7 -> 0 | Q7: L1 | Z7: =IF(H7+I7+J7+K7+M7+N7=0," ",IF(OR(AND(H7<>0,I7=0,J7+M7+SUM(AA7:AG7)=H7),AND(I7<>0,H7=0,K7+N7=I7),AND(H7=0,I7=0,K7+N7<>0,K7+N7=SUM(AA7:AG7)),AND(H7=0,I7=0,J7+M7<>0,J7+M7=SUM(R7:Y7)),AND(H7=0,I7=0,M7=0,N7<>0,N7=J7),AND(H7=0,I7=0,M7<>0,N7=0,M7=K7)),"ok","??"))
A8: L2 | B8: =B7+1 -> 32 | L8: =L7+J8-K8 -> 0 | O8: =O7+M8-N8 -> 0 | P8: =L8+O8 -> 0 | Q8: L2 | Z8: =IF(H8+I8+J8+K8+M8+N8=0," ",IF(OR(AND(H8<>0,I8=0,J8+M8+SUM(AA8:AG8)=H8),AND(I8<>0,H8=0,K8+N8=I8),AND(H8=0,I8=0,K8+N8<>0,K8+N8=SUM(AA8:AG8)),AND(H8=0,I8=0,J8+M8<>0,J8+M8=SUM(R8:Y8)),AND(H8=0,I8=0,M8=0,N8<>0,N8=J8),AND(H8=0,I8=0,M8<>0,N8=0,M8=K8)),"ok","??"))
A9: L3 | B9: =B8+1 -> 33 | L9: =L8+J9-K9 -> 0 | O9: =O8+M9-N9 -> 0 | P9: =L9+O9 -> 0 | Q9: L3 | Z9: =IF(H9+I9+J9+K9+M9+N9=0," ",IF(OR(AND(H9<>0,I9=0,J9+M9+SUM(AA9:AG9)=H9),AND(I9<>0,H9=0,K9+N9=I9),AND(H9=0,I9=0,K9+N9<>0,K9+N9=SUM(AA9:AG9)),AND(H9=0,I9=0,J9+M9<>0,J9+M9=SUM(R9:Y9)),AND(H9=0,I9=0,M9=0,N9<>0,N9=J9),AND(H9=0,I9=0,M9<>0,N9=0,M9=K9)),"ok","??"))
A10: L4 | B10: =B9+1 -> 34 | L10: =L9+J10-K10 -> 0 | O10: =O9+M10-N10 -> 0 | P10: =L10+O10 -> 0 | Q10: L4 | Z10: =IF(H10+I10+J10+K10+M10+N10=0," ",IF(OR(AND(H10<>0,I10=0,J10+M10+SUM(AA10:AG10)=H10),AND(I10<>0,H10=0,K10+N10=I10),AND(H10=0,I10=0,K10+N10<>0,K10+N10=SUM(AA10:AG10)),AND(H10=0,I10=0,J10+M10<>0,J10+M10=SUM(R10:Y10)),AND(H10=0,I10=0,M10=0,N10<>0,N10=J10),AND(H10=0,I10=0,M10<>0,N10=0,M10=K10)),"ok","??"))
A11: L5 | B11: =B10+1 -> 35 | L11: =L10+J11-K11 -> 0 | O11: =O10+M11-N11 -> 0 | P11: =L11+O11 -> 0 | Q11: L5 | Z11: =IF(H11+I11+J11+K11+M11+N11=0," ",IF(OR(AND(H11<>0,I11=0,J11+M11+SUM(AA11:AG11)=H11),AND(I11<>0,H11=0,K11+N11=I11),AND(H11=0,I11=0,K11+N11<>0,K11+N11=SUM(AA11:AG11)),AND(H11=0,I11=0,J11+M11<>0,J11+M11=SUM(R11:Y11)),AND(H11=0,I11=0,M11=0,N11<>0,N11=J11),AND(H11=0,I11=0,M11<>0,N11=0,M11=K11)),"ok","??"))
A12: L6 | B12: =B11+1 -> 36 | L12: =L11+J12-K12 -> 0 | O12: =O11+M12-N12 -> 0 | P12: =L12+O12 -> 0 | Q12: L6 | Z12: =IF(H12+I12+J12+K12+M12+N12=0," ",IF(OR(AND(H12<>0,I12=0,J12+M12+SUM(AA12:AG12)=H12),AND(I12<>0,H12=0,K12+N12=I12),AND(H12=0,I12=0,K12+N12<>0,K12+N12=SUM(AA12:AG12)),AND(H12=0,I12=0,J12+M12<>0,J12+M12=SUM(R12:Y12)),AND(H12=0,I12=0,M12=0,N12<>0,N12=J12),AND(H12=0,I12=0,M12<>0,N12=0,M12=K12)),"ok","??"))
A13: L7 | B13: =B12+1 -> 37 | L13: =L12+J13-K13 -> 0 | O13: =O12+M13-N13 -> 0 | P13: =L13+O13 -> 0 | Q13: L7 | Z13: =IF(H13+I13+J13+K13+M13+N13=0," ",IF(OR(AND(H13<>0,I13=0,J13+M13+SUM(AA13:AG13)=H13),AND(I13<>0,H13=0,K13+N13=I13),AND(H13=0,I13=0,K13+N13<>0,K13+N13=SUM(AA13:AG13)),AND(H13=0,I13=0,J13+M13<>0,J13+M13=SUM(R13:Y13)),AND(H13=0,I13=0,M13=0,N13<>0,N13=J13),AND(H13=0,I13=0,M13<>0,N13=0,M13=K13)),"ok","??"))
A14: L8 | B14: =B13+1 -> 38 | L14: =L13+J14-K14 -> 0 | O14: =O13+M14-N14 -> 0 | P14: =L14+O14 -> 0 | Q14: L8 | Z14: =IF(H14+I14+J14+K14+M14+N14=0," ",IF(OR(AND(H14<>0,I14=0,J14+M14+SUM(AA14:AG14)=H14),AND(I14<>0,H14=0,K14+N14=I14),AND(H14=0,I14=0,K14+N14<>0,K14+N14=SUM(AA14:AG14)),AND(H14=0,I14=0,J14+M14<>0,J14+M14=SUM(R14:Y14)),AND(H14=0,I14=0,M14=0,N14<>0,N14=J14),AND(H14=0,I14=0,M14<>0,N14=0,M14=K14)),"ok","??"))
A15: L9 | B15: =B14+1 -> 39 | L15: =L14+J15-K15 -> 0 | O15: =O14+M15-N15 -> 0 | P15: =L15+O15 -> 0 | Q15: L9 | Z15: =IF(H15+I15+J15+K15+M15+N15=0," ",IF(OR(AND(H15<>0,I15=0,J15+M15+SUM(AA15:AG15)=H15),AND(I15<>0,H15=0,K15+N15=I15),AND(H15=0,I15=0,K15+N15<>0,K15+N15=SUM(AA15:AG15)),AND(H15=0,I15=0,J15+M15<>0,J15+M15=SUM(R15:Y15)),AND(H15=0,I15=0,M15=0,N15<>0,N15=J15),AND(H15=0,I15=0,M15<>0,N15=0,M15=K15)),"ok","??"))
A16: L10 | B16: =B15+1 -> 40 | L16: =L15+J16-K16 -> 0 | O16: =O15+M16-N16 -> 0 | P16: =L16+O16 -> 0 | Q16: L10 | Z16: =IF(H16+I16+J16+K16+M16+N16=0," ",IF(OR(AND(H16<>0,I16=0,J16+M16+SUM(AA16:AG16)=H16),AND(I16<>0,H16=0,K16+N16=I16),AND(H16=0,I16=0,K16+N16<>0,K16+N16=SUM(AA16:AG16)),AND(H16=0,I16=0,J16+M16<>0,J16+M16=SUM(R16:Y16)),AND(H16=0,I16=0,M16=0,N16<>0,N16=J16),AND(H16=0,I16=0,M16<>0,N16=0,M16=K16)),"ok","??"))
A17: L11 | B17: =B16+1 -> 41 | L17: =L16+J17-K17 -> 0 | O17: =O16+M17-N17 -> 0 | P17: =L17+O17 -> 0 | Q17: L11 | Z17: =IF(H17+I17+J17+K17+M17+N17=0," ",IF(OR(AND(H17<>0,I17=0,J17+M17+SUM(AA17:AG17)=H17),AND(I17<>0,H17=0,K17+N17=I17),AND(H17=0,I17=0,K17+N17<>0,K17+N17=SUM(AA17:AG17)),AND(H17=0,I17=0,J17+M17<>0,J17+M17=SUM(R17:Y17)),AND(H17=0,I17=0,M17=0,N17<>0,N17=J17),AND(H17=0,I17=0,M17<>0,N17=0,M17=K17)),"ok","??"))
A18: L12 | B18: =B17+1 -> 42 | L18: =L17+J18-K18 -> 0 | O18: =O17+M18-N18 -> 0 | P18: =L18+O18 -> 0 | Q18: L12 | Z18: =IF(H18+I18+J18+K18+M18+N18=0," ",IF(OR(AND(H18<>0,I18=0,J18+M18+SUM(AA18:AG18)=H18),AND(I18<>0,H18=0,K18+N18=I18),AND(H18=0,I18=0,K18+N18<>0,K18+N18=SUM(AA18:AG18)),AND(H18=0,I18=0,J18+M18<>0,J18+M18=SUM(R18:Y18)),AND(H18=0,I18=0,M18=0,N18<>0,N18=J18),AND(H18=0,I18=0,M18<>0,N18=0,M18=K18)),"ok","??"))
A19: L13 | B19: =B18+1 -> 43 | L19: =L18+J19-K19 -> 0 | O19: =O18+M19-N19 -> 0 | P19: =L19+O19 -> 0 | Q19: L13 | Z19: =IF(H19+I19+J19+K19+M19+N19=0," ",IF(OR(AND(H19<>0,I19=0,J19+M19+SUM(AA19:AG19)=H19),AND(I19<>0,H19=0,K19+N19=I19),AND(H19=0,I19=0,K19+N19<>0,K19+N19=SUM(AA19:AG19)),AND(H19=0,I19=0,J19+M19<>0,J19+M19=SUM(R19:Y19)),AND(H19=0,I19=0,M19=0,N19<>0,N19=J19),AND(H19=0,I19=0,M19<>0,N19=0,M19=K19)),"ok","??"))
... A21: L15 | B21: =B20+1 -> 45 | L21: =L20+J21-K21 -> 0 | O21: =O20+M21-N21 -> 0 | P21: =L21+O21 -> 0 | Q21: L15 | Z21: =IF(H21+I21+J21+K21+M21+N21=0," ",IF(OR(AND(H21<>0,I21=0,J21+M21+SUM(AA21:AG21)=H21),AND(I21<>0,H21=0,K21+N21=I21),AND(H21=0,I21=0,K21+N21<>0,K21+N21=SUM(AA21:AG21)),AND(H21=0,I21=0,J21+M21<>0,J21+M21=SUM(R21:Y21)),AND(H21=0,I21=0,M21=0,N21<>0,N21=J21),AND(H21=0,I21=0,M21<>0,N21=0,M21=K21)),"ok","??"))
B22: page 3-1 | F22: TOTAUX à reporter | H22: =SUM(H6:H21) -> 0 | I22: =SUM(I6:I21) -> 0 | J22: =SUM(J6:J21) -> 0 | K22: =SUM(K6:K21) -> 0 | L22: =L21 -> 0 | M22: =SUM(M6:M21) -> 0 | N22: =SUM(N6:N21) -> 0 | O22: =O21 -> 0 | P22: =SUM(L22+O22) -> 0 | R22: =SUM(R6:R21) -> 0 | S22: =SUM(S6:S21) -> 0 | T22: =SUM(T6:T21) -> 0 | U22: =SUM(U6:U21) -> 0 | V22: =SUM(V6:V21) -> 0 | W22: =SUM(W6:W21) -> 0 | X22: =SUM(X6:X21) -> 0 | Y22: =SUM(Y6:Y21) -> 0 | AA22: =SUM(AA6:AA21) -> 0 | AB22: =SUM(AB6:AB21) -> 0 | AC22: =SUM(AC6:AC21) -> 0 | AD22: =SUM(AD6:AD21) -> 0 | AE22: =SUM(AE6:AE21) -> 0 | AF22: =SUM(AF6:AF21) -> 0 | AG22: =SUM(AG6:AG21) -> 0
H24: (6) | I24: (5)
D25: ENTREES | E25: =SUM(J22+M22) -> 0 | H25: ="(1)" -> (1) | J25: SORTIES | M25: =SUM(K22+N22) -> 0 | P25: ="(2)" -> (2) | S25: PRODUITS | V25: =SUM(R22:Y22) -> 0 | X25: ="(3)" -> (3) | Y25: ="(3)" -> (3) | AB25: CHARGES | AE25: =SUM(AA22:AG22) -> 0 | AG25: ="(4)" -> (4)
D26: ='2'!D26+IF(G7<>0,J7,0)-IF(G7<>0,K7,0)+IF(G8<>0,J8,0)-IF(G8<>0,K8,0)+IF(G9<>0,J9,0)-IF(G9<>0,K9,0)+IF(G10<>0,J10,0)-IF(G10<>0,K10,0)+IF(G11<>0,J11,0)-IF(G11<>0,K11,0)+IF(G12<>0,J12,0)-IF(G12<>0,K12,0)+IF(G13<>0,J13,0)-IF(G13<>0,K13,0)+IF(G14<>0,J14,0)-IF(G14<>0,K14,0)+IF(G15<>0,J15,0)-IF(G15<>0,K15,0)+IF(G16<>0,J16,0)-IF(G16<>0,K16,0)+IF(G17<>0,J17,0)-IF(G17<>0,K17,0)+IF(G18<>0,J18,0)-IF(G18<>0,K18,0)+IF(G19<>0,J19,0)-IF(G19<>0,K19,0)+IF(G20<>0,J20,0)-IF(G20<>0,K20,0)+IF(G21<>0,J21,0)-IF(G21<>0,K21,0) -> 0 | E26: (somme de c6, c8 et c11) | M26: (somme de c7 c9 et c12) | V26: (somme de c15 à c22) | AE26: (somme de c23 à c29)
B27: page 3-1 | D27: Solde réel du compte bancaire : | E27: ='16>'!E27 -> 0 | H27: Vérif : | K27: ="(1)-(2)+(5)" -> (1)-(2)+(5) | L27: =E25-M25+I22 -> 0 | N27: =V25-AE25+H22 -> 0 | P27: ="(3)-(4)+(6)" -> (3)-(4)+(6) | AG27: page 3-2

Sheet 4
B2: N° PJ | C2: Date | D2: Nature de l'action pédagogique | E2: Pointage Chèque | G2: Pointage CCA | H2: Régie d'avance | J2: Compte Crédit Agricole | M2: Caisse (espèces) | P2: SITUATION GENERALE c10 + c13 | R2: 7070 | S2: 7080 | T2: 7410 | U2: 7551 | V2: 75511 | W2: 7562 | X2: 7700 | Y2: 7700 | AA2: 6070 | AB2: 61681 | AC2: 6181 | AD2: 6270 | AE2: 6586 | AF2: 6700 | AG2: 6800
R3: Ventes de produits pour cession | S3: Produits activités éducatives | T3: Subventions reçues | U3: Contributions financières Plateforme participative | V3: Contributions financières d'autres organismes | W3: Participation volontaire des familles | X3: Produits exceptionnels | Y3: Produits exceptionnels | Z3: Validité | AA3: Achats de produits pour cession | AB3: Assurances versées | AC3: Charges des activités éducatives | AD3: Services bancaires et assimilés | AE3: Cotisations versées à l'OCCE | AF3: Charges exceptionnelles | AG3: Achats de biens durables
B4: =CONCATENATE("Année scolaire : ",Garde!C11) -> Année scolaire : 2026-2027 | E4: N° chèque | G4: N° du relevé de CCA | H4: RETOUR cahier de classe Rappel du montant versé | I4: DEPART Versé à la coop. de classe | J4: Entrées | K4: Sorties | L4: Situation | M4: Entrées | N4: Sorties | O4: Situation | R4: Tout ce que vous vendez sans l'avoir fabriqué et qui a été payé au compte 6070 | S4: Recettes résultant des activités pédagogiques de la coopérative | T4: Etat, Collectivités locales, Etabl. Publics | U4: Produits provenant d'activités non éducatives | V4: Aides reçues des APE, autres associations, organismes privés | W4: Cotisations perçues pour l'OCCE dans la cadre de la participation volontaire des familles | X4: Evènement imprévu et non récurrent | Y4: Dons, actions de solidarité | AA4: Achats d'objets pour les revendre | AB4: Assurance MAE-MAIF de la coopérative et des coopérateurs | AC4: Dépenses résultant des activités pédagogiques de la coopérative | AD4: Frais bancaires | AE4: Exclusivement les cotisations versées à l'OCCE 89 Sans les assurances ! | AF4: Evènement imprévu et non récurrent | AG4: Matériel (durée de vie>1 an) pour les activités éducatives en lien avec la coopération
B5: c1 | C5: c2 | D5: c3 | E5: c4 | G5: c5 | H5: c6 | I5: c7 | J5: c8 | K5: c9 | L5: c10 | M5: c11 | N5: c12 | O5: c13 | P5: c14 | R5: c15 | S5: c16 | T5: c17 | U5: c18 | V5: c19 | W5: c20 | X5: c21 | Y5: c22 | AA5: c23 | AB5: c24 | AC5: c25 | AD5: c26 | AE5: c27 | AF5: c28 | AG5: c29
D6: Report | H6: ='3'!H22 -> 0 | I6: ='3'!I22 -> 0 | J6: ='3'!J22 -> 0 | K6: ='3'!K22 -> 0 | L6: ='3'!L22 -> 0 | M6: ='3'!M22 -> 0 | N6: ='3'!N22 -> 0 | O6: ='3'!O22 -> 0 | P6: =SUM(L6+O6) -> 0 | R6: ='3'!R22 -> 0 | S6: ='3'!S22 -> 0 | T6: ='3'!T22 -> 0 | U6: ='3'!U22 -> 0 | V6: ='3'!V22 -> 0 | W6: ='3'!W22 -> 0 | X6: ='3'!X22 -> 0 | Y6: ='3'!Y22 -> 0 | AA6: ='3'!AA22 -> 0 | AB6: ='3'!AB22 -> 0 | AC6: ='3'!AC22 -> 0 | AD6: ='3'!AD22 -> 0 | AE6: ='3'!AE22 -> 0 | AF6: ='3'!AF22 -> 0 | AG6: ='3'!AG22 -> 0
A7: L1 | B7: ='3'!B21+1 -> 46 | L7: =L6+J7-K7 -> 0 | O7: =O6+M7-N7 -> 0 | P7: =L7+O7 -> 0 | Q7: L1 | Z7: =IF(H7+I7+J7+K7+M7+N7=0," ",IF(OR(AND(H7<>0,I7=0,J7+M7+SUM(AA7:AG7)=H7),AND(I7<>0,H7=0,K7+N7=I7),AND(H7=0,I7=0,K7+N7<>0,K7+N7=SUM(AA7:AG7)),AND(H7=0,I7=0,J7+M7<>0,J7+M7=SUM(R7:Y7)),AND(H7=0,I7=0,M7=0,N7<>0,N7=J7),AND(H7=0,I7=0,M7<>0,N7=0,M7=K7)),"ok","??"))
A8: L2 | B8: =B7+1 -> 47 | L8: =L7+J8-K8 -> 0 | O8: =O7+M8-N8 -> 0 | P8: =L8+O8 -> 0 | Q8: L2 | Z8: =IF(H8+I8+J8+K8+M8+N8=0," ",IF(OR(AND(H8<>0,I8=0,J8+M8+SUM(AA8:AG8)=H8),AND(I8<>0,H8=0,K8+N8=I8),AND(H8=0,I8=0,K8+N8<>0,K8+N8=SUM(AA8:AG8)),AND(H8=0,I8=0,J8+M8<>0,J8+M8=SUM(R8:Y8)),AND(H8=0,I8=0,M8=0,N8<>0,N8=J8),AND(H8=0,I8=0,M8<>0,N8=0,M8=K8)),"ok","??"))
A9: L3 | B9: =B8+1 -> 48 | L9: =L8+J9-K9 -> 0 | O9: =O8+M9-N9 -> 0 | P9: =L9+O9 -> 0 | Q9: L3 | Z9: =IF(H9+I9+J9+K9+M9+N9=0," ",IF(OR(AND(H9<>0,I9=0,J9+M9+SUM(AA9:AG9)=H9),AND(I9<>0,H9=0,K9+N9=I9),AND(H9=0,I9=0,K9+N9<>0,K9+N9=SUM(AA9:AG9)),AND(H9=0,I9=0,J9+M9<>0,J9+M9=SUM(R9:Y9)),AND(H9=0,I9=0,M9=0,N9<>0,N9=J9),AND(H9=0,I9=0,M9<>0,N9=0,M9=K9)),"ok","??"))
A10: L4 | B10: =B9+1 -> 49 | L10: =L9+J10-K10 -> 0 | O10: =O9+M10-N10 -> 0 | P10: =L10+O10 -> 0 | Q10: L4 | Z10: =IF(H10+I10+J10+K10+M10+N10=0," ",IF(OR(AND(H10<>0,I10=0,J10+M10+SUM(AA10:AG10)=H10),AND(I10<>0,H10=0,K10+N10=I10),AND(H10=0,I10=0,K10+N10<>0,K10+N10=SUM(AA10:AG10)),AND(H10=0,I10=0,J10+M10<>0,J10+M10=SUM(R10:Y10)),AND(H10=0,I10=0,M10=0,N10<>0,N10=J10),AND(H10=0,I10=0,M10<>0,N10=0,M10=K10)),"ok","??"))
A11: L5 | B11: =B10+1 -> 50 | L11: =L10+J11-K11 -> 0 | O11: =O10+M11-N11 -> 0 | P11: =L11+O11 -> 0 | Q11: L5 | Z11: =IF(H11+I11+J11+K11+M11+N11=0," ",IF(OR(AND(H11<>0,I11=0,J11+M11+SUM(AA11:AG11)=H11),AND(I11<>0,H11=0,K11+N11=I11),AND(H11=0,I11=0,K11+N11<>0,K11+N11=SUM(AA11:AG11)),AND(H11=0,I11=0,J11+M11<>0,J11+M11=SUM(R11:Y11)),AND(H11=0,I11=0,M11=0,N11<>0,N11=J11),AND(H11=0,I11=0,M11<>0,N11=0,M11=K11)),"ok","??"))
A12: L6 | B12: =B11+1 -> 51 | L12: =L11+J12-K12 -> 0 | O12: =O11+M12-N12 -> 0 | P12: =L12+O12 -> 0 | Q12: L6 | Z12: =IF(H12+I12+J12+K12+M12+N12=0," ",IF(OR(AND(H12<>0,I12=0,J12+M12+SUM(AA12:AG12)=H12),AND(I12<>0,H12=0,K12+N12=I12),AND(H12=0,I12=0,K12+N12<>0,K12+N12=SUM(AA12:AG12)),AND(H12=0,I12=0,J12+M12<>0,J12+M12=SUM(R12:Y12)),AND(H12=0,I12=0,M12=0,N12<>0,N12=J12),AND(H12=0,I12=0,M12<>0,N12=0,M12=K12)),"ok","??"))
A13: L7 | B13: =B12+1 -> 52 | L13: =L12+J13-K13 -> 0 | O13: =O12+M13-N13 -> 0 | P13: =L13+O13 -> 0 | Q13: L7 | Z13: =IF(H13+I13+J13+K13+M13+N13=0," ",IF(OR(AND(H13<>0,I13=0,J13+M13+SUM(AA13:AG13)=H13),AND(I13<>0,H13=0,K13+N13=I13),AND(H13=0,I13=0,K13+N13<>0,K13+N13=SUM(AA13:AG13)),AND(H13=0,I13=0,J13+M13<>0,J13+M13=SUM(R13:Y13)),AND(H13=0,I13=0,M13=0,N13<>0,N13=J13),AND(H13=0,I13=0,M13<>0,N13=0,M13=K13)),"ok","??"))
A14: L8 | B14: =B13+1 -> 53 | L14: =L13+J14-K14 -> 0 | O14: =O13+M14-N14 -> 0 | P14: =L14+O14 -> 0 | Q14: L8 | Z14: =IF(H14+I14+J14+K14+M14+N14=0," ",IF(OR(AND(H14<>0,I14=0,J14+M14+SUM(AA14:AG14)=H14),AND(I14<>0,H14=0,K14+N14=I14),AND(H14=0,I14=0,K14+N14<>0,K14+N14=SUM(AA14:AG14)),AND(H14=0,I14=0,J14+M14<>0,J14+M14=SUM(R14:Y14)),AND(H14=0,I14=0,M14=0,N14<>0,N14=J14),AND(H14=0,I14=0,M14<>0,N14=0,M14=K14)),"ok","??"))
A15: L9 | B15: =B14+1 -> 54 | L15: =L14+J15-K15 -> 0 | O15: =O14+M15-N15 -> 0 | P15: =L15+O15 -> 0 | Q15: L9 | Z15: =IF(H15+I15+J15+K15+M15+N15=0," ",IF(OR(AND(H15<>0,I15=0,J15+M15+SUM(AA15:AG15)=H15),AND(I15<>0,H15=0,K15+N15=I15),AND(H15=0,I15=0,K15+N15<>0,K15+N15=SUM(AA15:AG15)),AND(H15=0,I15=0,J15+M15<>0,J15+M15=SUM(R15:Y15)),AND(H15=0,I15=0,M15=0,N15<>0,N15=J15),AND(H15=0,I15=0,M15<>0,N15=0,M15=K15)),"ok","??"))
A16: L10 | B16: =B15+1 -> 55 | L16: =L15+J16-K16 -> 0 | O16: =O15+M16-N16 -> 0 | P16: =L16+O16 -> 0 | Q16: L10 | Z16: =IF(H16+I16+J16+K16+M16+N16=0," ",IF(OR(AND(H16<>0,I16=0,J16+M16+SUM(AA16:AG16)=H16),AND(I16<>0,H16=0,K16+N16=I16),AND(H16=0,I16=0,K16+N16<>0,K16+N16=SUM(AA16:AG16)),AND(H16=0,I16=0,J16+M16<>0,J16+M16=SUM(R16:Y16)),AND(H16=0,I16=0,M16=0,N16<>0,N16=J16),AND(H16=0,I16=0,M16<>0,N16=0,M16=K16)),"ok","??"))
A17: L11 | B17: =B16+1 -> 56 | L17: =L16+J17-K17 -> 0 | O17: =O16+M17-N17 -> 0 | P17: =L17+O17 -> 0 | Q17: L11 | Z17: =IF(H17+I17+J17+K17+M17+N17=0," ",IF(OR(AND(H17<>0,I17=0,J17+M17+SUM(AA17:AG17)=H17),AND(I17<>0,H17=0,K17+N17=I17),AND(H17=0,I17=0,K17+N17<>0,K17+N17=SUM(AA17:AG17)),AND(H17=0,I17=0,J17+M17<>0,J17+M17=SUM(R17:Y17)),AND(H17=0,I17=0,M17=0,N17<>0,N17=J17),AND(H17=0,I17=0,M17<>0,N17=0,M17=K17)),"ok","??"))
A18: L12 | B18: =B17+1 -> 57 | L18: =L17+J18-K18 -> 0 | O18: =O17+M18-N18 -> 0 | P18: =L18+O18 -> 0 | Q18: L12 | Z18: =IF(H18+I18+J18+K18+M18+N18=0," ",IF(OR(AND(H18<>0,I18=0,J18+M18+SUM(AA18:AG18)=H18),AND(I18<>0,H18=0,K18+N18=I18),AND(H18=0,I18=0,K18+N18<>0,K18+N18=SUM(AA18:AG18)),AND(H18=0,I18=0,J18+M18<>0,J18+M18=SUM(R18:Y18)),AND(H18=0,I18=0,M18=0,N18<>0,N18=J18),AND(H18=0,I18=0,M18<>0,N18=0,M18=K18)),"ok","??"))
A19: L13 | B19: =B18+1 -> 58 | L19: =L18+J19-K19 -> 0 | O19: =O18+M19-N19 -> 0 | P19: =L19+O19 -> 0 | Q19: L13 | Z19: =IF(H19+I19+J19+K19+M19+N19=0," ",IF(OR(AND(H19<>0,I19=0,J19+M19+SUM(AA19:AG19)=H19),AND(I19<>0,H19=0,K19+N19=I19),AND(H19=0,I19=0,K19+N19<>0,K19+N19=SUM(AA19:AG19)),AND(H19=0,I19=0,J19+M19<>0,J19+M19=SUM(R19:Y19)),AND(H19=0,I19=0,M19=0,N19<>0,N19=J19),AND(H19=0,I19=0,M19<>0,N19=0,M19=K19)),"ok","??"))
... A21: L15 | B21: =B20+1 -> 60 | L21: =L20+J21-K21 -> 0 | O21: =O20+M21-N21 -> 0 | P21: =L21+O21 -> 0 | Q21: L15 | Z21: =IF(H21+I21+J21+K21+M21+N21=0," ",IF(OR(AND(H21<>0,I21=0,J21+M21+SUM(AA21:AG21)=H21),AND(I21<>0,H21=0,K21+N21=I21),AND(H21=0,I21=0,K21+N21<>0,K21+N21=SUM(AA21:AG21)),AND(H21=0,I21=0,J21+M21<>0,J21+M21=SUM(R21:Y21)),AND(H21=0,I21=0,M21=0,N21<>0,N21=J21),AND(H21=0,I21=0,M21<>0,N21=0,M21=K21)),"ok","??"))
B22: page 4-1 | F22: TOTAUX à reporter | H22: =SUM(H6:H21) -> 0 | I22: =SUM(I6:I21) -> 0 | J22: =SUM(J6:J21) -> 0 | K22: =SUM(K6:K21) -> 0 | L22: =L21 -> 0 | M22: =SUM(M6:M21) -> 0 | N22: =SUM(N6:N21) -> 0 | O22: =O21 -> 0 | P22: =SUM(L22+O22) -> 0 | R22: =SUM(R6:R21) -> 0 | S22: =SUM(S6:S21) -> 0 | T22: =SUM(T6:T21) -> 0 | U22: =SUM(U6:U21) -> 0 | V22: =SUM(V6:V21) -> 0 | W22: =SUM(W6:W21) -> 0 | X22: =SUM(X6:X21) -> 0 | Y22: =SUM(Y6:Y21) -> 0 | AA22: =SUM(AA6:AA21) -> 0 | AB22: =SUM(AB6:AB21) -> 0 | AC22: =SUM(AC6:AC21) -> 0 | AD22: =SUM(AD6:AD21) -> 0 | AE22: =SUM(AE6:AE21) -> 0 | AF22: =SUM(AF6:AF21) -> 0 | AG22: =SUM(AG6:AG21) -> 0
H24: (6) | I24: (5)
D25: ENTREES | E25: =SUM(J22+M22) -> 0 | H25: ="(1)" -> (1) | J25: SORTIES | M25: =SUM(K22+N22) -> 0 | P25: ="(2)" -> (2) | S25: PRODUITS | V25: =SUM(R22:Y22) -> 0 | X25: ="(3)" -> (3) | Y25: ="(3)" -> (3) | AB25: CHARGES | AE25: =SUM(AA22:AG22) -> 0 | AG25: ="(4)" -> (4)
D26: ='3'!D26+IF(G7<>0,J7,0)-IF(G7<>0,K7,0)+IF(G8<>0,J8,0)-IF(G8<>0,K8,0)+IF(G9<>0,J9,0)-IF(G9<>0,K9,0)+IF(G10<>0,J10,0)-IF(G10<>0,K10,0)+IF(G11<>0,J11,0)-IF(G11<>0,K11,0)+IF(G12<>0,J12,0)-IF(G12<>0,K12,0)+IF(G13<>0,J13,0)-IF(G13<>0,K13,0)+IF(G14<>0,J14,0)-IF(G14<>0,K14,0)+IF(G15<>0,J15,0)-IF(G15<>0,K15,0)+IF(G16<>0,J16,0)-IF(G16<>0,K16,0)+IF(G17<>0,J17,0)-IF(G17<>0,K17,0)+IF(G18<>0,J18,0)-IF(G18<>0,K18,0)+IF(G19<>0,J19,0)-IF(G19<>0,K19,0)+IF(G20<>0,J20,0)-IF(G20<>0,K20,0)+IF(G21<>0,J21,0)-IF(G21<>0,K21,0) -> 0 | E26: (somme de c6, c8 et c11) | M26: (somme de c7 c9 et c12) | V26: (somme de c15 à c22) | AE26: (somme de c23 à c29)
B27: page 4-1 | D27: Solde réel du compte bancaire : | E27: ='16>'!E27 -> 0 | H27: Vérif : | K27: ="(1)-(2)+(5)" -> (1)-(2)+(5) | L27: =E25-M25+I22 -> 0 | N27: =V25-AE25+H22 -> 0 | P27: ="(3)-(4)+(6)" -> (3)-(4)+(6) | AG27: page 4-2

Sheet 5
B2: N° PJ | C2: Date | D2: Nature de l'action pédagogique | E2: Pointage Chèque | G2: Pointage CCA | H2: Régie d'avance | J2: Compte Crédit Agricole | M2: Caisse (espèces) | P2: SITUATION GENERALE c10 + c13 | R2: 7070 | S2: 7080 | T2: 7410 | U2: 7551 | V2: 75511 | W2: 7562 | X2: 7700 | Y2: 7700 | AA2: 6070 | AB2: 61681 | AC2: 6181 | AD2: 6270 | AE2: 6586 | AF2: 6700 | AG2: 6800
R3: Ventes de produits pour cession | S3: Produits activités éducatives | T3: Subventions reçues | U3: Contributions financières Plateforme participative | V3: Contributions financières d'autres organismes | W3: Participation volontaire des familles | X3: Produits exceptionnels | Y3: Produits exceptionnels | Z3: Validité | AA3: Achats de produits pour cession | AB3: Assurances versées | AC3: Charges des activités éducatives | AD3: Services bancaires et assimilés | AE3: Cotisations versées à l'OCCE | AF3: Charges exceptionnelles | AG3: Achats de biens durables
B4: =CONCATENATE("Année scolaire : ",Garde!C11) -> Année scolaire : 2026-2027 | E4: N° chèque | G4: N° du relevé de CCA | H4: RETOUR cahier de classe Rappel du montant versé | I4: DEPART Versé à la coop. de classe | J4: Entrées | K4: Sorties | L4: Situation | M4: Entrées | N4: Sorties | O4: Situation | R4: Tout ce que vous vendez sans l'avoir fabriqué et qui a été payé au compte 6070 | S4: Recettes résultant des activités pédagogiques de la coopérative | T4: Etat, Collectivités locales, Etabl. Publics | U4: Produits provenant d'activités non éducatives | V4: Aides reçues des APE, autres associations, organismes privés | W4: Cotisations perçues pour l'OCCE dans la cadre de la participation volontaire des familles | X4: Evènement imprévu et non récurrent | Y4: Dons, actions de solidarité | AA4: Achats d'objets pour les revendre | AB4: Assurance MAE-MAIF de la coopérative et des coopérateurs | AC4: Dépenses résultant des activités pédagogiques de la coopérative | AD4: Frais bancaires | AE4: Exclusivement les cotisations versées à l'OCCE 89 Sans les assurances ! | AF4: Evènement imprévu et non récurrent | AG4: Matériel (durée de vie>1 an) pour les activités éducatives en lien avec la coopération
B5: c1 | C5: c2 | D5: c3 | E5: c4 | G5: c5 | H5: c6 | I5: c7 | J5: c8 | K5: c9 | L5: c10 | M5: c11 | N5: c12 | O5: c13 | P5: c14 | R5: c15 | S5: c16 | T5: c17 | U5: c18 | V5: c19 | W5: c20 | X5: c21 | Y5: c22 | AA5: c23 | AB5: c24 | AC5: c25 | AD5: c26 | AE5: c27 | AF5: c28 | AG5: c29
D6: Report | H6: ='4'!H22 -> 0 | I6: ='4'!I22 -> 0 | J6: ='4'!J22 -> 0 | K6: ='4'!K22 -> 0 | L6: ='4'!L22 -> 0 | M6: ='4'!M22 -> 0 | N6: ='4'!N22 -> 0 | O6: ='4'!O22 -> 0 | P6: =SUM(L6+O6) -> 0 | R6: ='4'!R22 -> 0 | S6: ='4'!S22 -> 0 | T6: ='4'!T22 -> 0 | U6: ='4'!U22 -> 0 | V6: ='4'!V22 -> 0 | W6: ='4'!W22 -> 0 | X6: ='4'!X22 -> 0 | Y6: ='4'!Y22 -> 0 | AA6: ='4'!AA22 -> 0 | AB6: ='4'!AB22 -> 0 | AC6: ='4'!AC22 -> 0 | AD6: ='4'!AD22 -> 0 | AE6: ='4'!AE22 -> 0 | AF6: ='4'!AF22 -> 0 | AG6: ='4'!AG22 -> 0
A7: L1 | B7: ='4'!B21+1 -> 61 | L7: =L6+J7-K7 -> 0 | O7: =O6+M7-N7 -> 0 | P7: =L7+O7 -> 0 | Q7: L1 | Z7: =IF(H7+I7+J7+K7+M7+N7=0," ",IF(OR(AND(H7<>0,I7=0,J7+M7+SUM(AA7:AG7)=H7),AND(I7<>0,H7=0,K7+N7=I7),AND(H7=0,I7=0,K7+N7<>0,K7+N7=SUM(AA7:AG7)),AND(H7=0,I7=0,J7+M7<>0,J7+M7=SUM(R7:Y7)),AND(H7=0,I7=0,M7=0,N7<>0,N7=J7),AND(H7=0,I7=0,M7<>0,N7=0,M7=K7)),"ok","??"))
A8: L2 | B8: =B7+1 -> 62 | L8: =L7+J8-K8 -> 0 | O8: =O7+M8-N8 -> 0 | P8: =L8+O8 -> 0 | Q8: L2 | Z8: =IF(H8+I8+J8+K8+M8+N8=0," ",IF(OR(AND(H8<>0,I8=0,J8+M8+SUM(AA8:AG8)=H8),AND(I8<>0,H8=0,K8+N8=I8),AND(H8=0,I8=0,K8+N8<>0,K8+N8=SUM(AA8:AG8)),AND(H8=0,I8=0,J8+M8<>0,J8+M8=SUM(R8:Y8)),AND(H8=0,I8=0,M8=0,N8<>0,N8=J8),AND(H8=0,I8=0,M8<>0,N8=0,M8=K8)),"ok","??"))
A9: L3 | B9: =B8+1 -> 63 | L9: =L8+J9-K9 -> 0 | O9: =O8+M9-N9 -> 0 | P9: =L9+O9 -> 0 | Q9: L3 | Z9: =IF(H9+I9+J9+K9+M9+N9=0," ",IF(OR(AND(H9<>0,I9=0,J9+M9+SUM(AA9:AG9)=H9),AND(I9<>0,H9=0,K9+N9=I9),AND(H9=0,I9=0,K9+N9<>0,K9+N9=SUM(AA9:AG9)),AND(H9=0,I9=0,J9+M9<>0,J9+M9=SUM(R9:Y9)),AND(H9=0,I9=0,M9=0,N9<>0,N9=J9),AND(H9=0,I9=0,M9<>0,N9=0,M9=K9)),"ok","??"))
A10: L4 | B10: =B9+1 -> 64 | L10: =L9+J10-K10 -> 0 | O10: =O9+M10-N10 -> 0 | P10: =L10+O10 -> 0 | Q10: L4 | Z10: =IF(H10+I10+J10+K10+M10+N10=0," ",IF(OR(AND(H10<>0,I10=0,J10+M10+SUM(AA10:AG10)=H10),AND(I10<>0,H10=0,K10+N10=I10),AND(H10=0,I10=0,K10+N10<>0,K10+N10=SUM(AA10:AG10)),AND(H10=0,I10=0,J10+M10<>0,J10+M10=SUM(R10:Y10)),AND(H10=0,I10=0,M10=0,N10<>0,N10=J10),AND(H10=0,I10=0,M10<>0,N10=0,M10=K10)),"ok","??"))
A11: L5 | B11: =B10+1 -> 65 | L11: =L10+J11-K11 -> 0 | O11: =O10+M11-N11 -> 0 | P11: =L11+O11 -> 0 | Q11: L5 | Z11: =IF(H11+I11+J11+K11+M11+N11=0," ",IF(OR(AND(H11<>0,I11=0,J11+M11+SUM(AA11:AG11)=H11),AND(I11<>0,H11=0,K11+N11=I11),AND(H11=0,I11=0,K11+N11<>0,K11+N11=SUM(AA11:AG11)),AND(H11=0,I11=0,J11+M11<>0,J11+M11=SUM(R11:Y11)),AND(H11=0,I11=0,M11=0,N11<>0,N11=J11),AND(H11=0,I11=0,M11<>0,N11=0,M11=K11)),"ok","??"))
A12: L6 | B12: =B11+1 -> 66 | L12: =L11+J12-K12 -> 0 | O12: =O11+M12-N12 -> 0 | P12: =L12+O12 -> 0 | Q12: L6 | Z12: =IF(H12+I12+J12+K12+M12+N12=0," ",IF(OR(AND(H12<>0,I12=0,J12+M12+SUM(AA12:AG12)=H12),AND(I12<>0,H12=0,K12+N12=I12),AND(H12=0,I12=0,K12+N12<>0,K12+N12=SUM(AA12:AG12)),AND(H12=0,I12=0,J12+M12<>0,J12+M12=SUM(R12:Y12)),AND(H12=0,I12=0,M12=0,N12<>0,N12=J12),AND(H12=0,I12=0,M12<>0,N12=0,M12=K12)),"ok","??"))
A13: L7 | B13: =B12+1 -> 67 | L13: =L12+J13-K13 -> 0 | O13: =O12+M13-N13 -> 0 | P13: =L13+O13 -> 0 | Q13: L7 | Z13: =IF(H13+I13+J13+K13+M13+N13=0," ",IF(OR(AND(H13<>0,I13=0,J13+M13+SUM(AA13:AG13)=H13),AND(I13<>0,H13=0,K13+N13=I13),AND(H13=0,I13=0,K13+N13<>0,K13+N13=SUM(AA13:AG13)),AND(H13=0,I13=0,J13+M13<>0,J13+M13=SUM(R13:Y13)),AND(H13=0,I13=0,M13=0,N13<>0,N13=J13),AND(H13=0,I13=0,M13<>0,N13=0,M13=K13)),"ok","??"))
A14: L8 | B14: =B13+1 -> 68 | L14: =L13+J14-K14 -> 0 | O14: =O13+M14-N14 -> 0 | P14: =L14+O14 -> 0 | Q14: L8 | Z14: =IF(H14+I14+J14+K14+M14+N14=0," ",IF(OR(AND(H14<>0,I14=0,J14+M14+SUM(AA14:AG14)=H14),AND(I14<>0,H14=0,K14+N14=I14),AND(H14=0,I14=0,K14+N14<>0,K14+N14=SUM(AA14:AG14)),AND(H14=0,I14=0,J14+M14<>0,J14+M14=SUM(R14:Y14)),AND(H14=0,I14=0,M14=0,N14<>0,N14=J14),AND(H14=0,I14=0,M14<>0,N14=0,M14=K14)),"ok","??"))
A15: L9 | B15: =B14+1 -> 69 | L15: =L14+J15-K15 -> 0 | O15: =O14+M15-N15 -> 0 | P15: =L15+O15 -> 0 | Q15: L9 | Z15: =IF(H15+I15+J15+K15+M15+N15=0," ",IF(OR(AND(H15<>0,I15=0,J15+M15+SUM(AA15:AG15)=H15),AND(I15<>0,H15=0,K15+N15=I15),AND(H15=0,I15=0,K15+N15<>0,K15+N15=SUM(AA15:AG15)),AND(H15=0,I15=0,J15+M15<>0,J15+M15=SUM(R15:Y15)),AND(H15=0,I15=0,M15=0,N15<>0,N15=J15),AND(H15=0,I15=0,M15<>0,N15=0,M15=K15)),"ok","??"))
A16: L10 | B16: =B15+1 -> 70 | L16: =L15+J16-K16 -> 0 | O16: =O15+M16-N16 -> 0 | P16: =L16+O16 -> 0 | Q16: L10 | Z16: =IF(H16+I16+J16+K16+M16+N16=0," ",IF(OR(AND(H16<>0,I16=0,J16+M16+SUM(AA16:AG16)=H16),AND(I16<>0,H16=0,K16+N16=I16),AND(H16=0,I16=0,K16+N16<>0,K16+N16=SUM(AA16:AG16)),AND(H16=0,I16=0,J16+M16<>0,J16+M16=SUM(R16:Y16)),AND(H16=0,I16=0,M16=0,N16<>0,N16=J16),AND(H16=0,I16=0,M16<>0,N16=0,M16=K16)),"ok","??"))
A17: L11 | B17: =B16+1 -> 71 | L17: =L16+J17-K17 -> 0 | O17: =O16+M17-N17 -> 0 | P17: =L17+O17 -> 0 | Q17: L11 | Z17: =IF(H17+I17+J17+K17+M17+N17=0," ",IF(OR(AND(H17<>0,I17=0,J17+M17+SUM(AA17:AG17)=H17),AND(I17<>0,H17=0,K17+N17=I17),AND(H17=0,I17=0,K17+N17<>0,K17+N17=SUM(AA17:AG17)),AND(H17=0,I17=0,J17+M17<>0,J17+M17=SUM(R17:Y17)),AND(H17=0,I17=0,M17=0,N17<>0,N17=J17),AND(H17=0,I17=0,M17<>0,N17=0,M17=K17)),"ok","??"))
A18: L12 | B18: =B17+1 -> 72 | L18: =L17+J18-K18 -> 0 | O18: =O17+M18-N18 -> 0 | P18: =L18+O18 -> 0 | Q18: L12 | Z18: =IF(H18+I18+J18+K18+M18+N18=0," ",IF(OR(AND(H18<>0,I18=0,J18+M18+SUM(AA18:AG18)=H18),AND(I18<>0,H18=0,K18+N18=I18),AND(H18=0,I18=0,K18+N18<>0,K18+N18=SUM(AA18:AG18)),AND(H18=0,I18=0,J18+M18<>0,J18+M18=SUM(R18:Y18)),AND(H18=0,I18=0,M18=0,N18<>0,N18=J18),AND(H18=0,I18=0,M18<>0,N18=0,M18=K18)),"ok","??"))
A19: L13 | B19: =B18+1 -> 73 | L19: =L18+J19-K19 -> 0 | O19: =O18+M19-N19 -> 0 | P19: =L19+O19 -> 0 | Q19: L13 | Z19: =IF(H19+I19+J19+K19+M19+N19=0," ",IF(OR(AND(H19<>0,I19=0,J19+M19+SUM(AA19:AG19)=H19),AND(I19<>0,H19=0,K19+N19=I19),AND(H19=0,I19=0,K19+N19<>0,K19+N19=SUM(AA19:AG19)),AND(H19=0,I19=0,J19+M19<>0,J19+M19=SUM(R19:Y19)),AND(H19=0,I19=0,M19=0,N19<>0,N19=J19),AND(H19=0,I19=0,M19<>0,N19=0,M19=K19)),"ok","??"))
... A21: L15 | B21: =B20+1 -> 75 | L21: =L20+J21-K21 -> 0 | O21: =O20+M21-N21 -> 0 | P21: =L21+O21 -> 0 | Q21: L15 | Z21: =IF(H21+I21+J21+K21+M21+N21=0," ",IF(OR(AND(H21<>0,I21=0,J21+M21+SUM(AA21:AG21)=H21),AND(I21<>0,H21=0,K21+N21=I21),AND(H21=0,I21=0,K21+N21<>0,K21+N21=SUM(AA21:AG21)),AND(H21=0,I21=0,J21+M21<>0,J21+M21=SUM(R21:Y21)),AND(H21=0,I21=0,M21=0,N21<>0,N21=J21),AND(H21=0,I21=0,M21<>0,N21=0,M21=K21)),"ok","??"))
B22: page 5-1 | F22: TOTAUX à reporter | H22: =SUM(H6:H21) -> 0 | I22: =SUM(I6:I21) -> 0 | J22: =SUM(J6:J21) -> 0 | K22: =SUM(K6:K21) -> 0 | L22: =L21 -> 0 | M22: =SUM(M6:M21) -> 0 | N22: =SUM(N6:N21) -> 0 | O22: =O21 -> 0 | P22: =SUM(L22+O22) -> 0 | R22: =SUM(R6:R21) -> 0 | S22: =SUM(S6:S21) -> 0 | T22: =SUM(T6:T21) -> 0 | U22: =SUM(U6:U21) -> 0 | V22: =SUM(V6:V21) -> 0 | W22: =SUM(W6:W21) -> 0 | X22: =SUM(X6:X21) -> 0 | Y22: =SUM(Y6:Y21) -> 0 | AA22: =SUM(AA6:AA21) -> 0 | AB22: =SUM(AB6:AB21) -> 0 | AC22: =SUM(AC6:AC21) -> 0 | AD22: =SUM(AD6:AD21) -> 0 | AE22: =SUM(AE6:AE21) -> 0 | AF22: =SUM(AF6:AF21) -> 0 | AG22: =SUM(AG6:AG21) -> 0
H24: (6) | I24: (5)
D25: ENTREES | E25: =SUM(J22+M22) -> 0 | H25: ="(1)" -> (1) | J25: SORTIES | M25: =SUM(K22+N22) -> 0 | P25: ="(2)" -> (2) | S25: PRODUITS | V25: =SUM(R22:Y22) -> 0 | X25: ="(3)" -> (3) | Y25: ="(3)" -> (3) | AB25: CHARGES | AE25: =SUM(AA22:AG22) -> 0 | AG25: ="(4)" -> (4)
D26: ='4'!D26+IF(G7<>0,J7,0)-IF(G7<>0,K7,0)+IF(G8<>0,J8,0)-IF(G8<>0,K8,0)+IF(G9<>0,J9,0)-IF(G9<>0,K9,0)+IF(G10<>0,J10,0)-IF(G10<>0,K10,0)+IF(G11<>0,J11,0)-IF(G11<>0,K11,0)+IF(G12<>0,J12,0)-IF(G12<>0,K12,0)+IF(G13<>0,J13,0)-IF(G13<>0,K13,0)+IF(G14<>0,J14,0)-IF(G14<>0,K14,0)+IF(G15<>0,J15,0)-IF(G15<>0,K15,0)+IF(G16<>0,J16,0)-IF(G16<>0,K16,0)+IF(G17<>0,J17,0)-IF(G17<>0,K17,0)+IF(G18<>0,J18,0)-IF(G18<>0,K18,0)+IF(G19<>0,J19,0)-IF(G19<>0,K19,0)+IF(G20<>0,J20,0)-IF(G20<>0,K20,0)+IF(G21<>0,J21,0)-IF(G21<>0,K21,0) -> 0 | E26: (somme de c6, c8 et c11) | M26: (somme de c7 c9 et c12) | V26: (somme de c15 à c22) | AE26: (somme de c23 à c29)
B27: page 5-1 | D27: Solde réel du compte bancaire : | E27: ='16>'!E27 -> 0 | H27: Vérif : | K27: ="(1)-(2)+(5)" -> (1)-(2)+(5) | L27: =E25-M25+I22 -> 0 | N27: =V25-AE25+H22 -> 0 | P27: ="(3)-(4)+(6)" -> (3)-(4)+(6) | AG27: page 5-2

Sheet 6
B2: N° PJ | C2: Date | D2: Nature de l'action pédagogique | E2: Pointage Chèque | G2: Pointage CCA | H2: Régie d'avance | J2: Compte Crédit Agricole | M2: Caisse (espèces) | P2: SITUATION GENERALE c10 + c13 | R2: 7070 | S2: 7080 | T2: 7410 | U2: 7551 | V2: 75511 | W2: 7562 | X2: 7700 | Y2: 7700 | AA2: 6070 | AB2: 61681 | AC2: 6181 | AD2: 6270 | AE2: 6586 | AF2: 6700 | AG2: 6800
R3: Ventes de produits pour cession | S3: Produits activités éducatives | T3: Subventions reçues | U3: Contributions financières Plateforme participative | V3: Contributions financières d'autres organismes | W3: Participation volontaire des familles | X3: Produits exceptionnels | Y3: Produits exceptionnels | Z3: Validité | AA3: Achats de produits pour cession | AB3: Assurances versées | AC3: Charges des activités éducatives | AD3: Services bancaires et assimilés | AE3: Cotisations versées à l'OCCE | AF3: Charges exceptionnelles | AG3: Achats de biens durables
B4: =CONCATENATE("Année scolaire : ",Garde!C11) -> Année scolaire : 2026-2027 | E4: N° chèque | G4: N° du relevé de CCA | H4: RETOUR cahier de classe Rappel du montant versé | I4: DEPART Versé à la coop. de classe | J4: Entrées | K4: Sorties | L4: Situation | M4: Entrées | N4: Sorties | O4: Situation | R4: Tout ce que vous vendez sans l'avoir fabriqué et qui a été payé au compte 6070 | S4: Recettes résultant des activités pédagogiques de la coopérative | T4: Etat, Collectivités locales, Etabl. Publics | U4: Produits provenant d'activités non éducatives | V4: Aides reçues des APE, autres associations, organismes privés | W4: Cotisations perçues pour l'OCCE dans la cadre de la participation volontaire des familles | X4: Evènement imprévu et non récurrent | Y4: Dons, actions de solidarité | AA4: Achats d'objets pour les revendre | AB4: Assurance MAE-MAIF de la coopérative et des coopérateurs | AC4: Dépenses résultant des activités pédagogiques de la coopérative | AD4: Frais bancaires | AE4: Exclusivement les cotisations versées à l'OCCE 89 Sans les assurances ! | AF4: Evènement imprévu et non récurrent | AG4: Matériel (durée de vie>1 an) pour les activités éducatives en lien avec la coopération
B5: c1 | C5: c2 | D5: c3 | E5: c4 | G5: c5 | H5: c6 | I5: c7 | J5: c8 | K5: c9 | L5: c10 | M5: c11 | N5: c12 | O5: c13 | P5: c14 | R5: c15 | S5: c16 | T5: c17 | U5: c18 | V5: c19 | W5: c20 | X5: c21 | Y5: c22 | AA5: c23 | AB5: c24 | AC5: c25 | AD5: c26 | AE5: c27 | AF5: c28 | AG5: c29
D6: Report | H6: ='5'!H22 -> 0 | I6: ='5'!I22 -> 0 | J6: ='5'!J22 -> 0 | K6: ='5'!K22 -> 0 | L6: ='5'!L22 -> 0 | M6: ='5'!M22 -> 0 | N6: ='5'!N22 -> 0 | O6: ='5'!O22 -> 0 | P6: =SUM(L6+O6) -> 0 | R6: ='5'!R22 -> 0 | S6: ='5'!S22 -> 0 | T6: ='5'!T22 -> 0 | U6: ='5'!U22 -> 0 | V6: ='5'!V22 -> 0 | W6: ='5'!W22 -> 0 | X6: ='5'!X22 -> 0 | Y6: ='5'!Y22 -> 0 | AA6: ='5'!AA22 -> 0 | AB6: ='5'!AB22 -> 0 | AC6: ='5'!AC22 -> 0 | AD6: ='5'!AD22 -> 0 | AE6: ='5'!AE22 -> 0 | AF6: ='5'!AF22 -> 0 | AG6: ='5'!AG22 -> 0
A7: L1 | B7: ='5'!B21+1 -> 76 | L7: =L6+J7-K7 -> 0 | O7: =O6+M7-N7 -> 0 | P7: =L7+O7 -> 0 | Q7: L1 | Z7: =IF(H7+I7+J7+K7+M7+N7=0," ",IF(OR(AND(H7<>0,I7=0,J7+M7+SUM(AA7:AG7)=H7),AND(I7<>0,H7=0,K7+N7=I7),AND(H7=0,I7=0,K7+N7<>0,K7+N7=SUM(AA7:AG7)),AND(H7=0,I7=0,J7+M7<>0,J7+M7=SUM(R7:Y7)),AND(H7=0,I7=0,M7=0,N7<>0,N7=J7),AND(H7=0,I7=0,M7<>0,N7=0,M7=K7)),"ok","??"))
A8: L2 | B8: =B7+1 -> 77 | L8: =L7+J8-K8 -> 0 | O8: =O7+M8-N8 -> 0 | P8: =L8+O8 -> 0 | Q8: L2 | Z8: =IF(H8+I8+J8+K8+M8+N8=0," ",IF(OR(AND(H8<>0,I8=0,J8+M8+SUM(AA8:AG8)=H8),AND(I8<>0,H8=0,K8+N8=I8),AND(H8=0,I8=0,K8+N8<>0,K8+N8=SUM(AA8:AG8)),AND(H8=0,I8=0,J8+M8<>0,J8+M8=SUM(R8:Y8)),AND(H8=0,I8=0,M8=0,N8<>0,N8=J8),AND(H8=0,I8=0,M8<>0,N8=0,M8=K8)),"ok","??"))
A9: L3 | B9: =B8+1 -> 78 | L9: =L8+J9-K9 -> 0 | O9: =O8+M9-N9 -> 0 | P9: =L9+O9 -> 0 | Q9: L3 | Z9: =IF(H9+I9+J9+K9+M9+N9=0," ",IF(OR(AND(H9<>0,I9=0,J9+M9+SUM(AA9:AG9)=H9),AND(I9<>0,H9=0,K9+N9=I9),AND(H9=0,I9=0,K9+N9<>0,K9+N9=SUM(AA9:AG9)),AND(H9=0,I9=0,J9+M9<>0,J9+M9=SUM(R9:Y9)),AND(H9=0,I9=0,M9=0,N9<>0,N9=J9),AND(H9=0,I9=0,M9<>0,N9=0,M9=K9)),"ok","??"))
A10: L4 | B10: =B9+1 -> 79 | L10: =L9+J10-K10 -> 0 | O10: =O9+M10-N10 -> 0 | P10: =L10+O10 -> 0 | Q10: L4 | Z10: =IF(H10+I10+J10+K10+M10+N10=0," ",IF(OR(AND(H10<>0,I10=0,J10+M10+SUM(AA10:AG10)=H10),AND(I10<>0,H10=0,K10+N10=I10),AND(H10=0,I10=0,K10+N10<>0,K10+N10=SUM(AA10:AG10)),AND(H10=0,I10=0,J10+M10<>0,J10+M10=SUM(R10:Y10)),AND(H10=0,I10=0,M10=0,N10<>0,N10=J10),AND(H10=0,I10=0,M10<>0,N10=0,M10=K10)),"ok","??"))
A11: L5 | B11: =B10+1 -> 80 | L11: =L10+J11-K11 -> 0 | O11: =O10+M11-N11 -> 0 | P11: =L11+O11 -> 0 | Q11: L5 | Z11: =IF(H11+I11+J11+K11+M11+N11=0," ",IF(OR(AND(H11<>0,I11=0,J11+M11+SUM(AA11:AG11)=H11),AND(I11<>0,H11=0,K11+N11=I11),AND(H11=0,I11=0,K11+N11<>0,K11+N11=SUM(AA11:AG11)),AND(H11=0,I11=0,J11+M11<>0,J11+M11=SUM(R11:Y11)),AND(H11=0,I11=0,M11=0,N11<>0,N11=J11),AND(H11=0,I11=0,M11<>0,N11=0,M11=K11)),"ok","??"))
A12: L6 | B12: =B11+1 -> 81 | L12: =L11+J12-K12 -> 0 | O12: =O11+M12-N12 -> 0 | P12: =L12+O12 -> 0 | Q12: L6 | Z12: =IF(H12+I12+J12+K12+M12+N12=0," ",IF(OR(AND(H12<>0,I12=0,J12+M12+SUM(AA12:AG12)=H12),AND(I12<>0,H12=0,K12+N12=I12),AND(H12=0,I12=0,K12+N12<>0,K12+N12=SUM(AA12:AG12)),AND(H12=0,I12=0,J12+M12<>0,J12+M12=SUM(R12:Y12)),AND(H12=0,I12=0,M12=0,N12<>0,N12=J12),AND(H12=0,I12=0,M12<>0,N12=0,M12=K12)),"ok","??"))
A13: L7 | B13: =B12+1 -> 82 | L13: =L12+J13-K13 -> 0 | O13: =O12+M13-N13 -> 0 | P13: =L13+O13 -> 0 | Q13: L7 | Z13: =IF(H13+I13+J13+K13+M13+N13=0," ",IF(OR(AND(H13<>0,I13=0,J13+M13+SUM(AA13:AG13)=H13),AND(I13<>0,H13=0,K13+N13=I13),AND(H13=0,I13=0,K13+N13<>0,K13+N13=SUM(AA13:AG13)),AND(H13=0,I13=0,J13+M13<>0,J13+M13=SUM(R13:Y13)),AND(H13=0,I13=0,M13=0,N13<>0,N13=J13),AND(H13=0,I13=0,M13<>0,N13=0,M13=K13)),"ok","??"))
A14: L8 | B14: =B13+1 -> 83 | L14: =L13+J14-K14 -> 0 | O14: =O13+M14-N14 -> 0 | P14: =L14+O14 -> 0 | Q14: L8 | Z14: =IF(H14+I14+J14+K14+M14+N14=0," ",IF(OR(AND(H14<>0,I14=0,J14+M14+SUM(AA14:AG14)=H14),AND(I14<>0,H14=0,K14+N14=I14),AND(H14=0,I14=0,K14+N14<>0,K14+N14=SUM(AA14:AG14)),AND(H14=0,I14=0,J14+M14<>0,J14+M14=SUM(R14:Y14)),AND(H14=0,I14=0,M14=0,N14<>0,N14=J14),AND(H14=0,I14=0,M14<>0,N14=0,M14=K14)),"ok","??"))
A15: L9 | B15: =B14+1 -> 84 | L15: =L14+J15-K15 -> 0 | O15: =O14+M15-N15 -> 0 | P15: =L15+O15 -> 0 | Q15: L9 | Z15: =IF(H15+I15+J15+K15+M15+N15=0," ",IF(OR(AND(H15<>0,I15=0,J15+M15+SUM(AA15:AG15)=H15),AND(I15<>0,H15=0,K15+N15=I15),AND(H15=0,I15=0,K15+N15<>0,K15+N15=SUM(AA15:AG15)),AND(H15=0,I15=0,J15+M15<>0,J15+M15=SUM(R15:Y15)),AND(H15=0,I15=0,M15=0,N15<>0,N15=J15),AND(H15=0,I15=0,M15<>0,N15=0,M15=K15)),"ok","??"))
A16: L10 | B16: =B15+1 -> 85 | L16: =L15+J16-K16 -> 0 | O16: =O15+M16-N16 -> 0 | P16: =L16+O16 -> 0 | Q16: L10 | Z16: =IF(H16+I16+J16+K16+M16+N16=0," ",IF(OR(AND(H16<>0,I16=0,J16+M16+SUM(AA16:AG16)=H16),AND(I16<>0,H16=0,K16+N16=I16),AND(H16=0,I16=0,K16+N16<>0,K16+N16=SUM(AA16:AG16)),AND(H16=0,I16=0,J16+M16<>0,J16+M16=SUM(R16:Y16)),AND(H16=0,I16=0,M16=0,N16<>0,N16=J16),AND(H16=0,I16=0,M16<>0,N16=0,M16=K16)),"ok","??"))
A17: L11 | B17: =B16+1 -> 86 | L17: =L16+J17-K17 -> 0 | O17: =O16+M17-N17 -> 0 | P17: =L17+O17 -> 0 | Q17: L11 | Z17: =IF(H17+I17+J17+K17+M17+N17=0," ",IF(OR(AND(H17<>0,I17=0,J17+M17+SUM(AA17:AG17)=H17),AND(I17<>0,H17=0,K17+N17=I17),AND(H17=0,I17=0,K17+N17<>0,K17+N17=SUM(AA17:AG17)),AND(H17=0,I17=0,J17+M17<>0,J17+M17=SUM(R17:Y17)),AND(H17=0,I17=0,M17=0,N17<>0,N17=J17),AND(H17=0,I17=0,M17<>0,N17=0,M17=K17)),"ok","??"))
A18: L12 | B18: =B17+1 -> 87 | L18: =L17+J18-K18 -> 0 | O18: =O17+M18-N18 -> 0 | P18: =L18+O18 -> 0 | Q18: L12 | Z18: =IF(H18+I18+J18+K18+M18+N18=0," ",IF(OR(AND(H18<>0,I18=0,J18+M18+SUM(AA18:AG18)=H18),AND(I18<>0,H18=0,K18+N18=I18),AND(H18=0,I18=0,K18+N18<>0,K18+N18=SUM(AA18:AG18)),AND(H18=0,I18=0,J18+M18<>0,J18+M18=SUM(R18:Y18)),AND(H18=0,I18=0,M18=0,N18<>0,N18=J18),AND(H18=0,I18=0,M18<>0,N18=0,M18=K18)),"ok","??"))
A19: L13 | B19: =B18+1 -> 88 | L19: =L18+J19-K19 -> 0 | O19: =O18+M19-N19 -> 0 | P19: =L19+O19 -> 0 | Q19: L13 | Z19: =IF(H19+I19+J19+K19+M19+N19=0," ",IF(OR(AND(H19<>0,I19=0,J19+M19+SUM(AA19:AG19)=H19),AND(I19<>0,H19=0,K19+N19=I19),AND(H19=0,I19=0,K19+N19<>0,K19+N19=SUM(AA19:AG19)),AND(H19=0,I19=0,J19+M19<>0,J19+M19=SUM(R19:Y19)),AND(H19=0,I19=0,M19=0,N19<>0,N19=J19),AND(H19=0,I19=0,M19<>0,N19=0,M19=K19)),"ok","??"))
... A21: L15 | B21: =B20+1 -> 90 | L21: =L20+J21-K21 -> 0 | O21: =O20+M21-N21 -> 0 | P21: =L21+O21 -> 0 | Q21: L15 | Z21: =IF(H21+I21+J21+K21+M21+N21=0," ",IF(OR(AND(H21<>0,I21=0,J21+M21+SUM(AA21:AG21)=H21),AND(I21<>0,H21=0,K21+N21=I21),AND(H21=0,I21=0,K21+N21<>0,K21+N21=SUM(AA21:AG21)),AND(H21=0,I21=0,J21+M21<>0,J21+M21=SUM(R21:Y21)),AND(H21=0,I21=0,M21=0,N21<>0,N21=J21),AND(H21=0,I21=0,M21<>0,N21=0,M21=K21)),"ok","??"))
B22: page 6-1 | F22: TOTAUX à reporter | H22: =SUM(H6:H21) -> 0 | I22: =SUM(I6:I21) -> 0 | J22: =SUM(J6:J21) -> 0 | K22: =SUM(K6:K21) -> 0 | L22: =L21 -> 0 | M22: =SUM(M6:M21) -> 0 | N22: =SUM(N6:N21) -> 0 | O22: =O21 -> 0 | P22: =SUM(L22+O22) -> 0 | R22: =SUM(R6:R21) -> 0 | S22: =SUM(S6:S21) -> 0 | T22: =SUM(T6:T21) -> 0 | U22: =SUM(U6:U21) -> 0 | V22: =SUM(V6:V21) -> 0 | W22: =SUM(W6:W21) -> 0 | X22: =SUM(X6:X21) -> 0 | Y22: =SUM(Y6:Y21) -> 0 | AA22: =SUM(AA6:AA21) -> 0 | AB22: =SUM(AB6:AB21) -> 0 | AC22: =SUM(AC6:AC21) -> 0 | AD22: =SUM(AD6:AD21) -> 0 | AE22: =SUM(AE6:AE21) -> 0 | AF22: =SUM(AF6:AF21) -> 0 | AG22: =SUM(AG6:AG21) -> 0
H24: (6) | I24: (5)
D25: ENTREES | E25: =SUM(J22+M22) -> 0 | H25: ="(1)" -> (1) | J25: SORTIES | M25: =SUM(K22+N22) -> 0 | P25: ="(2)" -> (2) | S25: PRODUITS | V25: =SUM(R22:Y22) -> 0 | X25: ="(3)" -> (3) | Y25: ="(3)" -> (3) | AB25: CHARGES | AE25: =SUM(AA22:AG22) -> 0 | AG25: ="(4)" -> (4)
D26: ='5'!D26+IF(G7<>0,J7,0)-IF(G7<>0,K7,0)+IF(G8<>0,J8,0)-IF(G8<>0,K8,0)+IF(G9<>0,J9,0)-IF(G9<>0,K9,0)+IF(G10<>0,J10,0)-IF(G10<>0,K10,0)+IF(G11<>0,J11,0)-IF(G11<>0,K11,0)+IF(G12<>0,J12,0)-IF(G12<>0,K12,0)+IF(G13<>0,J13,0)-IF(G13<>0,K13,0)+IF(G14<>0,J14,0)-IF(G14<>0,K14,0)+IF(G15<>0,J15,0)-IF(G15<>0,K15,0)+IF(G16<>0,J16,0)-IF(G16<>0,K16,0)+IF(G17<>0,J17,0)-IF(G17<>0,K17,0)+IF(G18<>0,J18,0)-IF(G18<>0,K18,0)+IF(G19<>0,J19,0)-IF(G19<>0,K19,0)+IF(G20<>0,J20,0)-IF(G20<>0,K20,0)+IF(G21<>0,J21,0)-IF(G21<>0,K21,0) -> 0 | E26: (somme de c6, c8 et c11) | M26: (somme de c7 c9 et c12) | V26: (somme de c15 à c22) | AE26: (somme de c23 à c29)
B27: page 6-1 | D27: Solde réel du compte bancaire : | E27: ='16>'!E27 -> 0 | H27: Vérif : | K27: ="(1)-(2)+(5)" -> (1)-(2)+(5) | L27: =E25-M25+I22 -> 0 | N27: =V25-AE25+H22 -> 0 | P27: ="(3)-(4)+(6)" -> (3)-(4)+(6) | AG27: page 6-2

Sheet 7
B2: N° PJ | C2: Date | D2: Nature de l'action pédagogique | E2: Pointage Chèque | G2: Pointage CCA | H2: Régie d'avance | J2: Compte Crédit Agricole | M2: Caisse (espèces) | P2: SITUATION GENERALE c10 + c13 | R2: 7070 | S2: 7080 | T2: 7410 | U2: 7551 | V2: 75511 | W2: 7562 | X2: 7700 | Y2: 7700 | AA2: 6070 | AB2: 61681 | AC2: 6181 | AD2: 6270 | AE2: 6586 | AF2: 6700 | AG2: 6800
R3: Ventes de produits pour cession | S3: Produits activités éducatives | T3: Subventions reçues | U3: Contributions financières Plateforme participative | V3: Contributions financières d'autres organismes | W3: Participation volontaire des familles | X3: Produits exceptionnels | Y3: Produits exceptionnels | Z3: Validité | AA3: Achats de produits pour cession | AB3: Assurances versées | AC3: Charges des activités éducatives | AD3: Services bancaires et assimilés | AE3: Cotisations versées à l'OCCE | AF3: Charges exceptionnelles | AG3: Achats de biens durables
B4: =CONCATENATE("Année scolaire : ",Garde!C11) -> Année scolaire : 2026-2027 | E4: N° chèque | G4: N° du relevé de CCA | H4: RETOUR cahier de classe Rappel du montant versé | I4: DEPART Versé à la coop. de classe | J4: Entrées | K4: Sorties | L4: Situation | M4: Entrées | N4: Sorties | O4: Situation | R4: Tout ce que vous vendez sans l'avoir fabriqué et qui a été payé au compte 6070 | S4: Recettes résultant des activités pédagogiques de la coopérative | T4: Etat, Collectivités locales, Etabl. Publics | U4: Produits provenant d'activités non éducatives | V4: Aides reçues des APE, autres associations, organismes privés | W4: Cotisations perçues pour l'OCCE dans la cadre de la participation volontaire des familles | X4: Evènement imprévu et non récurrent | Y4: Dons, actions de solidarité | AA4: Achats d'objets pour les revendre | AB4: Assurance MAE-MAIF de la coopérative et des coopérateurs | AC4: Dépenses résultant des activités pédagogiques de la coopérative | AD4: Frais bancaires | AE4: Exclusivement les cotisations versées à l'OCCE 89 Sans les assurances ! | AF4: Evènement imprévu et non récurrent | AG4: Matériel (durée de vie>1 an) pour les activités éducatives en lien avec la coopération
B5: c1 | C5: c2 | D5: c3 | E5: c4 | G5: c5 | H5: c6 | I5: c7 | J5: c8 | K5: c9 | L5: c10 | M5: c11 | N5: c12 | O5: c13 | P5: c14 | R5: c15 | S5: c16 | T5: c17 | U5: c18 | V5: c19 | W5: c20 | X5: c21 | Y5: c22 | AA5: c23 | AB5: c24 | AC5: c25 | AD5: c26 | AE5: c27 | AF5: c28 | AG5: c29
D6: Report | H6: ='6'!H22 -> 0 | I6: ='6'!I22 -> 0 | J6: ='6'!J22 -> 0 | K6: ='6'!K22 -> 0 | L6: ='6'!L22 -> 0 | M6: ='6'!M22 -> 0 | N6: ='6'!N22 -> 0 | O6: ='6'!O22 -> 0 | P6: =SUM(L6+O6) -> 0 | R6: ='6'!R22 -> 0 | S6: ='6'!S22 -> 0 | T6: ='6'!T22 -> 0 | U6: ='6'!U22 -> 0 | V6: ='6'!V22 -> 0 | W6: ='6'!W22 -> 0 | X6: ='6'!X22 -> 0 | Y6: ='6'!Y22 -> 0 | AA6: ='6'!AA22 -> 0 | AB6: ='6'!AB22 -> 0 | AC6: ='6'!AC22 -> 0 | AD6: ='6'!AD22 -> 0 | AE6: ='6'!AE22 -> 0 | AF6: ='6'!AF22 -> 0 | AG6: ='6'!AG22 -> 0
A7: L1 | B7: ='6'!B21+1 -> 91 | L7: =L6+J7-K7 -> 0 | O7: =O6+M7-N7 -> 0 | P7: =L7+O7 -> 0 | Q7: L1 | Z7: =IF(H7+I7+J7+K7+M7+N7=0," ",IF(OR(AND(H7<>0,I7=0,J7+M7+SUM(AA7:AG7)=H7),AND(I7<>0,H7=0,K7+N7=I7),AND(H7=0,I7=0,K7+N7<>0,K7+N7=SUM(AA7:AG7)),AND(H7=0,I7=0,J7+M7<>0,J7+M7=SUM(R7:Y7)),AND(H7=0,I7=0,M7=0,N7<>0,N7=J7),AND(H7=0,I7=0,M7<>0,N7=0,M7=K7)),"ok","??"))
A8: L2 | B8: =B7+1 -> 92 | L8: =L7+J8-K8 -> 0 | O8: =O7+M8-N8 -> 0 | P8: =L8+O8 -> 0 | Q8: L2 | Z8: =IF(H8+I8+J8+K8+M8+N8=0," ",IF(OR(AND(H8<>0,I8=0,J8+M8+SUM(AA8:AG8)=H8),AND(I8<>0,H8=0,K8+N8=I8),AND(H8=0,I8=0,K8+N8<>0,K8+N8=SUM(AA8:AG8)),AND(H8=0,I8=0,J8+M8<>0,J8+M8=SUM(R8:Y8)),AND(H8=0,I8=0,M8=0,N8<>0,N8=J8),AND(H8=0,I8=0,M8<>0,N8=0,M8=K8)),"ok","??"))
A9: L3 | B9: =B8+1 -> 93 | L9: =L8+J9-K9 -> 0 | O9: =O8+M9-N9 -> 0 | P9: =L9+O9 -> 0 | Q9: L3 | Z9: =IF(H9+I9+J9+K9+M9+N9=0," ",IF(OR(AND(H9<>0,I9=0,J9+M9+SUM(AA9:AG9)=H9),AND(I9<>0,H9=0,K9+N9=I9),AND(H9=0,I9=0,K9+N9<>0,K9+N9=SUM(AA9:AG9)),AND(H9=0,I9=0,J9+M9<>0,J9+M9=SUM(R9:Y9)),AND(H9=0,I9=0,M9=0,N9<>0,N9=J9),AND(H9=0,I9=0,M9<>0,N9=0,M9=K9)),"ok","??"))
A10: L4 | B10: =B9+1 -> 94 | L10: =L9+J10-K10 -> 0 | O10: =O9+M10-N10 -> 0 | P10: =L10+O10 -> 0 | Q10: L4 | Z10: =IF(H10+I10+J10+K10+M10+N10=0," ",IF(OR(AND(H10<>0,I10=0,J10+M10+SUM(AA10:AG10)=H10),AND(I10<>0,H10=0,K10+N10=I10),AND(H10=0,I10=0,K10+N10<>0,K10+N10=SUM(AA10:AG10)),AND(H10=0,I10=0,J10+M10<>0,J10+M10=SUM(R10:Y10)),AND(H10=0,I10=0,M10=0,N10<>0,N10=J10),AND(H10=0,I10=0,M10<>0,N10=0,M10=K10)),"ok","??"))
A11: L5 | B11: =B10+1 -> 95 | L11: =L10+J11-K11 -> 0 | O11: =O10+M11-N11 -> 0 | P11: =L11+O11 -> 0 | Q11: L5 | Z11: =IF(H11+I11+J11+K11+M11+N11=0," ",IF(OR(AND(H11<>0,I11=0,J11+M11+SUM(AA11:AG11)=H11),AND(I11<>0,H11=0,K11+N11=I11),AND(H11=0,I11=0,K11+N11<>0,K11+N11=SUM(AA11:AG11)),AND(H11=0,I11=0,J11+M11<>0,J11+M11=SUM(R11:Y11)),AND(H11=0,I11=0,M11=0,N11<>0,N11=J11),AND(H11=0,I11=0,M11<>0,N11=0,M11=K11)),"ok","??"))
A12: L6 | B12: =B11+1 -> 96 | L12: =L11+J12-K12 -> 0 | O12: =O11+M12-N12 -> 0 | P12: =L12+O12 -> 0 | Q12: L6 | Z12: =IF(H12+I12+J12+K12+M12+N12=0," ",IF(OR(AND(H12<>0,I12=0,J12+M12+SUM(AA12:AG12)=H12),AND(I12<>0,H12=0,K12+N12=I12),AND(H12=0,I12=0,K12+N12<>0,K12+N12=SUM(AA12:AG12)),AND(H12=0,I12=0,J12+M12<>0,J12+M12=SUM(R12:Y12)),AND(H12=0,I12=0,M12=0,N12<>0,N12=J12),AND(H12=0,I12=0,M12<>0,N12=0,M12=K12)),"ok","??"))
A13: L7 | B13: =B12+1 -> 97 | L13: =L12+J13-K13 -> 0 | O13: =O12+M13-N13 -> 0 | P13: =L13+O13 -> 0 | Q13: L7 | Z13: =IF(H13+I13+J13+K13+M13+N13=0," ",IF(OR(AND(H13<>0,I13=0,J13+M13+SUM(AA13:AG13)=H13),AND(I13<>0,H13=0,K13+N13=I13),AND(H13=0,I13=0,K13+N13<>0,K13+N13=SUM(AA13:AG13)),AND(H13=0,I13=0,J13+M13<>0,J13+M13=SUM(R13:Y13)),AND(H13=0,I13=0,M13=0,N13<>0,N13=J13),AND(H13=0,I13=0,M13<>0,N13=0,M13=K13)),"ok","??"))
A14: L8 | B14: =B13+1 -> 98 | L14: =L13+J14-K14 -> 0 | O14: =O13+M14-N14 -> 0 | P14: =L14+O14 -> 0 | Q14: L8 | Z14: =IF(H14+I14+J14+K14+M14+N14=0," ",IF(OR(AND(H14<>0,I14=0,J14+M14+SUM(AA14:AG14)=H14),AND(I14<>0,H14=0,K14+N14=I14),AND(H14=0,I14=0,K14+N14<>0,K14+N14=SUM(AA14:AG14)),AND(H14=0,I14=0,J14+M14<>0,J14+M14=SUM(R14:Y14)),AND(H14=0,I14=0,M14=0,N14<>0,N14=J14),AND(H14=0,I14=0,M14<>0,N14=0,M14=K14)),"ok","??"))
A15: L9 | B15: =B14+1 -> 99 | L15: =L14+J15-K15 -> 0 | O15: =O14+M15-N15 -> 0 | P15: =L15+O15 -> 0 | Q15: L9 | Z15: =IF(H15+I15+J15+K15+M15+N15=0," ",IF(OR(AND(H15<>0,I15=0,J15+M15+SUM(AA15:AG15)=H15),AND(I15<>0,H15=0,K15+N15=I15),AND(H15=0,I15=0,K15+N15<>0,K15+N15=SUM(AA15:AG15)),AND(H15=0,I15=0,J15+M15<>0,J15+M15=SUM(R15:Y15)),AND(H15=0,I15=0,M15=0,N15<>0,N15=J15),AND(H15=0,I15=0,M15<>0,N15=0,M15=K15)),"ok","??"))
A16: L10 | B16: =B15+1 -> 100 | L16: =L15+J16-K16 -> 0 | O16: =O15+M16-N16 -> 0 | P16: =L16+O16 -> 0 | Q16: L10 | Z16: =IF(H16+I16+J16+K16+M16+N16=0," ",IF(OR(AND(H16<>0,I16=0,J16+M16+SUM(AA16:AG16)=H16),AND(I16<>0,H16=0,K16+N16=I16),AND(H16=0,I16=0,K16+N16<>0,K16+N16=SUM(AA16:AG16)),AND(H16=0,I16=0,J16+M16<>0,J16+M16=SUM(R16:Y16)),AND(H16=0,I16=0,M16=0,N16<>0,N16=J16),AND(H16=0,I16=0,M16<>0,N16=0,M16=K16)),"ok","??"))
A17: L11 | B17: =B16+1 -> 101 | L17: =L16+J17-K17 -> 0 | O17: =O16+M17-N17 -> 0 | P17: =L17+O17 -> 0 | Q17: L11 | Z17: =IF(H17+I17+J17+K17+M17+N17=0," ",IF(OR(AND(H17<>0,I17=0,J17+M17+SUM(AA17:AG17)=H17),AND(I17<>0,H17=0,K17+N17=I17),AND(H17=0,I17=0,K17+N17<>0,K17+N17=SUM(AA17:AG17)),AND(H17=0,I17=0,J17+M17<>0,J17+M17=SUM(R17:Y17)),AND(H17=0,I17=0,M17=0,N17<>0,N17=J17),AND(H17=0,I17=0,M17<>0,N17=0,M17=K17)),"ok","??"))
A18: L12 | B18: =B17+1 -> 102 | L18: =L17+J18-K18 -> 0 | O18: =O17+M18-N18 -> 0 | P18: =L18+O18 -> 0 | Q18: L12 | Z18: =IF(H18+I18+J18+K18+M18+N18=0," ",IF(OR(AND(H18<>0,I18=0,J18+M18+SUM(AA18:AG18)=H18),AND(I18<>0,H18=0,K18+N18=I18),AND(H18=0,I18=0,K18+N18<>0,K18+N18=SUM(AA18:AG18)),AND(H18=0,I18=0,J18+M18<>0,J18+M18=SUM(R18:Y18)),AND(H18=0,I18=0,M18=0,N18<>0,N18=J18),AND(H18=0,I18=0,M18<>0,N18=0,M18=K18)),"ok","??"))
A19: L13 | B19: =B18+1 -> 103 | L19: =L18+J19-K19 -> 0 | O19: =O18+M19-N19 -> 0 | P19: =L19+O19 -> 0 | Q19: L13 | Z19: =IF(H19+I19+J19+K19+M19+N19=0," ",IF(OR(AND(H19<>0,I19=0,J19+M19+SUM(AA19:AG19)=H19),AND(I19<>0,H19=0,K19+N19=I19),AND(H19=0,I19=0,K19+N19<>0,K19+N19=SUM(AA19:AG19)),AND(H19=0,I19=0,J19+M19<>0,J19+M19=SUM(R19:Y19)),AND(H19=0,I19=0,M19=0,N19<>0,N19=J19),AND(H19=0,I19=0,M19<>0,N19=0,M19=K19)),"ok","??"))
... A21: L15 | B21: =B20+1 -> 105 | L21: =L20+J21-K21 -> 0 | O21: =O20+M21-N21 -> 0 | P21: =L21+O21 -> 0 | Q21: L15 | Z21: =IF(H21+I21+J21+K21+M21+N21=0," ",IF(OR(AND(H21<>0,I21=0,J21+M21+SUM(AA21:AG21)=H21),AND(I21<>0,H21=0,K21+N21=I21),AND(H21=0,I21=0,K21+N21<>0,K21+N21=SUM(AA21:AG21)),AND(H21=0,I21=0,J21+M21<>0,J21+M21=SUM(R21:Y21)),AND(H21=0,I21=0,M21=0,N21<>0,N21=J21),AND(H21=0,I21=0,M21<>0,N21=0,M21=K21)),"ok","??"))
B22: page 7-1 | F22: TOTAUX à reporter | H22: =SUM(H6:H21) -> 0 | I22: =SUM(I6:I21) -> 0 | J22: =SUM(J6:J21) -> 0 | K22: =SUM(K6:K21) -> 0 | L22: =L21 -> 0 | M22: =SUM(M6:M21) -> 0 | N22: =SUM(N6:N21) -> 0 | O22: =O21 -> 0 | P22: =SUM(L22+O22) -> 0 | R22: =SUM(R6:R21) -> 0 | S22: =SUM(S6:S21) -> 0 | T22: =SUM(T6:T21) -> 0 | U22: =SUM(U6:U21) -> 0 | V22: =SUM(V6:V21) -> 0 | W22: =SUM(W6:W21) -> 0 | X22: =SUM(X6:X21) -> 0 | Y22: =SUM(Y6:Y21) -> 0 | AA22: =SUM(AA6:AA21) -> 0 | AB22: =SUM(AB6:AB21) -> 0 | AC22: =SUM(AC6:AC21) -> 0 | AD22: =SUM(AD6:AD21) -> 0 | AE22: =SUM(AE6:AE21) -> 0 | AF22: =SUM(AF6:AF21) -> 0 | AG22: =SUM(AG6:AG21) -> 0
H24: (6) | I24: (5)
D25: ENTREES | E25: =SUM(J22+M22) -> 0 | H25: ="(1)" -> (1) | J25: SORTIES | M25: =SUM(K22+N22) -> 0 | P25: ="(2)" -> (2) | S25: PRODUITS | V25: =SUM(R22:Y22) -> 0 | X25: ="(3)" -> (3) | Y25: ="(3)" -> (3) | AB25: CHARGES | AE25: =SUM(AA22:AG22) -> 0 | AG25: ="(4)" -> (4)
D26: ='6'!D26+IF(G7<>0,J7,0)-IF(G7<>0,K7,0)+IF(G8<>0,J8,0)-IF(G8<>0,K8,0)+IF(G9<>0,J9,0)-IF(G9<>0,K9,0)+IF(G10<>0,J10,0)-IF(G10<>0,K10,0)+IF(G11<>0,J11,0)-IF(G11<>0,K11,0)+IF(G12<>0,J12,0)-IF(G12<>0,K12,0)+IF(G13<>0,J13,0)-IF(G13<>0,K13,0)+IF(G14<>0,J14,0)-IF(G14<>0,K14,0)+IF(G15<>0,J15,0)-IF(G15<>0,K15,0)+IF(G16<>0,J16,0)-IF(G16<>0,K16,0)+IF(G17<>0,J17,0)-IF(G17<>0,K17,0)+IF(G18<>0,J18,0)-IF(G18<>0,K18,0)+IF(G19<>0,J19,0)-IF(G19<>0,K19,0)+IF(G20<>0,J20,0)-IF(G20<>0,K20,0)+IF(G21<>0,J21,0)-IF(G21<>0,K21,0) -> 0 | E26: (somme de c6, c8 et c11) | M26: (somme de c7 c9 et c12) | V26: (somme de c15 à c22) | AE26: (somme de c23 à c29)
B27: page 7-1 | D27: Solde réel du compte bancaire : | E27: ='16>'!E27 -> 0 | H27: Vérif : | K27: ="(1)-(2)+(5)" -> (1)-(2)+(5) | L27: =E25-M25+I22 -> 0 | N27: =V25-AE25+H22 -> 0 | P27: ="(3)-(4)+(6)" -> (3)-(4)+(6) | AG27: page 7-2

Sheet 8
B2: N° PJ | C2: Date | D2: Nature de l'action pédagogique | E2: Pointage Chèque | G2: Pointage CCA | H2: Régie d'avance | J2: Compte Crédit Agricole | M2: Caisse (espèces) | P2: SITUATION GENERALE c10 + c13 | R2: 7070 | S2: 7080 | T2: 7410 | U2: 7551 | V2: 75511 | W2: 7562 | X2: 7700 | Y2: 7700 | AA2: 6070 | AB2: 61681 | AC2: 6181 | AD2: 6270 | AE2: 6586 | AF2: 6700 | AG2: 6800
R3: Ventes de produits pour cession | S3: Produits activités éducatives | T3: Subventions reçues | U3: Contributions financières Plateforme participative | V3: Contributions financières d'autres organismes | W3: Participation volontaire des familles | X3: Produits exceptionnels | Y3: Produits exceptionnels | Z3: Validité | AA3: Achats de produits pour cession | AB3: Assurances versées | AC3: Charges des activités éducatives | AD3: Services bancaires et assimilés | AE3: Cotisations versées à l'OCCE | AF3: Charges exceptionnelles | AG3: Achats de biens durables
B4: =CONCATENATE("Année scolaire : ",Garde!C11) -> Année scolaire : 2026-2027 | E4: N° chèque | G4: N° du relevé de CCA | H4: RETOUR cahier de classe Rappel du montant versé | I4: DEPART Versé à la coop. de classe | J4: Entrées | K4: Sorties | L4: Situation | M4: Entrées | N4: Sorties | O4: Situation | R4: Tout ce que vous vendez sans l'avoir fabriqué et qui a été payé au compte 6070 | S4: Recettes résultant des activités pédagogiques de la coopérative | T4: Etat, Collectivités locales, Etabl. Publics | U4: Produits provenant d'activités non éducatives | V4: Aides reçues des APE, autres associations, organismes privés | W4: Cotisations perçues pour l'OCCE dans la cadre de la participation volontaire des familles | X4: Evènement imprévu et non récurrent | Y4: Dons, actions de solidarité | AA4: Achats d'objets pour les revendre | AB4: Assurance MAE-MAIF de la coopérative et des coopérateurs | AC4: Dépenses résultant des activités pédagogiques de la coopérative | AD4: Frais bancaires | AE4: Exclusivement les cotisations versées à l'OCCE 89 Sans les assurances ! | AF4: Evènement imprévu et non récurrent | AG4: Matériel (durée de vie>1 an) pour les activités éducatives en lien avec la coopération
B5: c1 | C5: c2 | D5: c3 | E5: c4 | G5: c5 | H5: c6 | I5: c7 | J5: c8 | K5: c9 | L5: c10 | M5: c11 | N5: c12 | O5: c13 | P5: c14 | R5: c15 | S5: c16 | T5: c17 | U5: c18 | V5: c19 | W5: c20 | X5: c21 | Y5: c22 | AA5: c23 | AB5: c24 | AC5: c25 | AD5: c26 | AE5: c27 | AF5: c28 | AG5: c29
D6: Report | H6: ='7'!H22 -> 0 | I6: ='7'!I22 -> 0 | J6: ='7'!J22 -> 0 | K6: ='7'!K22 -> 0 | L6: ='7'!L22 -> 0 | M6: ='7'!M22 -> 0 | N6: ='7'!N22 -> 0 | O6: ='7'!O22 -> 0 | P6: =SUM(L6+O6) -> 0 | R6: ='7'!R22 -> 0 | S6: ='7'!S22 -> 0 | T6: ='7'!T22 -> 0 | U6: ='7'!U22 -> 0 | V6: ='7'!V22 -> 0 | W6: ='7'!W22 -> 0 | X6: ='7'!X22 -> 0 | Y6: ='7'!Y22 -> 0 | AA6: ='7'!AA22 -> 0 | AB6: ='7'!AB22 -> 0 | AC6: ='7'!AC22 -> 0 | AD6: ='7'!AD22 -> 0 | AE6: ='7'!AE22 -> 0 | AF6: ='7'!AF22 -> 0 | AG6: ='7'!AG22 -> 0
A7: L1 | B7: ='7'!B21+1 -> 106 | L7: =L6+J7-K7 -> 0 | O7: =O6+M7-N7 -> 0 | P7: =L7+O7 -> 0 | Q7: L1 | Z7: =IF(H7+I7+J7+K7+M7+N7=0," ",IF(OR(AND(H7<>0,I7=0,J7+M7+SUM(AA7:AG7)=H7),AND(I7<>0,H7=0,K7+N7=I7),AND(H7=0,I7=0,K7+N7<>0,K7+N7=SUM(AA7:AG7)),AND(H7=0,I7=0,J7+M7<>0,J7+M7=SUM(R7:Y7)),AND(H7=0,I7=0,M7=0,N7<>0,N7=J7),AND(H7=0,I7=0,M7<>0,N7=0,M7=K7)),"ok","??"))
A8: L2 | B8: =B7+1 -> 107 | L8: =L7+J8-K8 -> 0 | O8: =O7+M8-N8 -> 0 | P8: =L8+O8 -> 0 | Q8: L2 | Z8: =IF(H8+I8+J8+K8+M8+N8=0," ",IF(OR(AND(H8<>0,I8=0,J8+M8+SUM(AA8:AG8)=H8),AND(I8<>0,H8=0,K8+N8=I8),AND(H8=0,I8=0,K8+N8<>0,K8+N8=SUM(AA8:AG8)),AND(H8=0,I8=0,J8+M8<>0,J8+M8=SUM(R8:Y8)),AND(H8=0,I8=0,M8=0,N8<>0,N8=J8),AND(H8=0,I8=0,M8<>0,N8=0,M8=K8)),"ok","??"))
A9: L3 | B9: =B8+1 -> 108 | L9: =L8+J9-K9 -> 0 | O9: =O8+M9-N9 -> 0 | P9: =L9+O9 -> 0 | Q9: L3 | Z9: =IF(H9+I9+J9+K9+M9+N9=0," ",IF(OR(AND(H9<>0,I9=0,J9+M9+SUM(AA9:AG9)=H9),AND(I9<>0,H9=0,K9+N9=I9),AND(H9=0,I9=0,K9+N9<>0,K9+N9=SUM(AA9:AG9)),AND(H9=0,I9=0,J9+M9<>0,J9+M9=SUM(R9:Y9)),AND(H9=0,I9=0,M9=0,N9<>0,N9=J9),AND(H9=0,I9=0,M9<>0,N9=0,M9=K9)),"ok","??"))
A10: L4 | B10: =B9+1 -> 109 | L10: =L9+J10-K10 -> 0 | O10: =O9+M10-N10 -> 0 | P10: =L10+O10 -> 0 | Q10: L4 | Z10: =IF(H10+I10+J10+K10+M10+N10=0," ",IF(OR(AND(H10<>0,I10=0,J10+M10+SUM(AA10:AG10)=H10),AND(I10<>0,H10=0,K10+N10=I10),AND(H10=0,I10=0,K10+N10<>0,K10+N10=SUM(AA10:AG10)),AND(H10=0,I10=0,J10+M10<>0,J10+M10=SUM(R10:Y10)),AND(H10=0,I10=0,M10=0,N10<>0,N10=J10),AND(H10=0,I10=0,M10<>0,N10=0,M10=K10)),"ok","??"))
A11: L5 | B11: =B10+1 -> 110 | L11: =L10+J11-K11 -> 0 | O11: =O10+M11-N11 -> 0 | P11: =L11+O11 -> 0 | Q11: L5 | Z11: =IF(H11+I11+J11+K11+M11+N11=0," ",IF(OR(AND(H11<>0,I11=0,J11+M11+SUM(AA11:AG11)=H11),AND(I11<>0,H11=0,K11+N11=I11),AND(H11=0,I11=0,K11+N11<>0,K11+N11=SUM(AA11:AG11)),AND(H11=0,I11=0,J11+M11<>0,J11+M11=SUM(R11:Y11)),AND(H11=0,I11=0,M11=0,N11<>0,N11=J11),AND(H11=0,I11=0,M11<>0,N11=0,M11=K11)),"ok","??"))
A12: L6 | B12: =B11+1 -> 111 | L12: =L11+J12-K12 -> 0 | O12: =O11+M12-N12 -> 0 | P12: =L12+O12 -> 0 | Q12: L6 | Z12: =IF(H12+I12+J12+K12+M12+N12=0," ",IF(OR(AND(H12<>0,I12=0,J12+M12+SUM(AA12:AG12)=H12),AND(I12<>0,H12=0,K12+N12=I12),AND(H12=0,I12=0,K12+N12<>0,K12+N12=SUM(AA12:AG12)),AND(H12=0,I12=0,J12+M12<>0,J12+M12=SUM(R12:Y12)),AND(H12=0,I12=0,M12=0,N12<>0,N12=J12),AND(H12=0,I12=0,M12<>0,N12=0,M12=K12)),"ok","??"))
A13: L7 | B13: =B12+1 -> 112 | L13: =L12+J13-K13 -> 0 | O13: =O12+M13-N13 -> 0 | P13: =L13+O13 -> 0 | Q13: L7 | Z13: =IF(H13+I13+J13+K13+M13+N13=0," ",IF(OR(AND(H13<>0,I13=0,J13+M13+SUM(AA13:AG13)=H13),AND(I13<>0,H13=0,K13+N13=I13),AND(H13=0,I13=0,K13+N13<>0,K13+N13=SUM(AA13:AG13)),AND(H13=0,I13=0,J13+M13<>0,J13+M13=SUM(R13:Y13)),AND(H13=0,I13=0,M13=0,N13<>0,N13=J13),AND(H13=0,I13=0,M13<>0,N13=0,M13=K13)),"ok","??"))
A14: L8 | B14: =B13+1 -> 113 | L14: =L13+J14-K14 -> 0 | O14: =O13+M14-N14 -> 0 | P14: =L14+O14 -> 0 | Q14: L8 | Z14: =IF(H14+I14+J14+K14+M14+N14=0," ",IF(OR(AND(H14<>0,I14=0,J14+M14+SUM(AA14:AG14)=H14),AND(I14<>0,H14=0,K14+N14=I14),AND(H14=0,I14=0,K14+N14<>0,K14+N14=SUM(AA14:AG14)),AND(H14=0,I14=0,J14+M14<>0,J14+M14=SUM(R14:Y14)),AND(H14=0,I14=0,M14=0,N14<>0,N14=J14),AND(H14=0,I14=0,M14<>0,N14=0,M14=K14)),"ok","??"))
A15: L9 | B15: =B14+1 -> 114 | L15: =L14+J15-K15 -> 0 | O15: =O14+M15-N15 -> 0 | P15: =L15+O15 -> 0 | Q15: L9 | Z15: =IF(H15+I15+J15+K15+M15+N15=0," ",IF(OR(AND(H15<>0,I15=0,J15+M15+SUM(AA15:AG15)=H15),AND(I15<>0,H15=0,K15+N15=I15),AND(H15=0,I15=0,K15+N15<>0,K15+N15=SUM(AA15:AG15)),AND(H15=0,I15=0,J15+M15<>0,J15+M15=SUM(R15:Y15)),AND(H15=0,I15=0,M15=0,N15<>0,N15=J15),AND(H15=0,I15=0,M15<>0,N15=0,M15=K15)),"ok","??"))
A16: L10 | B16: =B15+1 -> 115 | L16: =L15+J16-K16 -> 0 | O16: =O15+M16-N16 -> 0 | P16: =L16+O16 -> 0 | Q16: L10 | Z16: =IF(H16+I16+J16+K16+M16+N16=0," ",IF(OR(AND(H16<>0,I16=0,J16+M16+SUM(AA16:AG16)=H16),AND(I16<>0,H16=0,K16+N16=I16),AND(H16=0,I16=0,K16+N16<>0,K16+N16=SUM(AA16:AG16)),AND(H16=0,I16=0,J16+M16<>0,J16+M16=SUM(R16:Y16)),AND(H16=0,I16=0,M16=0,N16<>0,N16=J16),AND(H16=0,I16=0,M16<>0,N16=0,M16=K16)),"ok","??"))
A17: L11 | B17: =B16+1 -> 116 | L17: =L16+J17-K17 -> 0 | O17: =O16+M17-N17 -> 0 | P17: =L17+O17 -> 0 | Q17: L11 | Z17: =IF(H17+I17+J17+K17+M17+N17=0," ",IF(OR(AND(H17<>0,I17=0,J17+M17+SUM(AA17:AG17)=H17),AND(I17<>0,H17=0,K17+N17=I17),AND(H17=0,I17=0,K17+N17<>0,K17+N17=SUM(AA17:AG17)),AND(H17=0,I17=0,J17+M17<>0,J17+M17=SUM(R17:Y17)),AND(H17=0,I17=0,M17=0,N17<>0,N17=J17),AND(H17=0,I17=0,M17<>0,N17=0,M17=K17)),"ok","??"))
A18: L12 | B18: =B17+1 -> 117 | L18: =L17+J18-K18 -> 0 | O18: =O17+M18-N18 -> 0 | P18: =L18+O18 -> 0 | Q18: L12 | Z18: =IF(H18+I18+J18+K18+M18+N18=0," ",IF(OR(AND(H18<>0,I18=0,J18+M18+SUM(AA18:AG18)=H18),AND(I18<>0,H18=0,K18+N18=I18),AND(H18=0,I18=0,K18+N18<>0,K18+N18=SUM(AA18:AG18)),AND(H18=0,I18=0,J18+M18<>0,J18+M18=SUM(R18:Y18)),AND(H18=0,I18=0,M18=0,N18<>0,N18=J18),AND(H18=0,I18=0,M18<>0,N18=0,M18=K18)),"ok","??"))
A19: L13 | B19: =B18+1 -> 118 | L19: =L18+J19-K19 -> 0 | O19: =O18+M19-N19 -> 0 | P19: =L19+O19 -> 0 | Q19: L13 | Z19: =IF(H19+I19+J19+K19+M19+N19=0," ",IF(OR(AND(H19<>0,I19=0,J19+M19+SUM(AA19:AG19)=H19),AND(I19<>0,H19=0,K19+N19=I19),AND(H19=0,I19=0,K19+N19<>0,K19+N19=SUM(AA19:AG19)),AND(H19=0,I19=0,J19+M19<>0,J19+M19=SUM(R19:Y19)),AND(H19=0,I19=0,M19=0,N19<>0,N19=J19),AND(H19=0,I19=0,M19<>0,N19=0,M19=K19)),"ok","??"))
... A21: L15 | B21: =B20+1 -> 120 | L21: =L20+J21-K21 -> 0 | O21: =O20+M21-N21 -> 0 | P21: =L21+O21 -> 0 | Q21: L15 | Z21: =IF(H21+I21+J21+K21+M21+N21=0," ",IF(OR(AND(H21<>0,I21=0,J21+M21+SUM(AA21:AG21)=H21),AND(I21<>0,H21=0,K21+N21=I21),AND(H21=0,I21=0,K21+N21<>0,K21+N21=SUM(AA21:AG21)),AND(H21=0,I21=0,J21+M21<>0,J21+M21=SUM(R21:Y21)),AND(H21=0,I21=0,M21=0,N21<>0,N21=J21),AND(H21=0,I21=0,M21<>0,N21=0,M21=K21)),"ok","??"))
B22: page 8-1 | F22: TOTAUX à reporter | H22: =SUM(H6:H21) -> 0 | I22: =SUM(I6:I21) -> 0 | J22: =SUM(J6:J21) -> 0 | K22: =SUM(K6:K21) -> 0 | L22: =L21 -> 0 | M22: =SUM(M6:M21) -> 0 | N22: =SUM(N6:N21) -> 0 | O22: =O21 -> 0 | P22: =SUM(L22+O22) -> 0 | R22: =SUM(R6:R21) -> 0 | S22: =SUM(S6:S21) -> 0 | T22: =SUM(T6:T21) -> 0 | U22: =SUM(U6:U21) -> 0 | V22: =SUM(V6:V21) -> 0 | W22: =SUM(W6:W21) -> 0 | X22: =SUM(X6:X21) -> 0 | Y22: =SUM(Y6:Y21) -> 0 | AA22: =SUM(AA6:AA21) -> 0 | AB22: =SUM(AB6:AB21) -> 0 | AC22: =SUM(AC6:AC21) -> 0 | AD22: =SUM(AD6:AD21) -> 0 | AE22: =SUM(AE6:AE21) -> 0 | AF22: =SUM(AF6:AF21) -> 0 | AG22: =SUM(AG6:AG21) -> 0
H24: (6) | I24: (5)
D25: ENTREES | E25: =SUM(J22+M22) -> 0 | H25: ="(1)" -> (1) | J25: SORTIES | M25: =SUM(K22+N22) -> 0 | P25: ="(2)" -> (2) | S25: PRODUITS | V25: =SUM(R22:Y22) -> 0 | X25: ="(3)" -> (3) | Y25: ="(3)" -> (3) | AB25: CHARGES | AE25: =SUM(AA22:AG22) -> 0 | AG25: ="(4)" -> (4)
D26: ='7'!D26+IF(G7<>0,J7,0)-IF(G7<>0,K7,0)+IF(G8<>0,J8,0)-IF(G8<>0,K8,0)+IF(G9<>0,J9,0)-IF(G9<>0,K9,0)+IF(G10<>0,J10,0)-IF(G10<>0,K10,0)+IF(G11<>0,J11,0)-IF(G11<>0,K11,0)+IF(G12<>0,J12,0)-IF(G12<>0,K12,0)+IF(G13<>0,J13,0)-IF(G13<>0,K13,0)+IF(G14<>0,J14,0)-IF(G14<>0,K14,0)+IF(G15<>0,J15,0)-IF(G15<>0,K15,0)+IF(G16<>0,J16,0)-IF(G16<>0,K16,0)+IF(G17<>0,J17,0)-IF(G17<>0,K17,0)+IF(G18<>0,J18,0)-IF(G18<>0,K18,0)+IF(G19<>0,J19,0)-IF(G19<>0,K19,0)+IF(G20<>0,J20,0)-IF(G20<>0,K20,0)+IF(G21<>0,J21,0)-IF(G21<>0,K21,0) -> 0 | E26: (somme de c6, c8 et c11) | M26: (somme de c7 c9 et c12) | V26: (somme de c15 à c22) | AE26: (somme de c23 à c29)
B27: page 8-1 | D27: Solde réel du compte bancaire : | E27: ='16>'!E27 -> 0 | H27: Vérif : | K27: ="(1)-(2)+(5)" -> (1)-(2)+(5) | L27: =E25-M25+I22 -> 0 | N27: =V25-AE25+H22 -> 0 | P27: ="(3)-(4)+(6)" -> (3)-(4)+(6) | AG27: page 8-2

Sheet 9
B2: N° PJ | C2: Date | D2: Nature de l'action pédagogique | E2: Pointage Chèque | G2: Pointage CCA | H2: Régie d'avance | J2: Compte Crédit Agricole | M2: Caisse (espèces) | P2: SITUATION GENERALE c10 + c13 | R2: 7070 | S2: 7080 | T2: 7410 | U2: 7551 | V2: 75511 | W2: 7562 | X2: 7700 | Y2: 7700 | AA2: 6070 | AB2: 61681 | AC2: 6181 | AD2: 6270 | AE2: 6586 | AF2: 6700 | AG2: 6800
R3: Ventes de produits pour cession | S3: Produits activités éducatives | T3: Subventions reçues | U3: Contributions financières Plateforme participative | V3: Contributions financières d'autres organismes | W3: Participation volontaire des familles | X3: Produits exceptionnels | Y3: Produits exceptionnels | Z3: Validité | AA3: Achats de produits pour cession | AB3: Assurances versées | AC3: Charges des activités éducatives | AD3: Services bancaires et assimilés | AE3: Cotisations versées à l'OCCE | AF3: Charges exceptionnelles | AG3: Achats de biens durables
B4: =CONCATENATE("Année scolaire : ",Garde!C11) -> Année scolaire : 2026-2027 | E4: N° chèque | G4: N° du relevé de CCA | H4: RETOUR cahier de classe Rappel du montant versé | I4: DEPART Versé à la coop. de classe | J4: Entrées | K4: Sorties | L4: Situation | M4: Entrées | N4: Sorties | O4: Situation | R4: Tout ce que vous vendez sans l'avoir fabriqué et qui a été payé au compte 6070 | S4: Recettes résultant des activités pédagogiques de la coopérative | T4: Etat, Collectivités locales, Etabl. Publics | U4: Produits provenant d'activités non éducatives | V4: Aides reçues des APE, autres associations, organismes privés | W4: Cotisations perçues pour l'OCCE dans la cadre de la participation volontaire des familles | X4: Evènement imprévu et non récurrent | Y4: Dons, actions de solidarité | AA4: Achats d'objets pour les revendre | AB4: Assurance MAE-MAIF de la coopérative et des coopérateurs | AC4: Dépenses résultant des activités pédagogiques de la coopérative | AD4: Frais bancaires | AE4: Exclusivement les cotisations versées à l'OCCE 89 Sans les assurances ! | AF4: Evènement imprévu et non récurrent | AG4: Matériel (durée de vie>1 an) pour les activités éducatives en lien avec la coopération
B5: c1 | C5: c2 | D5: c3 | E5: c4 | G5: c5 | H5: c6 | I5: c7 | J5: c8 | K5: c9 | L5: c10 | M5: c11 | N5: c12 | O5: c13 | P5: c14 | R5: c15 | S5: c16 | T5: c17 | U5: c18 | V5: c19 | W5: c20 | X5: c21 | Y5: c22 | AA5: c23 | AB5: c24 | AC5: c25 | AD5: c26 | AE5: c27 | AF5: c28 | AG5: c29
D6: Report | H6: ='8'!H22 -> 0 | I6: ='8'!I22 -> 0 | J6: ='8'!J22 -> 0 | K6: ='8'!K22 -> 0 | L6: ='8'!L22 -> 0 | M6: ='8'!M22 -> 0 | N6: ='8'!N22 -> 0 | O6: ='8'!O22 -> 0 | P6: =SUM(L6+O6) -> 0 | R6: ='8'!R22 -> 0 | S6: ='8'!S22 -> 0 | T6: ='8'!T22 -> 0 | U6: ='8'!U22 -> 0 | V6: ='8'!V22 -> 0 | W6: ='8'!W22 -> 0 | X6: ='8'!X22 -> 0 | Y6: ='8'!Y22 -> 0 | AA6: ='8'!AA22 -> 0 | AB6: ='8'!AB22 -> 0 | AC6: ='8'!AC22 -> 0 | AD6: ='8'!AD22 -> 0 | AE6: ='8'!AE22 -> 0 | AF6: ='8'!AF22 -> 0 | AG6: ='8'!AG22 -> 0
A7: L1 | B7: ='8'!B21+1 -> 121 | L7: =L6+J7-K7 -> 0 | O7: =O6+M7-N7 -> 0 | P7: =L7+O7 -> 0 | Q7: L1 | Z7: =IF(H7+I7+J7+K7+M7+N7=0," ",IF(OR(AND(H7<>0,I7=0,J7+M7+SUM(AA7:AG7)=H7),AND(I7<>0,H7=0,K7+N7=I7),AND(H7=0,I7=0,K7+N7<>0,K7+N7=SUM(AA7:AG7)),AND(H7=0,I7=0,J7+M7<>0,J7+M7=SUM(R7:Y7)),AND(H7=0,I7=0,M7=0,N7<>0,N7=J7),AND(H7=0,I7=0,M7<>0,N7=0,M7=K7)),"ok","??"))
A8: L2 | B8: =B7+1 -> 122 | L8: =L7+J8-K8 -> 0 | O8: =O7+M8-N8 -> 0 | P8: =L8+O8 -> 0 | Q8: L2 | Z8: =IF(H8+I8+J8+K8+M8+N8=0," ",IF(OR(AND(H8<>0,I8=0,J8+M8+SUM(AA8:AG8)=H8),AND(I8<>0,H8=0,K8+N8=I8),AND(H8=0,I8=0,K8+N8<>0,K8+N8=SUM(AA8:AG8)),AND(H8=0,I8=0,J8+M8<>0,J8+M8=SUM(R8:Y8)),AND(H8=0,I8=0,M8=0,N8<>0,N8=J8),AND(H8=0,I8=0,M8<>0,N8=0,M8=K8)),"ok","??"))
A9: L3 | B9: =B8+1 -> 123 | L9: =L8+J9-K9 -> 0 | O9: =O8+M9-N9 -> 0 | P9: =L9+O9 -> 0 | Q9: L3 | Z9: =IF(H9+I9+J9+K9+M9+N9=0," ",IF(OR(AND(H9<>0,I9=0,J9+M9+SUM(AA9:AG9)=H9),AND(I9<>0,H9=0,K9+N9=I9),AND(H9=0,I9=0,K9+N9<>0,K9+N9=SUM(AA9:AG9)),AND(H9=0,I9=0,J9+M9<>0,J9+M9=SUM(R9:Y9)),AND(H9=0,I9=0,M9=0,N9<>0,N9=J9),AND(H9=0,I9=0,M9<>0,N9=0,M9=K9)),"ok","??"))
A10: L4 | B10: =B9+1 -> 124 | L10: =L9+J10-K10 -> 0 | O10: =O9+M10-N10 -> 0 | P10: =L10+O10 -> 0 | Q10: L4 | Z10: =IF(H10+I10+J10+K10+M10+N10=0," ",IF(OR(AND(H10<>0,I10=0,J10+M10+SUM(AA10:AG10)=H10),AND(I10<>0,H10=0,K10+N10=I10),AND(H10=0,I10=0,K10+N10<>0,K10+N10=SUM(AA10:AG10)),AND(H10=0,I10=0,J10+M10<>0,J10+M10=SUM(R10:Y10)),AND(H10=0,I10=0,M10=0,N10<>0,N10=J10),AND(H10=0,I10=0,M10<>0,N10=0,M10=K10)),"ok","??"))
A11: L5 | B11: =B10+1 -> 125 | L11: =L10+J11-K11 -> 0 | O11: =O10+M11-N11 -> 0 | P11: =L11+O11 -> 0 | Q11: L5 | Z11: =IF(H11+I11+J11+K11+M11+N11=0," ",IF(OR(AND(H11<>0,I11=0,J11+M11+SUM(AA11:AG11)=H11),AND(I11<>0,H11=0,K11+N11=I11),AND(H11=0,I11=0,K11+N11<>0,K11+N11=SUM(AA11:AG11)),AND(H11=0,I11=0,J11+M11<>0,J11+M11=SUM(R11:Y11)),AND(H11=0,I11=0,M11=0,N11<>0,N11=J11),AND(H11=0,I11=0,M11<>0,N11=0,M11=K11)),"ok","??"))
A12: L6 | B12: =B11+1 -> 126 | L12: =L11+J12-K12 -> 0 | O12: =O11+M12-N12 -> 0 | P12: =L12+O12 -> 0 | Q12: L6 | Z12: =IF(H12+I12+J12+K12+M12+N12=0," ",IF(OR(AND(H12<>0,I12=0,J12+M12+SUM(AA12:AG12)=H12),AND(I12<>0,H12=0,K12+N12=I12),AND(H12=0,I12=0,K12+N12<>0,K12+N12=SUM(AA12:AG12)),AND(H12=0,I12=0,J12+M12<>0,J12+M12=SUM(R12:Y12)),AND(H12=0,I12=0,M12=0,N12<>0,N12=J12),AND(H12=0,I12=0,M12<>0,N12=0,M12=K12)),"ok","??"))
A13: L7 | B13: =B12+1 -> 127 | L13: =L12+J13-K13 -> 0 | O13: =O12+M13-N13 -> 0 | P13: =L13+O13 -> 0 | Q13: L7 | Z13: =IF(H13+I13+J13+K13+M13+N13=0," ",IF(OR(AND(H13<>0,I13=0,J13+M13+SUM(AA13:AG13)=H13),AND(I13<>0,H13=0,K13+N13=I13),AND(H13=0,I13=0,K13+N13<>0,K13+N13=SUM(AA13:AG13)),AND(H13=0,I13=0,J13+M13<>0,J13+M13=SUM(R13:Y13)),AND(H13=0,I13=0,M13=0,N13<>0,N13=J13),AND(H13=0,I13=0,M13<>0,N13=0,M13=K13)),"ok","??"))
A14: L8 | B14: =B13+1 -> 128 | L14: =L13+J14-K14 -> 0 | O14: =O13+M14-N14 -> 0 | P14: =L14+O14 -> 0 | Q14: L8 | Z14: =IF(H14+I14+J14+K14+M14+N14=0," ",IF(OR(AND(H14<>0,I14=0,J14+M14+SUM(AA14:AG14)=H14),AND(I14<>0,H14=0,K14+N14=I14),AND(H14=0,I14=0,K14+N14<>0,K14+N14=SUM(AA14:AG14)),AND(H14=0,I14=0,J14+M14<>0,J14+M14=SUM(R14:Y14)),AND(H14=0,I14=0,M14=0,N14<>0,N14=J14),AND(H14=0,I14=0,M14<>0,N14=0,M14=K14)),"ok","??"))
A15: L9 | B15: =B14+1 -> 129 | L15: =L14+J15-K15 -> 0 | O15: =O14+M15-N15 -> 0 | P15: =L15+O15 -> 0 | Q15: L9 | Z15: =IF(H15+I15+J15+K15+M15+N15=0," ",IF(OR(AND(H15<>0,I15=0,J15+M15+SUM(AA15:AG15)=H15),AND(I15<>0,H15=0,K15+N15=I15),AND(H15=0,I15=0,K15+N15<>0,K15+N15=SUM(AA15:AG15)),AND(H15=0,I15=0,J15+M15<>0,J15+M15=SUM(R15:Y15)),AND(H15=0,I15=0,M15=0,N15<>0,N15=J15),AND(H15=0,I15=0,M15<>0,N15=0,M15=K15)),"ok","??"))
A16: L10 | B16: =B15+1 -> 130 | L16: =L15+J16-K16 -> 0 | O16: =O15+M16-N16 -> 0 | P16: =L16+O16 -> 0 | Q16: L10 | Z16: =IF(H16+I16+J16+K16+M16+N16=0," ",IF(OR(AND(H16<>0,I16=0,J16+M16+SUM(AA16:AG16)=H16),AND(I16<>0,H16=0,K16+N16=I16),AND(H16=0,I16=0,K16+N16<>0,K16+N16=SUM(AA16:AG16)),AND(H16=0,I16=0,J16+M16<>0,J16+M16=SUM(R16:Y16)),AND(H16=0,I16=0,M16=0,N16<>0,N16=J16),AND(H16=0,I16=0,M16<>0,N16=0,M16=K16)),"ok","??"))
A17: L11 | B17: =B16+1 -> 131 | L17: =L16+J17-K17 -> 0 | O17: =O16+M17-N17 -> 0 | P17: =L17+O17 -> 0 | Q17: L11 | Z17: =IF(H17+I17+J17+K17+M17+N17=0," ",IF(OR(AND(H17<>0,I17=0,J17+M17+SUM(AA17:AG17)=H17),AND(I17<>0,H17=0,K17+N17=I17),AND(H17=0,I17=0,K17+N17<>0,K17+N17=SUM(AA17:AG17)),AND(H17=0,I17=0,J17+M17<>0,J17+M17=SUM(R17:Y17)),AND(H17=0,I17=0,M17=0,N17<>0,N17=J17),AND(H17=0,I17=0,M17<>0,N17=0,M17=K17)),"ok","??"))
A18: L12 | B18: =B17+1 -> 132 | L18: =L17+J18-K18 -> 0 | O18: =O17+M18-N18 -> 0 | P18: =L18+O18 -> 0 | Q18: L12 | Z18: =IF(H18+I18+J18+K18+M18+N18=0," ",IF(OR(AND(H18<>0,I18=0,J18+M18+SUM(AA18:AG18)=H18),AND(I18<>0,H18=0,K18+N18=I18),AND(H18=0,I18=0,K18+N18<>0,K18+N18=SUM(AA18:AG18)),AND(H18=0,I18=0,J18+M18<>0,J18+M18=SUM(R18:Y18)),AND(H18=0,I18=0,M18=0,N18<>0,N18=J18),AND(H18=0,I18=0,M18<>0,N18=0,M18=K18)),"ok","??"))
A19: L13 | B19: =B18+1 -> 133 | L19: =L18+J19-K19 -> 0 | O19: =O18+M19-N19 -> 0 | P19: =L19+O19 -> 0 | Q19: L13 | Z19: =IF(H19+I19+J19+K19+M19+N19=0," ",IF(OR(AND(H19<>0,I19=0,J19+M19+SUM(AA19:AG19)=H19),AND(I19<>0,H19=0,K19+N19=I19),AND(H19=0,I19=0,K19+N19<>0,K19+N19=SUM(AA19:AG19)),AND(H19=0,I19=0,J19+M19<>0,J19+M19=SUM(R19:Y19)),AND(H19=0,I19=0,M19=0,N19<>0,N19=J19),AND(H19=0,I19=0,M19<>0,N19=0,M19=K19)),"ok","??"))
... A21: L15 | B21: =B20+1 -> 135 | L21: =L20+J21-K21 -> 0 | O21: =O20+M21-N21 -> 0 | P21: =L21+O21 -> 0 | Q21: L15 | Z21: =IF(H21+I21+J21+K21+M21+N21=0," ",IF(OR(AND(H21<>0,I21=0,J21+M21+SUM(AA21:AG21)=H21),AND(I21<>0,H21=0,K21+N21=I21),AND(H21=0,I21=0,K21+N21<>0,K21+N21=SUM(AA21:AG21)),AND(H21=0,I21=0,J21+M21<>0,J21+M21=SUM(R21:Y21)),AND(H21=0,I21=0,M21=0,N21<>0,N21=J21),AND(H21=0,I21=0,M21<>0,N21=0,M21=K21)),"ok","??"))
B22: page 9-1 | F22: TOTAUX à reporter | H22: =SUM(H6:H21) -> 0 | I22: =SUM(I6:I21) -> 0 | J22: =SUM(J6:J21) -> 0 | K22: =SUM(K6:K21) -> 0 | L22: =L21 -> 0 | M22: =SUM(M6:M21) -> 0 | N22: =SUM(N6:N21) -> 0 | O22: =O21 -> 0 | P22: =SUM(L22+O22) -> 0 | R22: =SUM(R6:R21) -> 0 | S22: =SUM(S6:S21) -> 0 | T22: =SUM(T6:T21) -> 0 | U22: =SUM(U6:U21) -> 0 | V22: =SUM(V6:V21) -> 0 | W22: =SUM(W6:W21) -> 0 | X22: =SUM(X6:X21) -> 0 | Y22: =SUM(Y6:Y21) -> 0 | AA22: =SUM(AA6:AA21) -> 0 | AB22: =SUM(AB6:AB21) -> 0 | AC22: =SUM(AC6:AC21) -> 0 | AD22: =SUM(AD6:AD21) -> 0 | AE22: =SUM(AE6:AE21) -> 0 | AF22: =SUM(AF6:AF21) -> 0 | AG22: =SUM(AG6:AG21) -> 0
H24: (6) | I24: (5)
D25: ENTREES | E25: =SUM(J22+M22) -> 0 | H25: ="(1)" -> (1) | J25: SORTIES | M25: =SUM(K22+N22) -> 0 | P25: ="(2)" -> (2) | S25: PRODUITS | V25: =SUM(R22:Y22) -> 0 | X25: ="(3)" -> (3) | Y25: ="(3)" -> (3) | AB25: CHARGES | AE25: =SUM(AA22:AG22) -> 0 | AG25: ="(4)" -> (4)
D26: ='8'!D26+IF(G7<>0,J7,0)-IF(G7<>0,K7,0)+IF(G8<>0,J8,0)-IF(G8<>0,K8,0)+IF(G9<>0,J9,0)-IF(G9<>0,K9,0)+IF(G10<>0,J10,0)-IF(G10<>0,K10,0)+IF(G11<>0,J11,0)-IF(G11<>0,K11,0)+IF(G12<>0,J12,0)-IF(G12<>0,K12,0)+IF(G13<>0,J13,0)-IF(G13<>0,K13,0)+IF(G14<>0,J14,0)-IF(G14<>0,K14,0)+IF(G15<>0,J15,0)-IF(G15<>0,K15,0)+IF(G16<>0,J16,0)-IF(G16<>0,K16,0)+IF(G17<>0,J17,0)-IF(G17<>0,K17,0)+IF(G18<>0,J18,0)-IF(G18<>0,K18,0)+IF(G19<>0,J19,0)-IF(G19<>0,K19,0)+IF(G20<>0,J20,0)-IF(G20<>0,K20,0)+IF(G21<>0,J21,0)-IF(G21<>0,K21,0) -> 0 | E26: (somme de c6, c8 et c11) | M26: (somme de c7 c9 et c12) | V26: (somme de c15 à c22) | AE26: (somme de c23 à c29)
B27: page 9-1 | D27: Solde réel du compte bancaire : | E27: ='16>'!E27 -> 0 | H27: Vérif : | K27: ="(1)-(2)+(5)" -> (1)-(2)+(5) | L27: =E25-M25+I22 -> 0 | N27: =V25-AE25+H22 -> 0 | P27: ="(3)-(4)+(6)" -> (3)-(4)+(6) | AG27: page 9-2

Sheet 10
B2: N° PJ | C2: Date | D2: Nature de l'action pédagogique | E2: Pointage Chèque | G2: Pointage CCA | H2: Régie d'avance | J2: Compte Crédit Agricole | M2: Caisse (espèces) | P2: SITUATION GENERALE c10 + c13 | R2: 7070 | S2: 7080 | T2: 7410 | U2: 7551 | V2: 75511 | W2: 7562 | X2: 7700 | Y2: 7700 | AA2: 6070 | AB2: 61681 | AC2: 6181 | AD2: 6270 | AE2: 6586 | AF2: 6700 | AG2: 6800
R3: Ventes de produits pour cession | S3: Produits activités éducatives | T3: Subventions reçues | U3: Contributions financières Plateforme participative | V3: Contributions financières d'autres organismes | W3: Participation volontaire des familles | X3: Produits exceptionnels | Y3: Produits exceptionnels | Z3: Validité | AA3: Achats de produits pour cession | AB3: Assurances versées | AC3: Charges des activités éducatives | AD3: Services bancaires et assimilés | AE3: Cotisations versées à l'OCCE | AF3: Charges exceptionnelles | AG3: Achats de biens durables
B4: =CONCATENATE("Année scolaire : ",Garde!C11) -> Année scolaire : 2026-2027 | E4: N° chèque | G4: N° du relevé de CCA | H4: RETOUR cahier de classe Rappel du montant versé | I4: DEPART Versé à la coop. de classe | J4: Entrées | K4: Sorties | L4: Situation | M4: Entrées | N4: Sorties | O4: Situation | R4: Tout ce que vous vendez sans l'avoir fabriqué et qui a été payé au compte 6070 | S4: Recettes résultant des activités pédagogiques de la coopérative | T4: Etat, Collectivités locales, Etabl. Publics | U4: Produits provenant d'activités non éducatives | V4: Aides reçues des APE, autres associations, organismes privés | W4: Cotisations perçues pour l'OCCE dans la cadre de la participation volontaire des familles | X4: Evènement imprévu et non récurrent | Y4: Dons, actions de solidarité | AA4: Achats d'objets pour les revendre | AB4: Assurance MAE-MAIF de la coopérative et des coopérateurs | AC4: Dépenses résultant des activités pédagogiques de la coopérative | AD4: Frais bancaires | AE4: Exclusivement les cotisations versées à l'OCCE 89 Sans les assurances ! | AF4: Evènement imprévu et non récurrent | AG4: Matériel (durée de vie>1 an) pour les activités éducatives en lien avec la coopération
B5: c1 | C5: c2 | D5: c3 | E5: c4 | G5: c5 | H5: c6 | I5: c7 | J5: c8 | K5: c9 | L5: c10 | M5: c11 | N5: c12 | O5: c13 | P5: c14 | R5: c15 | S5: c16 | T5: c17 | U5: c18 | V5: c19 | W5: c20 | X5: c21 | Y5: c22 | AA5: c23 | AB5: c24 | AC5: c25 | AD5: c26 | AE5: c27 | AF5: c28 | AG5: c29
D6: Report | H6: ='9'!H22 -> 0 | I6: ='9'!I22 -> 0 | J6: ='9'!J22 -> 0 | K6: ='9'!K22 -> 0 | L6: ='9'!L22 -> 0 | M6: ='9'!M22 -> 0 | N6: ='9'!N22 -> 0 | O6: ='9'!O22 -> 0 | P6: =SUM(L6+O6) -> 0 | R6: ='9'!R22 -> 0 | S6: ='9'!S22 -> 0 | T6: ='9'!T22 -> 0 | U6: ='9'!U22 -> 0 | V6: ='9'!V22 -> 0 | W6: ='9'!W22 -> 0 | X6: ='9'!X22 -> 0 | Y6: ='9'!Y22 -> 0 | AA6: ='9'!AA22 -> 0 | AB6: ='9'!AB22 -> 0 | AC6: ='9'!AC22 -> 0 | AD6: ='9'!AD22 -> 0 | AE6: ='9'!AE22 -> 0 | AF6: ='9'!AF22 -> 0 | AG6: ='9'!AG22 -> 0
A7: L1 | B7: ='9'!B21+1 -> 136 | L7: =L6+J7-K7 -> 0 | O7: =O6+M7-N7 -> 0 | P7: =L7+O7 -> 0 | Q7: L1 | Z7: =IF(H7+I7+J7+K7+M7+N7=0," ",IF(OR(AND(H7<>0,I7=0,J7+M7+SUM(AA7:AG7)=H7),AND(I7<>0,H7=0,K7+N7=I7),AND(H7=0,I7=0,K7+N7<>0,K7+N7=SUM(AA7:AG7)),AND(H7=0,I7=0,J7+M7<>0,J7+M7=SUM(R7:Y7)),AND(H7=0,I7=0,M7=0,N7<>0,N7=J7),AND(H7=0,I7=0,M7<>0,N7=0,M7=K7)),"ok","??"))
A8: L2 | B8: =B7+1 -> 137 | L8: =L7+J8-K8 -> 0 | O8: =O7+M8-N8 -> 0 | P8: =L8+O8 -> 0 | Q8: L2 | Z8: =IF(H8+I8+J8+K8+M8+N8=0," ",IF(OR(AND(H8<>0,I8=0,J8+M8+SUM(AA8:AG8)=H8),AND(I8<>0,H8=0,K8+N8=I8),AND(H8=0,I8=0,K8+N8<>0,K8+N8=SUM(AA8:AG8)),AND(H8=0,I8=0,J8+M8<>0,J8+M8=SUM(R8:Y8)),AND(H8=0,I8=0,M8=0,N8<>0,N8=J8),AND(H8=0,I8=0,M8<>0,N8=0,M8=K8)),"ok","??"))
A9: L3 | B9: =B8+1 -> 138 | L9: =L8+J9-K9 -> 0 | O9: =O8+M9-N9 -> 0 | P9: =L9+O9 -> 0 | Q9: L3 | Z9: =IF(H9+I9+J9+K9+M9+N9=0," ",IF(OR(AND(H9<>0,I9=0,J9+M9+SUM(AA9:AG9)=H9),AND(I9<>0,H9=0,K9+N9=I9),AND(H9=0,I9=0,K9+N9<>0,K9+N9=SUM(AA9:AG9)),AND(H9=0,I9=0,J9+M9<>0,J9+M9=SUM(R9:Y9)),AND(H9=0,I9=0,M9=0,N9<>0,N9=J9),AND(H9=0,I9=0,M9<>0,N9=0,M9=K9)),"ok","??"))
A10: L4 | B10: =B9+1 -> 139 | L10: =L9+J10-K10 -> 0 | O10: =O9+M10-N10 -> 0 | P10: =L10+O10 -> 0 | Q10: L4 | Z10: =IF(H10+I10+J10+K10+M10+N10=0," ",IF(OR(AND(H10<>0,I10=0,J10+M10+SUM(AA10:AG10)=H10),AND(I10<>0,H10=0,K10+N10=I10),AND(H10=0,I10=0,K10+N10<>0,K10+N10=SUM(AA10:AG10)),AND(H10=0,I10=0,J10+M10<>0,J10+M10=SUM(R10:Y10)),AND(H10=0,I10=0,M10=0,N10<>0,N10=J10),AND(H10=0,I10=0,M10<>0,N10=0,M10=K10)),"ok","??"))
A11: L5 | B11: =B10+1 -> 140 | L11: =L10+J11-K11 -> 0 | O11: =O10+M11-N11 -> 0 | P11: =L11+O11 -> 0 | Q11: L5 | Z11: =IF(H11+I11+J11+K11+M11+N11=0," ",IF(OR(AND(H11<>0,I11=0,J11+M11+SUM(AA11:AG11)=H11),AND(I11<>0,H11=0,K11+N11=I11),AND(H11=0,I11=0,K11+N11<>0,K11+N11=SUM(AA11:AG11)),AND(H11=0,I11=0,J11+M11<>0,J11+M11=SUM(R11:Y11)),AND(H11=0,I11=0,M11=0,N11<>0,N11=J11),AND(H11=0,I11=0,M11<>0,N11=0,M11=K11)),"ok","??"))
A12: L6 | B12: =B11+1 -> 141 | L12: =L11+J12-K12 -> 0 | O12: =O11+M12-N12 -> 0 | P12: =L12+O12 -> 0 | Q12: L6 | Z12: =IF(H12+I12+J12+K12+M12+N12=0," ",IF(OR(AND(H12<>0,I12=0,J12+M12+SUM(AA12:AG12)=H12),AND(I12<>0,H12=0,K12+N12=I12),AND(H12=0,I12=0,K12+N12<>0,K12+N12=SUM(AA12:AG12)),AND(H12=0,I12=0,J12+M12<>0,J12+M12=SUM(R12:Y12)),AND(H12=0,I12=0,M12=0,N12<>0,N12=J12),AND(H12=0,I12=0,M12<>0,N12=0,M12=K12)),"ok","??"))
A13: L7 | B13: =B12+1 -> 142 | L13: =L12+J13-K13 -> 0 | O13: =O12+M13-N13 -> 0 | P13: =L13+O13 -> 0 | Q13: L7 | Z13: =IF(H13+I13+J13+K13+M13+N13=0," ",IF(OR(AND(H13<>0,I13=0,J13+M13+SUM(AA13:AG13)=H13),AND(I13<>0,H13=0,K13+N13=I13),AND(H13=0,I13=0,K13+N13<>0,K13+N13=SUM(AA13:AG13)),AND(H13=0,I13=0,J13+M13<>0,J13+M13=SUM(R13:Y13)),AND(H13=0,I13=0,M13=0,N13<>0,N13=J13),AND(H13=0,I13=0,M13<>0,N13=0,M13=K13)),"ok","??"))
A14: L8 | B14: =B13+1 -> 143 | L14: =L13+J14-K14 -> 0 | O14: =O13+M14-N14 -> 0 | P14: =L14+O14 -> 0 | Q14: L8 | Z14: =IF(H14+I14+J14+K14+M14+N14=0," ",IF(OR(AND(H14<>0,I14=0,J14+M14+SUM(AA14:AG14)=H14),AND(I14<>0,H14=0,K14+N14=I14),AND(H14=0,I14=0,K14+N14<>0,K14+N14=SUM(AA14:AG14)),AND(H14=0,I14=0,J14+M14<>0,J14+M14=SUM(R14:Y14)),AND(H14=0,I14=0,M14=0,N14<>0,N14=J14),AND(H14=0,I14=0,M14<>0,N14=0,M14=K14)),"ok","??"))
A15: L9 | B15: =B14+1 -> 144 | L15: =L14+J15-K15 -> 0 | O15: =O14+M15-N15 -> 0 | P15: =L15+O15 -> 0 | Q15: L9 | Z15: =IF(H15+I15+J15+K15+M15+N15=0," ",IF(OR(AND(H15<>0,I15=0,J15+M15+SUM(AA15:AG15)=H15),AND(I15<>0,H15=0,K15+N15=I15),AND(H15=0,I15=0,K15+N15<>0,K15+N15=SUM(AA15:AG15)),AND(H15=0,I15=0,J15+M15<>0,J15+M15=SUM(R15:Y15)),AND(H15=0,I15=0,M15=0,N15<>0,N15=J15),AND(H15=0,I15=0,M15<>0,N15=0,M15=K15)),"ok","??"))
A16: L10 | B16: =B15+1 -> 145 | L16: =L15+J16-K16 -> 0 | O16: =O15+M16-N16 -> 0 | P16: =L16+O16 -> 0 | Q16: L10 | Z16: =IF(H16+I16+J16+K16+M16+N16=0," ",IF(OR(AND(H16<>0,I16=0,J16+M16+SUM(AA16:AG16)=H16),AND(I16<>0,H16=0,K16+N16=I16),AND(H16=0,I16=0,K16+N16<>0,K16+N16=SUM(AA16:AG16)),AND(H16=0,I16=0,J16+M16<>0,J16+M16=SUM(R16:Y16)),AND(H16=0,I16=0,M16=0,N16<>0,N16=J16),AND(H16=0,I16=0,M16<>0,N16=0,M16=K16)),"ok","??"))
A17: L11 | B17: =B16+1 -> 146 | L17: =L16+J17-K17 -> 0 | O17: =O16+M17-N17 -> 0 | P17: =L17+O17 -> 0 | Q17: L11 | Z17: =IF(H17+I17+J17+K17+M17+N17=0," ",IF(OR(AND(H17<>0,I17=0,J17+M17+SUM(AA17:AG17)=H17),AND(I17<>0,H17=0,K17+N17=I17),AND(H17=0,I17=0,K17+N17<>0,K17+N17=SUM(AA17:AG17)),AND(H17=0,I17=0,J17+M17<>0,J17+M17=SUM(R17:Y17)),AND(H17=0,I17=0,M17=0,N17<>0,N17=J17),AND(H17=0,I17=0,M17<>0,N17=0,M17=K17)),"ok","??"))
A18: L12 | B18: =B17+1 -> 147 | L18: =L17+J18-K18 -> 0 | O18: =O17+M18-N18 -> 0 | P18: =L18+O18 -> 0 | Q18: L12 | Z18: =IF(H18+I18+J18+K18+M18+N18=0," ",IF(OR(AND(H18<>0,I18=0,J18+M18+SUM(AA18:AG18)=H18),AND(I18<>0,H18=0,K18+N18=I18),AND(H18=0,I18=0,K18+N18<>0,K18+N18=SUM(AA18:AG18)),AND(H18=0,I18=0,J18+M18<>0,J18+M18=SUM(R18:Y18)),AND(H18=0,I18=0,M18=0,N18<>0,N18=J18),AND(H18=0,I18=0,M18<>0,N18=0,M18=K18)),"ok","??"))
A19: L13 | B19: =B18+1 -> 148 | L19: =L18+J19-K19 -> 0 | O19: =O18+M19-N19 -> 0 | P19: =L19+O19 -> 0 | Q19: L13 | Z19: =IF(H19+I19+J19+K19+M19+N19=0," ",IF(OR(AND(H19<>0,I19=0,J19+M19+SUM(AA19:AG19)=H19),AND(I19<>0,H19=0,K19+N19=I19),AND(H19=0,I19=0,K19+N19<>0,K19+N19=SUM(AA19:AG19)),AND(H19=0,I19=0,J19+M19<>0,J19+M19=SUM(R19:Y19)),AND(H19=0,I19=0,M19=0,N19<>0,N19=J19),AND(H19=0,I19=0,M19<>0,N19=0,M19=K19)),"ok","??"))
... A21: L15 | B21: =B20+1 -> 150 | L21: =L20+J21-K21 -> 0 | O21: =O20+M21-N21 -> 0 | P21: =L21+O21 -> 0 | Q21: L15 | Z21: =IF(H21+I21+J21+K21+M21+N21=0," ",IF(OR(AND(H21<>0,I21=0,J21+M21+SUM(AA21:AG21)=H21),AND(I21<>0,H21=0,K21+N21=I21),AND(H21=0,I21=0,K21+N21<>0,K21+N21=SUM(AA21:AG21)),AND(H21=0,I21=0,J21+M21<>0,J21+M21=SUM(R21:Y21)),AND(H21=0,I21=0,M21=0,N21<>0,N21=J21),AND(H21=0,I21=0,M21<>0,N21=0,M21=K21)),"ok","??"))
B22: page 10-1 | F22: TOTAUX à reporter | H22: =SUM(H6:H21) -> 0 | I22: =SUM(I6:I21) -> 0 | J22: =SUM(J6:J21) -> 0 | K22: =SUM(K6:K21) -> 0 | L22: =L21 -> 0 | M22: =SUM(M6:M21) -> 0 | N22: =SUM(N6:N21) -> 0 | O22: =O21 -> 0 | P22: =SUM(L22+O22) -> 0 | R22: =SUM(R6:R21) -> 0 | S22: =SUM(S6:S21) -> 0 | T22: =SUM(T6:T21) -> 0 | U22: =SUM(U6:U21) -> 0 | V22: =SUM(V6:V21) -> 0 | W22: =SUM(W6:W21) -> 0 | X22: =SUM(X6:X21) -> 0 | Y22: =SUM(Y6:Y21) -> 0 | AA22: =SUM(AA6:AA21) -> 0 | AB22: =SUM(AB6:AB21) -> 0 | AC22: =SUM(AC6:AC21) -> 0 | AD22: =SUM(AD6:AD21) -> 0 | AE22: =SUM(AE6:AE21) -> 0 | AF22: =SUM(AF6:AF21) -> 0 | AG22: =SUM(AG6:AG21) -> 0
H24: (6) | I24: (5)
D25: ENTREES | E25: =SUM(J22+M22) -> 0 | H25: ="(1)" -> (1) | J25: SORTIES | M25: =SUM(K22+N22) -> 0 | P25: ="(2)" -> (2) | S25: PRODUITS | V25: =SUM(R22:Y22) -> 0 | X25: ="(3)" -> (3) | Y25: ="(3)" -> (3) | AB25: CHARGES | AE25: =SUM(AA22:AG22) -> 0 | AG25: ="(4)" -> (4)
D26: ='9'!D26+IF(G7<>0,J7,0)-IF(G7<>0,K7,0)+IF(G8<>0,J8,0)-IF(G8<>0,K8,0)+IF(G9<>0,J9,0)-IF(G9<>0,K9,0)+IF(G10<>0,J10,0)-IF(G10<>0,K10,0)+IF(G11<>0,J11,0)-IF(G11<>0,K11,0)+IF(G12<>0,J12,0)-IF(G12<>0,K12,0)+IF(G13<>0,J13,0)-IF(G13<>0,K13,0)+IF(G14<>0,J14,0)-IF(G14<>0,K14,0)+IF(G15<>0,J15,0)-IF(G15<>0,K15,0)+IF(G16<>0,J16,0)-IF(G16<>0,K16,0)+IF(G17<>0,J17,0)-IF(G17<>0,K17,0)+IF(G18<>0,J18,0)-IF(G18<>0,K18,0)+IF(G19<>0,J19,0)-IF(G19<>0,K19,0)+IF(G20<>0,J20,0)-IF(G20<>0,K20,0)+IF(G21<>0,J21,0)-IF(G21<>0,K21,0) -> 0 | E26: (somme de c6, c8 et c11) | M26: (somme de c7 c9 et c12) | V26: (somme de c15 à c22) | AE26: (somme de c23 à c29)
B27: page 10-1 | D27: Solde réel du compte bancaire : | E27: ='16>'!E27 -> 0 | H27: Vérif : | K27: ="(1)-(2)+(5)" -> (1)-(2)+(5) | L27: =E25-M25+I22 -> 0 | N27: =V25-AE25+H22 -> 0 | P27: ="(3)-(4)+(6)" -> (3)-(4)+(6) | AG27: page 10-2

Sheet 11
B2: N° PJ | C2: Date | D2: Nature de l'action pédagogique | E2: Pointage Chèque | G2: Pointage CCA | H2: Régie d'avance | J2: Compte Crédit Agricole | M2: Caisse (espèces) | P2: SITUATION GENERALE c10 + c13 | R2: 7070 | S2: 7080 | T2: 7410 | U2: 7551 | V2: 75511 | W2: 7562 | X2: 7700 | Y2: 7700 | AA2: 6070 | AB2: 61681 | AC2: 6181 | AD2: 6270 | AE2: 6586 | AF2: 6700 | AG2: 6800
R3: Ventes de produits pour cession | S3: Produits activités éducatives | T3: Subventions reçues | U3: Contributions financières Plateforme participative | V3: Contributions financières d'autres organismes | W3: Participation volontaire des familles | X3: Produits exceptionnels | Y3: Produits exceptionnels | Z3: Validité | AA3: Achats de produits pour cession | AB3: Assurances versées | AC3: Charges des activités éducatives | AD3: Services bancaires et assimilés | AE3: Cotisations versées à l'OCCE | AF3: Charges exceptionnelles | AG3: Achats de biens durables
B4: =CONCATENATE("Année scolaire : ",Garde!C11) -> Année scolaire : 2026-2027 | E4: N° chèque | G4: N° du relevé de CCA | H4: RETOUR cahier de classe Rappel du montant versé | I4: DEPART Versé à la coop. de classe | J4: Entrées | K4: Sorties | L4: Situation | M4: Entrées | N4: Sorties | O4: Situation | R4: Tout ce que vous vendez sans l'avoir fabriqué et qui a été payé au compte 6070 | S4: Recettes résultant des activités pédagogiques de la coopérative | T4: Etat, Collectivités locales, Etabl. Publics | U4: Produits provenant d'activités non éducatives | V4: Aides reçues des APE, autres associations, organismes privés | W4: Cotisations perçues pour l'OCCE dans la cadre de la participation volontaire des familles | X4: Evènement imprévu et non récurrent | Y4: Dons, actions de solidarité | AA4: Achats d'objets pour les revendre | AB4: Assurance MAE-MAIF de la coopérative et des coopérateurs | AC4: Dépenses résultant des activités pédagogiques de la coopérative | AD4: Frais bancaires | AE4: Exclusivement les cotisations versées à l'OCCE 89 Sans les assurances ! | AF4: Evènement imprévu et non récurrent | AG4: Matériel (durée de vie>1 an) pour les activités éducatives en lien avec la coopération
B5: c1 | C5: c2 | D5: c3 | E5: c4 | G5: c5 | H5: c6 | I5: c7 | J5: c8 | K5: c9 | L5: c10 | M5: c11 | N5: c12 | O5: c13 | P5: c14 | R5: c15 | S5: c16 | T5: c17 | U5: c18 | V5: c19 | W5: c20 | X5: c21 | Y5: c22 | AA5: c23 | AB5: c24 | AC5: c25 | AD5: c26 | AE5: c27 | AF5: c28 | AG5: c29
D6: Report | H6: ='10'!H22 -> 0 | I6: ='10'!I22 -> 0 | J6: ='10'!J22 -> 0 | K6: ='10'!K22 -> 0 | L6: ='10'!L22 -> 0 | M6: ='10'!M22 -> 0 | N6: ='10'!N22 -> 0 | O6: ='10'!O22 -> 0 | P6: =SUM(L6+O6) -> 0 | R6: ='10'!R22 -> 0 | S6: ='10'!S22 -> 0 | T6: ='10'!T22 -> 0 | U6: ='10'!U22 -> 0 | V6: ='10'!V22 -> 0 | W6: ='10'!W22 -> 0 | X6: ='10'!X22 -> 0 | Y6: ='10'!Y22 -> 0 | AA6: ='10'!AA22 -> 0 | AB6: ='10'!AB22 -> 0 | AC6: ='10'!AC22 -> 0 | AD6: ='10'!AD22 -> 0 | AE6: ='10'!AE22 -> 0 | AF6: ='10'!AF22 -> 0 | AG6: ='10'!AG22 -> 0
A7: L1 | B7: ='10'!B21+1 -> 151 | L7: =L6+J7-K7 -> 0 | O7: =O6+M7-N7 -> 0 | P7: =L7+O7 -> 0 | Q7: L1 | Z7: =IF(H7+I7+J7+K7+M7+N7=0," ",IF(OR(AND(H7<>0,I7=0,J7+M7+SUM(AA7:AG7)=H7),AND(I7<>0,H7=0,K7+N7=I7),AND(H7=0,I7=0,K7+N7<>0,K7+N7=SUM(AA7:AG7)),AND(H7=0,I7=0,J7+M7<>0,J7+M7=SUM(R7:Y7)),AND(H7=0,I7=0,M7=0,N7<>0,N7=J7),AND(H7=0,I7=0,M7<>0,N7=0,M7=K7)),"ok","??"))
A8: L2 | B8: =B7+1 -> 152 | L8: =L7+J8-K8 -> 0 | O8: =O7+M8-N8 -> 0 | P8: =L8+O8 -> 0 | Q8: L2 | Z8: =IF(H8+I8+J8+K8+M8+N8=0," ",IF(OR(AND(H8<>0,I8=0,J8+M8+SUM(AA8:AG8)=H8),AND(I8<>0,H8=0,K8+N8=I8),AND(H8=0,I8=0,K8+N8<>0,K8+N8=SUM(AA8:AG8)),AND(H8=0,I8=0,J8+M8<>0,J8+M8=SUM(R8:Y8)),AND(H8=0,I8=0,M8=0,N8<>0,N8=J8),AND(H8=0,I8=0,M8<>0,N8=0,M8=K8)),"ok","??"))
A9: L3 | B9: =B8+1 -> 153 | L9: =L8+J9-K9 -> 0 | O9: =O8+M9-N9 -> 0 | P9: =L9+O9 -> 0 | Q9: L3 | Z9: =IF(H9+I9+J9+K9+M9+N9=0," ",IF(OR(AND(H9<>0,I9=0,J9+M9+SUM(AA9:AG9)=H9),AND(I9<>0,H9=0,K9+N9=I9),AND(H9=0,I9=0,K9+N9<>0,K9+N9=SUM(AA9:AG9)),AND(H9=0,I9=0,J9+M9<>0,J9+M9=SUM(R9:Y9)),AND(H9=0,I9=0,M9=0,N9<>0,N9=J9),AND(H9=0,I9=0,M9<>0,N9=0,M9=K9)),"ok","??"))
A10: L4 | B10: =B9+1 -> 154 | L10: =L9+J10-K10 -> 0 | O10: =O9+M10-N10 -> 0 | P10: =L10+O10 -> 0 | Q10: L4 | Z10: =IF(H10+I10+J10+K10+M10+N10=0," ",IF(OR(AND(H10<>0,I10=0,J10+M10+SUM(AA10:AG10)=H10),AND(I10<>0,H10=0,K10+N10=I10),AND(H10=0,I10=0,K10+N10<>0,K10+N10=SUM(AA10:AG10)),AND(H10=0,I10=0,J10+M10<>0,J10+M10=SUM(R10:Y10)),AND(H10=0,I10=0,M10=0,N10<>0,N10=J10),AND(H10=0,I10=0,M10<>0,N10=0,M10=K10)),"ok","??"))
A11: L5 | B11: =B10+1 -> 155 | L11: =L10+J11-K11 -> 0 | O11: =O10+M11-N11 -> 0 | P11: =L11+O11 -> 0 | Q11: L5 | Z11: =IF(H11+I11+J11+K11+M11+N11=0," ",IF(OR(AND(H11<>0,I11=0,J11+M11+SUM(AA11:AG11)=H11),AND(I11<>0,H11=0,K11+N11=I11),AND(H11=0,I11=0,K11+N11<>0,K11+N11=SUM(AA11:AG11)),AND(H11=0,I11=0,J11+M11<>0,J11+M11=SUM(R11:Y11)),AND(H11=0,I11=0,M11=0,N11<>0,N11=J11),AND(H11=0,I11=0,M11<>0,N11=0,M11=K11)),"ok","??"))
A12: L6 | B12: =B11+1 -> 156 | L12: =L11+J12-K12 -> 0 | O12: =O11+M12-N12 -> 0 | P12: =L12+O12 -> 0 | Q12: L6 | Z12: =IF(H12+I12+J12+K12+M12+N12=0," ",IF(OR(AND(H12<>0,I12=0,J12+M12+SUM(AA12:AG12)=H12),AND(I12<>0,H12=0,K12+N12=I12),AND(H12=0,I12=0,K12+N12<>0,K12+N12=SUM(AA12:AG12)),AND(H12=0,I12=0,J12+M12<>0,J12+M12=SUM(R12:Y12)),AND(H12=0,I12=0,M12=0,N12<>0,N12=J12),AND(H12=0,I12=0,M12<>0,N12=0,M12=K12)),"ok","??"))
A13: L7 | B13: =B12+1 -> 157 | L13: =L12+J13-K13 -> 0 | O13: =O12+M13-N13 -> 0 | P13: =L13+O13 -> 0 | Q13: L7 | Z13: =IF(H13+I13+J13+K13+M13+N13=0," ",IF(OR(AND(H13<>0,I13=0,J13+M13+SUM(AA13:AG13)=H13),AND(I13<>0,H13=0,K13+N13=I13),AND(H13=0,I13=0,K13+N13<>0,K13+N13=SUM(AA13:AG13)),AND(H13=0,I13=0,J13+M13<>0,J13+M13=SUM(R13:Y13)),AND(H13=0,I13=0,M13=0,N13<>0,N13=J13),AND(H13=0,I13=0,M13<>0,N13=0,M13=K13)),"ok","??"))
A14: L8 | B14: =B13+1 -> 158 | L14: =L13+J14-K14 -> 0 | O14: =O13+M14-N14 -> 0 | P14: =L14+O14 -> 0 | Q14: L8 | Z14: =IF(H14+I14+J14+K14+M14+N14=0," ",IF(OR(AND(H14<>0,I14=0,J14+M14+SUM(AA14:AG14)=H14),AND(I14<>0,H14=0,K14+N14=I14),AND(H14=0,I14=0,K14+N14<>0,K14+N14=SUM(AA14:AG14)),AND(H14=0,I14=0,J14+M14<>0,J14+M14=SUM(R14:Y14)),AND(H14=0,I14=0,M14=0,N14<>0,N14=J14),AND(H14=0,I14=0,M14<>0,N14=0,M14=K14)),"ok","??"))
A15: L9 | B15: =B14+1 -> 159 | L15: =L14+J15-K15 -> 0 | O15: =O14+M15-N15 -> 0 | P15: =L15+O15 -> 0 | Q15: L9 | Z15: =IF(H15+I15+J15+K15+M15+N15=0," ",IF(OR(AND(H15<>0,I15=0,J15+M15+SUM(AA15:AG15)=H15),AND(I15<>0,H15=0,K15+N15=I15),AND(H15=0,I15=0,K15+N15<>0,K15+N15=SUM(AA15:AG15)),AND(H15=0,I15=0,J15+M15<>0,J15+M15=SUM(R15:Y15)),AND(H15=0,I15=0,M15=0,N15<>0,N15=J15),AND(H15=0,I15=0,M15<>0,N15=0,M15=K15)),"ok","??"))
A16: L10 | B16: =B15+1 -> 160 | L16: =L15+J16-K16 -> 0 | O16: =O15+M16-N16 -> 0 | P16: =L16+O16 -> 0 | Q16: L10 | Z16: =IF(H16+I16+J16+K16+M16+N16=0," ",IF(OR(AND(H16<>0,I16=0,J16+M16+SUM(AA16:AG16)=H16),AND(I16<>0,H16=0,K16+N16=I16),AND(H16=0,I16=0,K16+N16<>0,K16+N16=SUM(AA16:AG16)),AND(H16=0,I16=0,J16+M16<>0,J16+M16=SUM(R16:Y16)),AND(H16=0,I16=0,M16=0,N16<>0,N16=J16),AND(H16=0,I16=0,M16<>0,N16=0,M16=K16)),"ok","??"))
A17: L11 | B17: =B16+1 -> 161 | L17: =L16+J17-K17 -> 0 | O17: =O16+M17-N17 -> 0 | P17: =L17+O17 -> 0 | Q17: L11 | Z17: =IF(H17+I17+J17+K17+M17+N17=0," ",IF(OR(AND(H17<>0,I17=0,J17+M17+SUM(AA17:AG17)=H17),AND(I17<>0,H17=0,K17+N17=I17),AND(H17=0,I17=0,K17+N17<>0,K17+N17=SUM(AA17:AG17)),AND(H17=0,I17=0,J17+M17<>0,J17+M17=SUM(R17:Y17)),AND(H17=0,I17=0,M17=0,N17<>0,N17=J17),AND(H17=0,I17=0,M17<>0,N17=0,M17=K17)),"ok","??"))
A18: L12 | B18: =B17+1 -> 162 | L18: =L17+J18-K18 -> 0 | O18: =O17+M18-N18 -> 0 | P18: =L18+O18 -> 0 | Q18: L12 | Z18: =IF(H18+I18+J18+K18+M18+N18=0," ",IF(OR(AND(H18<>0,I18=0,J18+M18+SUM(AA18:AG18)=H18),AND(I18<>0,H18=0,K18+N18=I18),AND(H18=0,I18=0,K18+N18<>0,K18+N18=SUM(AA18:AG18)),AND(H18=0,I18=0,J18+M18<>0,J18+M18=SUM(R18:Y18)),AND(H18=0,I18=0,M18=0,N18<>0,N18=J18),AND(H18=0,I18=0,M18<>0,N18=0,M18=K18)),"ok","??"))
A19: L13 | B19: =B18+1 -> 163 | L19: =L18+J19-K19 -> 0 | O19: =O18+M19-N19 -> 0 | P19: =L19+O19 -> 0 | Q19: L13 | Z19: =IF(H19+I19+J19+K19+M19+N19=0," ",IF(OR(AND(H19<>0,I19=0,J19+M19+SUM(AA19:AG19)=H19),AND(I19<>0,H19=0,K19+N19=I19),AND(H19=0,I19=0,K19+N19<>0,K19+N19=SUM(AA19:AG19)),AND(H19=0,I19=0,J19+M19<>0,J19+M19=SUM(R19:Y19)),AND(H19=0,I19=0,M19=0,N19<>0,N19=J19),AND(H19=0,I19=0,M19<>0,N19=0,M19=K19)),"ok","??"))
... A21: L15 | B21: =B20+1 -> 165 | L21: =L20+J21-K21 -> 0 | O21: =O20+M21-N21 -> 0 | P21: =L21+O21 -> 0 | Q21: L15 | Z21: =IF(H21+I21+J21+K21+M21+N21=0," ",IF(OR(AND(H21<>0,I21=0,J21+M21+SUM(AA21:AG21)=H21),AND(I21<>0,H21=0,K21+N21=I21),AND(H21=0,I21=0,K21+N21<>0,K21+N21=SUM(AA21:AG21)),AND(H21=0,I21=0,J21+M21<>0,J21+M21=SUM(R21:Y21)),AND(H21=0,I21=0,M21=0,N21<>0,N21=J21),AND(H21=0,I21=0,M21<>0,N21=0,M21=K21)),"ok","??"))
B22: page 11-1 | F22: TOTAUX à reporter | H22: =SUM(H6:H21) -> 0 | I22: =SUM(I6:I21) -> 0 | J22: =SUM(J6:J21) -> 0 | K22: =SUM(K6:K21) -> 0 | L22: =L21 -> 0 | M22: =SUM(M6:M21) -> 0 | N22: =SUM(N6:N21) -> 0 | O22: =O21 -> 0 | P22: =SUM(L22+O22) -> 0 | R22: =SUM(R6:R21) -> 0 | S22: =SUM(S6:S21) -> 0 | T22: =SUM(T6:T21) -> 0 | U22: =SUM(U6:U21) -> 0 | V22: =SUM(V6:V21) -> 0 | W22: =SUM(W6:W21) -> 0 | X22: =SUM(X6:X21) -> 0 | Y22: =SUM(Y6:Y21) -> 0 | AA22: =SUM(AA6:AA21) -> 0 | AB22: =SUM(AB6:AB21) -> 0 | AC22: =SUM(AC6:AC21) -> 0 | AD22: =SUM(AD6:AD21) -> 0 | AE22: =SUM(AE6:AE21) -> 0 | AF22: =SUM(AF6:AF21) -> 0 | AG22: =SUM(AG6:AG21) -> 0
H24: (6) | I24: (5)
D25: ENTREES | E25: =SUM(J22+M22) -> 0 | H25: ="(1)" -> (1) | J25: SORTIES | M25: =SUM(K22+N22) -> 0 | P25: ="(2)" -> (2) | S25: PRODUITS | V25: =SUM(R22:Y22) -> 0 | X25: ="(3)" -> (3) | Y25: ="(3)" -> (3) | AB25: CHARGES | AE25: =SUM(AA22:AG22) -> 0 | AG25: ="(4)" -> (4)
D26: ='10'!D26+IF(G7<>0,J7,0)-IF(G7<>0,K7,0)+IF(G8<>0,J8,0)-IF(G8<>0,K8,0)+IF(G9<>0,J9,0)-IF(G9<>0,K9,0)+IF(G10<>0,J10,0)-IF(G10<>0,K10,0)+IF(G11<>0,J11,0)-IF(G11<>0,K11,0)+IF(G12<>0,J12,0)-IF(G12<>0,K12,0)+IF(G13<>0,J13,0)-IF(G13<>0,K13,0)+IF(G14<>0,J14,0)-IF(G14<>0,K14,0)+IF(G15<>0,J15,0)-IF(G15<>0,K15,0)+IF(G16<>0,J16,0)-IF(G16<>0,K16,0)+IF(G17<>0,J17,0)-IF(G17<>0,K17,0)+IF(G18<>0,J18,0)-IF(G18<>0,K18,0)+IF(G19<>0,J19,0)-IF(G19<>0,K19,0)+IF(G20<>0,J20,0)-IF(G20<>0,K20,0)+IF(G21<>0,J21,0)-IF(G21<>0,K21,0) -> 0 | E26: (somme de c6, c8 et c11) | M26: (somme de c7 c9 et c12) | V26: (somme de c15 à c22) | AE26: (somme de c23 à c29)
B27: page 11-1 | D27: Solde réel du compte bancaire : | E27: ='16>'!E27 -> 0 | H27: Vérif : | K27: ="(1)-(2)+(5)" -> (1)-(2)+(5) | L27: =E25-M25+I22 -> 0 | N27: =V25-AE25+H22 -> 0 | P27: ="(3)-(4)+(6)" -> (3)-(4)+(6) | AG27: page 11-2

Sheet 12
B2: N° PJ | C2: Date | D2: Nature de l'action pédagogique | E2: Pointage Chèque | G2: Pointage CCA | H2: Régie d'avance | J2: Compte Crédit Agricole | M2: Caisse (espèces) | P2: SITUATION GENERALE c10 + c13 | R2: 7070 | S2: 7080 | T2: 7410 | U2: 7551 | V2: 75511 | W2: 7562 | X2: 7700 | Y2: 7700 | AA2: 6070 | AB2: 61681 | AC2: 6181 | AD2: 6270 | AE2: 6586 | AF2: 6700 | AG2: 6800
R3: Ventes de produits pour cession | S3: Produits activités éducatives | T3: Subventions reçues | U3: Contributions financières Plateforme participative | V3: Contributions financières d'autres organismes | W3: Participation volontaire des familles | X3: Produits exceptionnels | Y3: Produits exceptionnels | Z3: Validité | AA3: Achats de produits pour cession | AB3: Assurances versées | AC3: Charges des activités éducatives | AD3: Services bancaires et assimilés | AE3: Cotisations versées à l'OCCE | AF3: Charges exceptionnelles | AG3: Achats de biens durables
B4: =CONCATENATE("Année scolaire : ",Garde!C11) -> Année scolaire : 2026-2027 | E4: N° chèque | G4: N° du relevé de CCA | H4: RETOUR cahier de classe Rappel du montant versé | I4: DEPART Versé à la coop. de classe | J4: Entrées | K4: Sorties | L4: Situation | M4: Entrées | N4: Sorties | O4: Situation | R4: Tout ce que vous vendez sans l'avoir fabriqué et qui a été payé au compte 6070 | S4: Recettes résultant des activités pédagogiques de la coopérative | T4: Etat, Collectivités locales, Etabl. Publics | U4: Produits provenant d'activités non éducatives | V4: Aides reçues des APE, autres associations, organismes privés | W4: Cotisations perçues pour l'OCCE dans la cadre de la participation volontaire des familles | X4: Evènement imprévu et non récurrent | Y4: Dons, actions de solidarité | AA4: Achats d'objets pour les revendre | AB4: Assurance MAE-MAIF de la coopérative et des coopérateurs | AC4: Dépenses résultant des activités pédagogiques de la coopérative | AD4: Frais bancaires | AE4: Exclusivement les cotisations versées à l'OCCE 89 Sans les assurances ! | AF4: Evènement imprévu et non récurrent | AG4: Matériel (durée de vie>1 an) pour les activités éducatives en lien avec la coopération
B5: c1 | C5: c2 | D5: c3 | E5: c4 | G5: c5 | H5: c6 | I5: c7 | J5: c8 | K5: c9 | L5: c10 | M5: c11 | N5: c12 | O5: c13 | P5: c14 | R5: c15 | S5: c16 | T5: c17 | U5: c18 | V5: c19 | W5: c20 | X5: c21 | Y5: c22 | AA5: c23 | AB5: c24 | AC5: c25 | AD5: c26 | AE5: c27 | AF5: c28 | AG5: c29
D6: Report | H6: ='11'!H22 -> 0 | I6: ='11'!I22 -> 0 | J6: ='11'!J22 -> 0 | K6: ='11'!K22 -> 0 | L6: ='11'!L22 -> 0 | M6: ='11'!M22 -> 0 | N6: ='11'!N22 -> 0 | O6: ='11'!O22 -> 0 | P6: =SUM(L6+O6) -> 0 | R6: ='11'!R22 -> 0 | S6: ='11'!S22 -> 0 | T6: ='11'!T22 -> 0 | U6: ='11'!U22 -> 0 | V6: ='11'!V22 -> 0 | W6: ='11'!W22 -> 0 | X6: ='11'!X22 -> 0 | Y6: ='11'!Y22 -> 0 | AA6: ='11'!AA22 -> 0 | AB6: ='11'!AB22 -> 0 | AC6: ='11'!AC22 -> 0 | AD6: ='11'!AD22 -> 0 | AE6: ='11'!AE22 -> 0 | AF6: ='11'!AF22 -> 0 | AG6: ='11'!AG22 -> 0
A7: L1 | B7: ='11'!B21+1 -> 166 | L7: =L6+J7-K7 -> 0 | O7: =O6+M7-N7 -> 0 | P7: =L7+O7 -> 0 | Q7: L1 | Z7: =IF(H7+I7+J7+K7+M7+N7=0," ",IF(OR(AND(H7<>0,I7=0,J7+M7+SUM(AA7:AG7)=H7),AND(I7<>0,H7=0,K7+N7=I7),AND(H7=0,I7=0,K7+N7<>0,K7+N7=SUM(AA7:AG7)),AND(H7=0,I7=0,J7+M7<>0,J7+M7=SUM(R7:Y7)),AND(H7=0,I7=0,M7=0,N7<>0,N7=J7),AND(H7=0,I7=0,M7<>0,N7=0,M7=K7)),"ok","??"))
A8: L2 | B8: =B7+1 -> 167 | L8: =L7+J8-K8 -> 0 | O8: =O7+M8-N8 -> 0 | P8: =L8+O8 -> 0 | Q8: L2 | Z8: =IF(H8+I8+J8+K8+M8+N8=0," ",IF(OR(AND(H8<>0,I8=0,J8+M8+SUM(AA8:AG8)=H8),AND(I8<>0,H8=0,K8+N8=I8),AND(H8=0,I8=0,K8+N8<>0,K8+N8=SUM(AA8:AG8)),AND(H8=0,I8=0,J8+M8<>0,J8+M8=SUM(R8:Y8)),AND(H8=0,I8=0,M8=0,N8<>0,N8=J8),AND(H8=0,I8=0,M8<>0,N8=0,M8=K8)),"ok","??"))
A9: L3 | B9: =B8+1 -> 168 | L9: =L8+J9-K9 -> 0 | O9: =O8+M9-N9 -> 0 | P9: =L9+O9 -> 0 | Q9: L3 | Z9: =IF(H9+I9+J9+K9+M9+N9=0," ",IF(OR(AND(H9<>0,I9=0,J9+M9+SUM(AA9:AG9)=H9),AND(I9<>0,H9=0,K9+N9=I9),AND(H9=0,I9=0,K9+N9<>0,K9+N9=SUM(AA9:AG9)),AND(H9=0,I9=0,J9+M9<>0,J9+M9=SUM(R9:Y9)),AND(H9=0,I9=0,M9=0,N9<>0,N9=J9),AND(H9=0,I9=0,M9<>0,N9=0,M9=K9)),"ok","??"))
A10: L4 | B10: =B9+1 -> 169 | L10: =L9+J10-K10 -> 0 | O10: =O9+M10-N10 -> 0 | P10: =L10+O10 -> 0 | Q10: L4 | Z10: =IF(H10+I10+J10+K10+M10+N10=0," ",IF(OR(AND(H10<>0,I10=0,J10+M10+SUM(AA10:AG10)=H10),AND(I10<>0,H10=0,K10+N10=I10),AND(H10=0,I10=0,K10+N10<>0,K10+N10=SUM(AA10:AG10)),AND(H10=0,I10=0,J10+M10<>0,J10+M10=SUM(R10:Y10)),AND(H10=0,I10=0,M10=0,N10<>0,N10=J10),AND(H10=0,I10=0,M10<>0,N10=0,M10=K10)),"ok","??"))
A11: L5 | B11: =B10+1 -> 170 | L11: =L10+J11-K11 -> 0 | O11: =O10+M11-N11 -> 0 | P11: =L11+O11 -> 0 | Q11: L5 | Z11: =IF(H11+I11+J11+K11+M11+N11=0," ",IF(OR(AND(H11<>0,I11=0,J11+M11+SUM(AA11:AG11)=H11),AND(I11<>0,H11=0,K11+N11=I11),AND(H11=0,I11=0,K11+N11<>0,K11+N11=SUM(AA11:AG11)),AND(H11=0,I11=0,J11+M11<>0,J11+M11=SUM(R11:Y11)),AND(H11=0,I11=0,M11=0,N11<>0,N11=J11),AND(H11=0,I11=0,M11<>0,N11=0,M11=K11)),"ok","??"))
A12: L6 | B12: =B11+1 -> 171 | L12: =L11+J12-K12 -> 0 | O12: =O11+M12-N12 -> 0 | P12: =L12+O12 -> 0 | Q12: L6 | Z12: =IF(H12+I12+J12+K12+M12+N12=0," ",IF(OR(AND(H12<>0,I12=0,J12+M12+SUM(AA12:AG12)=H12),AND(I12<>0,H12=0,K12+N12=I12),AND(H12=0,I12=0,K12+N12<>0,K12+N12=SUM(AA12:AG12)),AND(H12=0,I12=0,J12+M12<>0,J12+M12=SUM(R12:Y12)),AND(H12=0,I12=0,M12=0,N12<>0,N12=J12),AND(H12=0,I12=0,M12<>0,N12=0,M12=K12)),"ok","??"))
A13: L7 | B13: =B12+1 -> 172 | L13: =L12+J13-K13 -> 0 | O13: =O12+M13-N13 -> 0 | P13: =L13+O13 -> 0 | Q13: L7 | Z13: =IF(H13+I13+J13+K13+M13+N13=0," ",IF(OR(AND(H13<>0,I13=0,J13+M13+SUM(AA13:AG13)=H13),AND(I13<>0,H13=0,K13+N13=I13),AND(H13=0,I13=0,K13+N13<>0,K13+N13=SUM(AA13:AG13)),AND(H13=0,I13=0,J13+M13<>0,J13+M13=SUM(R13:Y13)),AND(H13=0,I13=0,M13=0,N13<>0,N13=J13),AND(H13=0,I13=0,M13<>0,N13=0,M13=K13)),"ok","??"))
A14: L8 | B14: =B13+1 -> 173 | L14: =L13+J14-K14 -> 0 | O14: =O13+M14-N14 -> 0 | P14: =L14+O14 -> 0 | Q14: L8 | Z14: =IF(H14+I14+J14+K14+M14+N14=0," ",IF(OR(AND(H14<>0,I14=0,J14+M14+SUM(AA14:AG14)=H14),AND(I14<>0,H14=0,K14+N14=I14),AND(H14=0,I14=0,K14+N14<>0,K14+N14=SUM(AA14:AG14)),AND(H14=0,I14=0,J14+M14<>0,J14+M14=SUM(R14:Y14)),AND(H14=0,I14=0,M14=0,N14<>0,N14=J14),AND(H14=0,I14=0,M14<>0,N14=0,M14=K14)),"ok","??"))
A15: L9 | B15: =B14+1 -> 174 | L15: =L14+J15-K15 -> 0 | O15: =O14+M15-N15 -> 0 | P15: =L15+O15 -> 0 | Q15: L9 | Z15: =IF(H15+I15+J15+K15+M15+N15=0," ",IF(OR(AND(H15<>0,I15=0,J15+M15+SUM(AA15:AG15)=H15),AND(I15<>0,H15=0,K15+N15=I15),AND(H15=0,I15=0,K15+N15<>0,K15+N15=SUM(AA15:AG15)),AND(H15=0,I15=0,J15+M15<>0,J15+M15=SUM(R15:Y15)),AND(H15=0,I15=0,M15=0,N15<>0,N15=J15),AND(H15=0,I15=0,M15<>0,N15=0,M15=K15)),"ok","??"))
A16: L10 | B16: =B15+1 -> 175 | L16: =L15+J16-K16 -> 0 | O16: =O15+M16-N16 -> 0 | P16: =L16+O16 -> 0 | Q16: L10 | Z16: =IF(H16+I16+J16+K16+M16+N16=0," ",IF(OR(AND(H16<>0,I16=0,J16+M16+SUM(AA16:AG16)=H16),AND(I16<>0,H16=0,K16+N16=I16),AND(H16=0,I16=0,K16+N16<>0,K16+N16=SUM(AA16:AG16)),AND(H16=0,I16=0,J16+M16<>0,J16+M16=SUM(R16:Y16)),AND(H16=0,I16=0,M16=0,N16<>0,N16=J16),AND(H16=0,I16=0,M16<>0,N16=0,M16=K16)),"ok","??"))
A17: L11 | B17: =B16+1 -> 176 | L17: =L16+J17-K17 -> 0 | O17: =O16+M17-N17 -> 0 | P17: =L17+O17 -> 0 | Q17: L11 | Z17: =IF(H17+I17+J17+K17+M17+N17=0," ",IF(OR(AND(H17<>0,I17=0,J17+M17+SUM(AA17:AG17)=H17),AND(I17<>0,H17=0,K17+N17=I17),AND(H17=0,I17=0,K17+N17<>0,K17+N17=SUM(AA17:AG17)),AND(H17=0,I17=0,J17+M17<>0,J17+M17=SUM(R17:Y17)),AND(H17=0,I17=0,M17=0,N17<>0,N17=J17),AND(H17=0,I17=0,M17<>0,N17=0,M17=K17)),"ok","??"))
A18: L12 | B18: =B17+1 -> 177 | L18: =L17+J18-K18 -> 0 | O18: =O17+M18-N18 -> 0 | P18: =L18+O18 -> 0 | Q18: L12 | Z18: =IF(H18+I18+J18+K18+M18+N18=0," ",IF(OR(AND(H18<>0,I18=0,J18+M18+SUM(AA18:AG18)=H18),AND(I18<>0,H18=0,K18+N18=I18),AND(H18=0,I18=0,K18+N18<>0,K18+N18=SUM(AA18:AG18)),AND(H18=0,I18=0,J18+M18<>0,J18+M18=SUM(R18:Y18)),AND(H18=0,I18=0,M18=0,N18<>0,N18=J18),AND(H18=0,I18=0,M18<>0,N18=0,M18=K18)),"ok","??"))
A19: L13 | B19: =B18+1 -> 178 | L19: =L18+J19-K19 -> 0 | O19: =O18+M19-N19 -> 0 | P19: =L19+O19 -> 0 | Q19: L13 | Z19: =IF(H19+I19+J19+K19+M19+N19=0," ",IF(OR(AND(H19<>0,I19=0,J19+M19+SUM(AA19:AG19)=H19),AND(I19<>0,H19=0,K19+N19=I19),AND(H19=0,I19=0,K19+N19<>0,K19+N19=SUM(AA19:AG19)),AND(H19=0,I19=0,J19+M19<>0,J19+M19=SUM(R19:Y19)),AND(H19=0,I19=0,M19=0,N19<>0,N19=J19),AND(H19=0,I19=0,M19<>0,N19=0,M19=K19)),"ok","??"))
... A21: L15 | B21: =B20+1 -> 180 | L21: =L20+J21-K21 -> 0 | O21: =O20+M21-N21 -> 0 | P21: =L21+O21 -> 0 | Q21: L15 | Z21: =IF(H21+I21+J21+K21+M21+N21=0," ",IF(OR(AND(H21<>0,I21=0,J21+M21+SUM(AA21:AG21)=H21),AND(I21<>0,H21=0,K21+N21=I21),AND(H21=0,I21=0,K21+N21<>0,K21+N21=SUM(AA21:AG21)),AND(H21=0,I21=0,J21+M21<>0,J21+M21=SUM(R21:Y21)),AND(H21=0,I21=0,M21=0,N21<>0,N21=J21),AND(H21=0,I21=0,M21<>0,N21=0,M21=K21)),"ok","??"))
B22: page 12-1 | F22: TOTAUX à reporter | H22: =SUM(H6:H21) -> 0 | I22: =SUM(I6:I21) -> 0 | J22: =SUM(J6:J21) -> 0 | K22: =SUM(K6:K21) -> 0 | L22: =L21 -> 0 | M22: =SUM(M6:M21) -> 0 | N22: =SUM(N6:N21) -> 0 | O22: =O21 -> 0 | P22: =SUM(L22+O22) -> 0 | R22: =SUM(R6:R21) -> 0 | S22: =SUM(S6:S21) -> 0 | T22: =SUM(T6:T21) -> 0 | U22: =SUM(U6:U21) -> 0 | V22: =SUM(V6:V21) -> 0 | W22: =SUM(W6:W21) -> 0 | X22: =SUM(X6:X21) -> 0 | Y22: =SUM(Y6:Y21) -> 0 | AA22: =SUM(AA6:AA21) -> 0 | AB22: =SUM(AB6:AB21) -> 0 | AC22: =SUM(AC6:AC21) -> 0 | AD22: =SUM(AD6:AD21) -> 0 | AE22: =SUM(AE6:AE21) -> 0 | AF22: =SUM(AF6:AF21) -> 0 | AG22: =SUM(AG6:AG21) -> 0
H24: (6) | I24: (5)
D25: ENTREES | E25: =SUM(J22+M22) -> 0 | H25: ="(1)" -> (1) | J25: SORTIES | M25: =SUM(K22+N22) -> 0 | P25: ="(2)" -> (2) | S25: PRODUITS | V25: =SUM(R22:Y22) -> 0 | X25: ="(3)" -> (3) | Y25: ="(3)" -> (3) | AB25: CHARGES | AE25: =SUM(AA22:AG22) -> 0 | AG25: ="(4)" -> (4)
D26: ='11'!D26+IF(G7<>0,J7,0)-IF(G7<>0,K7,0)+IF(G8<>0,J8,0)-IF(G8<>0,K8,0)+IF(G9<>0,J9,0)-IF(G9<>0,K9,0)+IF(G10<>0,J10,0)-IF(G10<>0,K10,0)+IF(G11<>0,J11,0)-IF(G11<>0,K11,0)+IF(G12<>0,J12,0)-IF(G12<>0,K12,0)+IF(G13<>0,J13,0)-IF(G13<>0,K13,0)+IF(G14<>0,J14,0)-IF(G14<>0,K14,0)+IF(G15<>0,J15,0)-IF(G15<>0,K15,0)+IF(G16<>0,J16,0)-IF(G16<>0,K16,0)+IF(G17<>0,J17,0)-IF(G17<>0,K17,0)+IF(G18<>0,J18,0)-IF(G18<>0,K18,0)+IF(G19<>0,J19,0)-IF(G19<>0,K19,0)+IF(G20<>0,J20,0)-IF(G20<>0,K20,0)+IF(G21<>0,J21,0)-IF(G21<>0,K21,0) -> 0 | E26: (somme de c6, c8 et c11) | M26: (somme de c7 c9 et c12) | V26: (somme de c15 à c22) | AE26: (somme de c23 à c29)
B27: page 12-1 | D27: Solde réel du compte bancaire : | E27: ='16>'!E27 -> 0 | H27: Vérif : | K27: ="(1)-(2)+(5)" -> (1)-(2)+(5) | L27: =E25-M25+I22 -> 0 | N27: =V25-AE25+H22 -> 0 | P27: ="(3)-(4)+(6)" -> (3)-(4)+(6) | AG27: page 12-2

Sheet 13
B2: N° PJ | C2: Date | D2: Nature de l'action pédagogique | E2: Pointage Chèque | G2: Pointage CCA | H2: Régie d'avance | J2: Compte Crédit Agricole | M2: Caisse (espèces) | P2: SITUATION GENERALE c10 + c13 | R2: 7070 | S2: 7080 | T2: 7410 | U2: 7551 | V2: 75511 | W2: 7562 | X2: 7700 | Y2: 7700 | AA2: 6070 | AB2: 61681 | AC2: 6181 | AD2: 6270 | AE2: 6586 | AF2: 6700 | AG2: 6800
R3: Ventes de produits pour cession | S3: Produits activités éducatives | T3: Subventions reçues | U3: Contributions financières Plateforme participative | V3: Contributions financières d'autres organismes | W3: Participation volontaire des familles | X3: Produits exceptionnels | Y3: Produits exceptionnels | Z3: Validité | AA3: Achats de produits pour cession | AB3: Assurances versées | AC3: Charges des activités éducatives | AD3: Services bancaires et assimilés | AE3: Cotisations versées à l'OCCE | AF3: Charges exceptionnelles | AG3: Achats de biens durables
B4: =CONCATENATE("Année scolaire : ",Garde!C11) -> Année scolaire : 2026-2027 | E4: N° chèque | G4: N° du relevé de CCA | H4: RETOUR cahier de classe Rappel du montant versé | I4: DEPART Versé à la coop. de classe | J4: Entrées | K4: Sorties | L4: Situation | M4: Entrées | N4: Sorties | O4: Situation | R4: Tout ce que vous vendez sans l'avoir fabriqué et qui a été payé au compte 6070 | S4: Recettes résultant des activités pédagogiques de la coopérative | T4: Etat, Collectivités locales, Etabl. Publics | U4: Produits provenant d'activités non éducatives | V4: Aides reçues des APE, autres associations, organismes privés | W4: Cotisations perçues pour l'OCCE dans la cadre de la participation volontaire des familles | X4: Evènement imprévu et non récurrent | Y4: Dons, actions de solidarité | AA4: Achats d'objets pour les revendre | AB4: Assurance MAE-MAIF de la coopérative et des coopérateurs | AC4: Dépenses résultant des activités pédagogiques de la coopérative | AD4: Frais bancaires | AE4: Exclusivement les cotisations versées à l'OCCE 89 Sans les assurances ! | AF4: Evènement imprévu et non récurrent | AG4: Matériel (durée de vie>1 an) pour les activités éducatives en lien avec la coopération
B5: c1 | C5: c2 | D5: c3 | E5: c4 | G5: c5 | H5: c6 | I5: c7 | J5: c8 | K5: c9 | L5: c10 | M5: c11 | N5: c12 | O5: c13 | P5: c14 | R5: c15 | S5: c16 | T5: c17 | U5: c18 | V5: c19 | W5: c20 | X5: c21 | Y5: c22 | AA5: c23 | AB5: c24 | AC5: c25 | AD5: c26 | AE5: c27 | AF5: c28 | AG5: c29
D6: Report | H6: ='12'!H22 -> 0 | I6: ='12'!I22 -> 0 | J6: ='12'!J22 -> 0 | K6: ='12'!K22 -> 0 | L6: ='12'!L22 -> 0 | M6: ='12'!M22 -> 0 | N6: ='12'!N22 -> 0 | O6: ='12'!O22 -> 0 | P6: =SUM(L6+O6) -> 0 | R6: ='12'!R22 -> 0 | S6: ='12'!S22 -> 0 | T6: ='12'!T22 -> 0 | U6: ='12'!U22 -> 0 | V6: ='12'!V22 -> 0 | W6: ='12'!W22 -> 0 | X6: ='12'!X22 -> 0 | Y6: ='12'!Y22 -> 0 | AA6: ='12'!AA22 -> 0 | AB6: ='12'!AB22 -> 0 | AC6: ='12'!AC22 -> 0 | AD6: ='12'!AD22 -> 0 | AE6: ='12'!AE22 -> 0 | AF6: ='12'!AF22 -> 0 | AG6: ='12'!AG22 -> 0
A7: L1 | B7: ='12'!B21+1 -> 181 | L7: =L6+J7-K7 -> 0 | O7: =O6+M7-N7 -> 0 | P7: =L7+O7 -> 0 | Q7: L1 | Z7: =IF(H7+I7+J7+K7+M7+N7=0," ",IF(OR(AND(H7<>0,I7=0,J7+M7+SUM(AA7:AG7)=H7),AND(I7<>0,H7=0,K7+N7=I7),AND(H7=0,I7=0,K7+N7<>0,K7+N7=SUM(AA7:AG7)),AND(H7=0,I7=0,J7+M7<>0,J7+M7=SUM(R7:Y7)),AND(H7=0,I7=0,M7=0,N7<>0,N7=J7),AND(H7=0,I7=0,M7<>0,N7=0,M7=K7)),"ok","??"))
A8: L2 | B8: =B7+1 -> 182 | L8: =L7+J8-K8 -> 0 | O8: =O7+M8-N8 -> 0 | P8: =L8+O8 -> 0 | Q8: L2 | Z8: =IF(H8+I8+J8+K8+M8+N8=0," ",IF(OR(AND(H8<>0,I8=0,J8+M8+SUM(AA8:AG8)=H8),AND(I8<>0,H8=0,K8+N8=I8),AND(H8=0,I8=0,K8+N8<>0,K8+N8=SUM(AA8:AG8)),AND(H8=0,I8=0,J8+M8<>0,J8+M8=SUM(R8:Y8)),AND(H8=0,I8=0,M8=0,N8<>0,N8=J8),AND(H8=0,I8=0,M8<>0,N8=0,M8=K8)),"ok","??"))
A9: L3 | B9: =B8+1 -> 183 | L9: =L8+J9-K9 -> 0 | O9: =O8+M9-N9 -> 0 | P9: =L9+O9 -> 0 | Q9: L3 | Z9: =IF(H9+I9+J9+K9+M9+N9=0," ",IF(OR(AND(H9<>0,I9=0,J9+M9+SUM(AA9:AG9)=H9),AND(I9<>0,H9=0,K9+N9=I9),AND(H9=0,I9=0,K9+N9<>0,K9+N9=SUM(AA9:AG9)),AND(H9=0,I9=0,J9+M9<>0,J9+M9=SUM(R9:Y9)),AND(H9=0,I9=0,M9=0,N9<>0,N9=J9),AND(H9=0,I9=0,M9<>0,N9=0,M9=K9)),"ok","??"))
A10: L4 | B10: =B9+1 -> 184 | L10: =L9+J10-K10 -> 0 | O10: =O9+M10-N10 -> 0 | P10: =L10+O10 -> 0 | Q10: L4 | Z10: =IF(H10+I10+J10+K10+M10+N10=0," ",IF(OR(AND(H10<>0,I10=0,J10+M10+SUM(AA10:AG10)=H10),AND(I10<>0,H10=0,K10+N10=I10),AND(H10=0,I10=0,K10+N10<>0,K10+N10=SUM(AA10:AG10)),AND(H10=0,I10=0,J10+M10<>0,J10+M10=SUM(R10:Y10)),AND(H10=0,I10=0,M10=0,N10<>0,N10=J10),AND(H10=0,I10=0,M10<>0,N10=0,M10=K10)),"ok","??"))
A11: L5 | B11: =B10+1 -> 185 | L11: =L10+J11-K11 -> 0 | O11: =O10+M11-N11 -> 0 | P11: =L11+O11 -> 0 | Q11: L5 | Z11: =IF(H11+I11+J11+K11+M11+N11=0," ",IF(OR(AND(H11<>0,I11=0,J11+M11+SUM(AA11:AG11)=H11),AND(I11<>0,H11=0,K11+N11=I11),AND(H11=0,I11=0,K11+N11<>0,K11+N11=SUM(AA11:AG11)),AND(H11=0,I11=0,J11+M11<>0,J11+M11=SUM(R11:Y11)),AND(H11=0,I11=0,M11=0,N11<>0,N11=J11),AND(H11=0,I11=0,M11<>0,N11=0,M11=K11)),"ok","??"))
A12: L6 | B12: =B11+1 -> 186 | L12: =L11+J12-K12 -> 0 | O12: =O11+M12-N12 -> 0 | P12: =L12+O12 -> 0 | Q12: L6 | Z12: =IF(H12+I12+J12+K12+M12+N12=0," ",IF(OR(AND(H12<>0,I12=0,J12+M12+SUM(AA12:AG12)=H12),AND(I12<>0,H12=0,K12+N12=I12),AND(H12=0,I12=0,K12+N12<>0,K12+N12=SUM(AA12:AG12)),AND(H12=0,I12=0,J12+M12<>0,J12+M12=SUM(R12:Y12)),AND(H12=0,I12=0,M12=0,N12<>0,N12=J12),AND(H12=0,I12=0,M12<>0,N12=0,M12=K12)),"ok","??"))
A13: L7 | B13: =B12+1 -> 187 | L13: =L12+J13-K13 -> 0 | O13: =O12+M13-N13 -> 0 | P13: =L13+O13 -> 0 | Q13: L7 | Z13: =IF(H13+I13+J13+K13+M13+N13=0," ",IF(OR(AND(H13<>0,I13=0,J13+M13+SUM(AA13:AG13)=H13),AND(I13<>0,H13=0,K13+N13=I13),AND(H13=0,I13=0,K13+N13<>0,K13+N13=SUM(AA13:AG13)),AND(H13=0,I13=0,J13+M13<>0,J13+M13=SUM(R13:Y13)),AND(H13=0,I13=0,M13=0,N13<>0,N13=J13),AND(H13=0,I13=0,M13<>0,N13=0,M13=K13)),"ok","??"))
A14: L8 | B14: =B13+1 -> 188 | L14: =L13+J14-K14 -> 0 | O14: =O13+M14-N14 -> 0 | P14: =L14+O14 -> 0 | Q14: L8 | Z14: =IF(H14+I14+J14+K14+M14+N14=0," ",IF(OR(AND(H14<>0,I14=0,J14+M14+SUM(AA14:AG14)=H14),AND(I14<>0,H14=0,K14+N14=I14),AND(H14=0,I14=0,K14+N14<>0,K14+N14=SUM(AA14:AG14)),AND(H14=0,I14=0,J14+M14<>0,J14+M14=SUM(R14:Y14)),AND(H14=0,I14=0,M14=0,N14<>0,N14=J14),AND(H14=0,I14=0,M14<>0,N14=0,M14=K14)),"ok","??"))
A15: L9 | B15: =B14+1 -> 189 | L15: =L14+J15-K15 -> 0 | O15: =O14+M15-N15 -> 0 | P15: =L15+O15 -> 0 | Q15: L9 | Z15: =IF(H15+I15+J15+K15+M15+N15=0," ",IF(OR(AND(H15<>0,I15=0,J15+M15+SUM(AA15:AG15)=H15),AND(I15<>0,H15=0,K15+N15=I15),AND(H15=0,I15=0,K15+N15<>0,K15+N15=SUM(AA15:AG15)),AND(H15=0,I15=0,J15+M15<>0,J15+M15=SUM(R15:Y15)),AND(H15=0,I15=0,M15=0,N15<>0,N15=J15),AND(H15=0,I15=0,M15<>0,N15=0,M15=K15)),"ok","??"))
A16: L10 | B16: =B15+1 -> 190 | L16: =L15+J16-K16 -> 0 | O16: =O15+M16-N16 -> 0 | P16: =L16+O16 -> 0 | Q16: L10 | Z16: =IF(H16+I16+J16+K16+M16+N16=0," ",IF(OR(AND(H16<>0,I16=0,J16+M16+SUM(AA16:AG16)=H16),AND(I16<>0,H16=0,K16+N16=I16),AND(H16=0,I16=0,K16+N16<>0,K16+N16=SUM(AA16:AG16)),AND(H16=0,I16=0,J16+M16<>0,J16+M16=SUM(R16:Y16)),AND(H16=0,I16=0,M16=0,N16<>0,N16=J16),AND(H16=0,I16=0,M16<>0,N16=0,M16=K16)),"ok","??"))
A17: L11 | B17: =B16+1 -> 191 | L17: =L16+J17-K17 -> 0 | O17: =O16+M17-N17 -> 0 | P17: =L17+O17 -> 0 | Q17: L11 | Z17: =IF(H17+I17+J17+K17+M17+N17=0," ",IF(OR(AND(H17<>0,I17=0,J17+M17+SUM(AA17:AG17)=H17),AND(I17<>0,H17=0,K17+N17=I17),AND(H17=0,I17=0,K17+N17<>0,K17+N17=SUM(AA17:AG17)),AND(H17=0,I17=0,J17+M17<>0,J17+M17=SUM(R17:Y17)),AND(H17=0,I17=0,M17=0,N17<>0,N17=J17),AND(H17=0,I17=0,M17<>0,N17=0,M17=K17)),"ok","??"))
A18: L12 | B18: =B17+1 -> 192 | L18: =L17+J18-K18 -> 0 | O18: =O17+M18-N18 -> 0 | P18: =L18+O18 -> 0 | Q18: L12 | Z18: =IF(H18+I18+J18+K18+M18+N18=0," ",IF(OR(AND(H18<>0,I18=0,J18+M18+SUM(AA18:AG18)=H18),AND(I18<>0,H18=0,K18+N18=I18),AND(H18=0,I18=0,K18+N18<>0,K18+N18=SUM(AA18:AG18)),AND(H18=0,I18=0,J18+M18<>0,J18+M18=SUM(R18:Y18)),AND(H18=0,I18=0,M18=0,N18<>0,N18=J18),AND(H18=0,I18=0,M18<>0,N18=0,M18=K18)),"ok","??"))
A19: L13 | B19: =B18+1 -> 193 | L19: =L18+J19-K19 -> 0 | O19: =O18+M19-N19 -> 0 | P19: =L19+O19 -> 0 | Q19: L13 | Z19: =IF(H19+I19+J19+K19+M19+N19=0," ",IF(OR(AND(H19<>0,I19=0,J19+M19+SUM(AA19:AG19)=H19),AND(I19<>0,H19=0,K19+N19=I19),AND(H19=0,I19=0,K19+N19<>0,K19+N19=SUM(AA19:AG19)),AND(H19=0,I19=0,J19+M19<>0,J19+M19=SUM(R19:Y19)),AND(H19=0,I19=0,M19=0,N19<>0,N19=J19),AND(H19=0,I19=0,M19<>0,N19=0,M19=K19)),"ok","??"))
... A21: L15 | B21: =B20+1 -> 195 | L21: =L20+J21-K21 -> 0 | O21: =O20+M21-N21 -> 0 | P21: =L21+O21 -> 0 | Q21: L15 | Z21: =IF(H21+I21+J21+K21+M21+N21=0," ",IF(OR(AND(H21<>0,I21=0,J21+M21+SUM(AA21:AG21)=H21),AND(I21<>0,H21=0,K21+N21=I21),AND(H21=0,I21=0,K21+N21<>0,K21+N21=SUM(AA21:AG21)),AND(H21=0,I21=0,J21+M21<>0,J21+M21=SUM(R21:Y21)),AND(H21=0,I21=0,M21=0,N21<>0,N21=J21),AND(H21=0,I21=0,M21<>0,N21=0,M21=K21)),"ok","??"))
B22: page 13-1 | F22: TOTAUX à reporter | H22: =SUM(H6:H21) -> 0 | I22: =SUM(I6:I21) -> 0 | J22: =SUM(J6:J21) -> 0 | K22: =SUM(K6:K21) -> 0 | L22: =L21 -> 0 | M22: =SUM(M6:M21) -> 0 | N22: =SUM(N6:N21) -> 0 | O22: =O21 -> 0 | P22: =SUM(L22+O22) -> 0 | R22: =SUM(R6:R21) -> 0 | S22: =SUM(S6:S21) -> 0 | T22: =SUM(T6:T21) -> 0 | U22: =SUM(U6:U21) -> 0 | V22: =SUM(V6:V21) -> 0 | W22: =SUM(W6:W21) -> 0 | X22: =SUM(X6:X21) -> 0 | Y22: =SUM(Y6:Y21) -> 0 | AA22: =SUM(AA6:AA21) -> 0 | AB22: =SUM(AB6:AB21) -> 0 | AC22: =SUM(AC6:AC21) -> 0 | AD22: =SUM(AD6:AD21) -> 0 | AE22: =SUM(AE6:AE21) -> 0 | AF22: =SUM(AF6:AF21) -> 0 | AG22: =SUM(AG6:AG21) -> 0
H24: (6) | I24: (5)
D25: ENTREES | E25: =SUM(J22+M22) -> 0 | H25: ="(1)" -> (1) | J25: SORTIES | M25: =SUM(K22+N22) -> 0 | P25: ="(2)" -> (2) | S25: PRODUITS | V25: =SUM(R22:Y22) -> 0 | X25: ="(3)" -> (3) | Y25: ="(3)" -> (3) | AB25: CHARGES | AE25: =SUM(AA22:AG22) -> 0 | AG25: ="(4)" -> (4)
D26: ='12'!D26+IF(G7<>0,J7,0)-IF(G7<>0,K7,0)+IF(G8<>0,J8,0)-IF(G8<>0,K8,0)+IF(G9<>0,J9,0)-IF(G9<>0,K9,0)+IF(G10<>0,J10,0)-IF(G10<>0,K10,0)+IF(G11<>0,J11,0)-IF(G11<>0,K11,0)+IF(G12<>0,J12,0)-IF(G12<>0,K12,0)+IF(G13<>0,J13,0)-IF(G13<>0,K13,0)+IF(G14<>0,J14,0)-IF(G14<>0,K14,0)+IF(G15<>0,J15,0)-IF(G15<>0,K15,0)+IF(G16<>0,J16,0)-IF(G16<>0,K16,0)+IF(G17<>0,J17,0)-IF(G17<>0,K17,0)+IF(G18<>0,J18,0)-IF(G18<>0,K18,0)+IF(G19<>0,J19,0)-IF(G19<>0,K19,0)+IF(G20<>0,J20,0)-IF(G20<>0,K20,0)+IF(G21<>0,J21,0)-IF(G21<>0,K21,0) -> 0 | E26: (somme de c6, c8 et c11) | M26: (somme de c7 c9 et c12) | V26: (somme de c15 à c22) | AE26: (somme de c23 à c29)
B27: page 13-1 | D27: Solde réel du compte bancaire : | E27: ='16>'!E27 -> 0 | H27: Vérif : | K27: ="(1)-(2)+(5)" -> (1)-(2)+(5) | L27: =E25-M25+I22 -> 0 | N27: =V25-AE25+H22 -> 0 | P27: ="(3)-(4)+(6)" -> (3)-(4)+(6) | AG27: page 13-2

Sheet 14
B2: N° PJ | C2: Date | D2: Nature de l'action pédagogique | E2: Pointage Chèque | G2: Pointage CCA | H2: Régie d'avance | J2: Compte Crédit Agricole | M2: Caisse (espèces) | P2: SITUATION GENERALE c10 + c13 | R2: 7070 | S2: 7080 | T2: 7410 | U2: 7551 | V2: 75511 | W2: 7562 | X2: 7700 | Y2: 7700 | AA2: 6070 | AB2: 61681 | AC2: 6181 | AD2: 6270 | AE2: 6586 | AF2: 6700 | AG2: 6800
R3: Ventes de produits pour cession | S3: Produits activités éducatives | T3: Subventions reçues | U3: Contributions financières Plateforme participative | V3: Contributions financières d'autres organismes | W3: Participation volontaire des familles | X3: Produits exceptionnels | Y3: Produits exceptionnels | Z3: Validité | AA3: Achats de produits pour cession | AB3: Assurances versées | AC3: Charges des activités éducatives | AD3: Services bancaires et assimilés | AE3: Cotisations versées à l'OCCE | AF3: Charges exceptionnelles | AG3: Achats de biens durables
B4: =CONCATENATE("Année scolaire : ",Garde!C11) -> Année scolaire : 2026-2027 | E4: N° chèque | G4: N° du relevé de CCA | H4: RETOUR cahier de classe Rappel du montant versé | I4: DEPART Versé à la coop. de classe | J4: Entrées | K4: Sorties | L4: Situation | M4: Entrées | N4: Sorties | O4: Situation | R4: Tout ce que vous vendez sans l'avoir fabriqué et qui a été payé au compte 6070 | S4: Recettes résultant des activités pédagogiques de la coopérative | T4: Etat, Collectivités locales, Etabl. Publics | U4: Produits provenant d'activités non éducatives | V4: Aides reçues des APE, autres associations, organismes privés | W4: Cotisations perçues pour l'OCCE dans la cadre de la participation volontaire des familles | X4: Evènement imprévu et non récurrent | Y4: Dons, actions de solidarité | AA4: Achats d'objets pour les revendre | AB4: Assurance MAE-MAIF de la coopérative et des coopérateurs | AC4: Dépenses résultant des activités pédagogiques de la coopérative | AD4: Frais bancaires | AE4: Exclusivement les cotisations versées à l'OCCE 89 Sans les assurances ! | AF4: Evènement imprévu et non récurrent | AG4: Matériel (durée de vie>1 an) pour les activités éducatives en lien avec la coopération
B5: c1 | C5: c2 | D5: c3 | E5: c4 | G5: c5 | H5: c6 | I5: c7 | J5: c8 | K5: c9 | L5: c10 | M5: c11 | N5: c12 | O5: c13 | P5: c14 | R5: c15 | S5: c16 | T5: c17 | U5: c18 | V5: c19 | W5: c20 | X5: c21 | Y5: c22 | AA5: c23 | AB5: c24 | AC5: c25 | AD5: c26 | AE5: c27 | AF5: c28 | AG5: c29
D6: Report | H6: ='13'!H22 -> 0 | I6: ='13'!I22 -> 0 | J6: ='13'!J22 -> 0 | K6: ='13'!K22 -> 0 | L6: ='13'!L22 -> 0 | M6: ='13'!M22 -> 0 | N6: ='13'!N22 -> 0 | O6: ='13'!O22 -> 0 | P6: =SUM(L6+O6) -> 0 | R6: ='13'!R22 -> 0 | S6: ='13'!S22 -> 0 | T6: ='13'!T22 -> 0 | U6: ='13'!U22 -> 0 | V6: ='13'!V22 -> 0 | W6: ='13'!W22 -> 0 | X6: ='13'!X22 -> 0 | Y6: ='13'!Y22 -> 0 | AA6: ='13'!AA22 -> 0 | AB6: ='13'!AB22 -> 0 | AC6: ='13'!AC22 -> 0 | AD6: ='13'!AD22 -> 0 | AE6: ='13'!AE22 -> 0 | AF6: ='13'!AF22 -> 0 | AG6: ='13'!AG22 -> 0
A7: L1 | B7: ='13'!B21+1 -> 196 | L7: =L6+J7-K7 -> 0 | O7: =O6+M7-N7 -> 0 | P7: =L7+O7 -> 0 | Q7: L1 | Z7: =IF(H7+I7+J7+K7+M7+N7=0," ",IF(OR(AND(H7<>0,I7=0,J7+M7+SUM(AA7:AG7)=H7),AND(I7<>0,H7=0,K7+N7=I7),AND(H7=0,I7=0,K7+N7<>0,K7+N7=SUM(AA7:AG7)),AND(H7=0,I7=0,J7+M7<>0,J7+M7=SUM(R7:Y7)),AND(H7=0,I7=0,M7=0,N7<>0,N7=J7),AND(H7=0,I7=0,M7<>0,N7=0,M7=K7)),"ok","??"))
A8: L2 | B8: =B7+1 -> 197 | L8: =L7+J8-K8 -> 0 | O8: =O7+M8-N8 -> 0 | P8: =L8+O8 -> 0 | Q8: L2 | Z8: =IF(H8+I8+J8+K8+M8+N8=0," ",IF(OR(AND(H8<>0,I8=0,J8+M8+SUM(AA8:AG8)=H8),AND(I8<>0,H8=0,K8+N8=I8),AND(H8=0,I8=0,K8+N8<>0,K8+N8=SUM(AA8:AG8)),AND(H8=0,I8=0,J8+M8<>0,J8+M8=SUM(R8:Y8)),AND(H8=0,I8=0,M8=0,N8<>0,N8=J8),AND(H8=0,I8=0,M8<>0,N8=0,M8=K8)),"ok","??"))
A9: L3 | B9: =B8+1 -> 198 | L9: =L8+J9-K9 -> 0 | O9: =O8+M9-N9 -> 0 | P9: =L9+O9 -> 0 | Q9: L3 | Z9: =IF(H9+I9+J9+K9+M9+N9=0," ",IF(OR(AND(H9<>0,I9=0,J9+M9+SUM(AA9:AG9)=H9),AND(I9<>0,H9=0,K9+N9=I9),AND(H9=0,I9=0,K9+N9<>0,K9+N9=SUM(AA9:AG9)),AND(H9=0,I9=0,J9+M9<>0,J9+M9=SUM(R9:Y9)),AND(H9=0,I9=0,M9=0,N9<>0,N9=J9),AND(H9=0,I9=0,M9<>0,N9=0,M9=K9)),"ok","??"))
A10: L4 | B10: =B9+1 -> 199 | L10: =L9+J10-K10 -> 0 | O10: =O9+M10-N10 -> 0 | P10: =L10+O10 -> 0 | Q10: L4 | Z10: =IF(H10+I10+J10+K10+M10+N10=0," ",IF(OR(AND(H10<>0,I10=0,J10+M10+SUM(AA10:AG10)=H10),AND(I10<>0,H10=0,K10+N10=I10),AND(H10=0,I10=0,K10+N10<>0,K10+N10=SUM(AA10:AG10)),AND(H10=0,I10=0,J10+M10<>0,J10+M10=SUM(R10:Y10)),AND(H10=0,I10=0,M10=0,N10<>0,N10=J10),AND(H10=0,I10=0,M10<>0,N10=0,M10=K10)),"ok","??"))
A11: L5 | B11: =B10+1 -> 200 | L11: =L10+J11-K11 -> 0 | O11: =O10+M11-N11 -> 0 | P11: =L11+O11 -> 0 | Q11: L5 | Z11: =IF(H11+I11+J11+K11+M11+N11=0," ",IF(OR(AND(H11<>0,I11=0,J11+M11+SUM(AA11:AG11)=H11),AND(I11<>0,H11=0,K11+N11=I11),AND(H11=0,I11=0,K11+N11<>0,K11+N11=SUM(AA11:AG11)),AND(H11=0,I11=0,J11+M11<>0,J11+M11=SUM(R11:Y11)),AND(H11=0,I11=0,M11=0,N11<>0,N11=J11),AND(H11=0,I11=0,M11<>0,N11=0,M11=K11)),"ok","??"))
A12: L6 | B12: =B11+1 -> 201 | L12: =L11+J12-K12 -> 0 | O12: =O11+M12-N12 -> 0 | P12: =L12+O12 -> 0 | Q12: L6 | Z12: =IF(H12+I12+J12+K12+M12+N12=0," ",IF(OR(AND(H12<>0,I12=0,J12+M12+SUM(AA12:AG12)=H12),AND(I12<>0,H12=0,K12+N12=I12),AND(H12=0,I12=0,K12+N12<>0,K12+N12=SUM(AA12:AG12)),AND(H12=0,I12=0,J12+M12<>0,J12+M12=SUM(R12:Y12)),AND(H12=0,I12=0,M12=0,N12<>0,N12=J12),AND(H12=0,I12=0,M12<>0,N12=0,M12=K12)),"ok","??"))
A13: L7 | B13: =B12+1 -> 202 | L13: =L12+J13-K13 -> 0 | O13: =O12+M13-N13 -> 0 | P13: =L13+O13 -> 0 | Q13: L7 | Z13: =IF(H13+I13+J13+K13+M13+N13=0," ",IF(OR(AND(H13<>0,I13=0,J13+M13+SUM(AA13:AG13)=H13),AND(I13<>0,H13=0,K13+N13=I13),AND(H13=0,I13=0,K13+N13<>0,K13+N13=SUM(AA13:AG13)),AND(H13=0,I13=0,J13+M13<>0,J13+M13=SUM(R13:Y13)),AND(H13=0,I13=0,M13=0,N13<>0,N13=J13),AND(H13=0,I13=0,M13<>0,N13=0,M13=K13)),"ok","??"))
A14: L8 | B14: =B13+1 -> 203 | L14: =L13+J14-K14 -> 0 | O14: =O13+M14-N14 -> 0 | P14: =L14+O14 -> 0 | Q14: L8 | Z14: =IF(H14+I14+J14+K14+M14+N14=0," ",IF(OR(AND(H14<>0,I14=0,J14+M14+SUM(AA14:AG14)=H14),AND(I14<>0,H14=0,K14+N14=I14),AND(H14=0,I14=0,K14+N14<>0,K14+N14=SUM(AA14:AG14)),AND(H14=0,I14=0,J14+M14<>0,J14+M14=SUM(R14:Y14)),AND(H14=0,I14=0,M14=0,N14<>0,N14=J14),AND(H14=0,I14=0,M14<>0,N14=0,M14=K14)),"ok","??"))
A15: L9 | B15: =B14+1 -> 204 | L15: =L14+J15-K15 -> 0 | O15: =O14+M15-N15 -> 0 | P15: =L15+O15 -> 0 | Q15: L9 | Z15: =IF(H15+I15+J15+K15+M15+N15=0," ",IF(OR(AND(H15<>0,I15=0,J15+M15+SUM(AA15:AG15)=H15),AND(I15<>0,H15=0,K15+N15=I15),AND(H15=0,I15=0,K15+N15<>0,K15+N15=SUM(AA15:AG15)),AND(H15=0,I15=0,J15+M15<>0,J15+M15=SUM(R15:Y15)),AND(H15=0,I15=0,M15=0,N15<>0,N15=J15),AND(H15=0,I15=0,M15<>0,N15=0,M15=K15)),"ok","??"))
A16: L10 | B16: =B15+1 -> 205 | L16: =L15+J16-K16 -> 0 | O16: =O15+M16-N16 -> 0 | P16: =L16+O16 -> 0 | Q16: L10 | Z16: =IF(H16+I16+J16+K16+M16+N16=0," ",IF(OR(AND(H16<>0,I16=0,J16+M16+SUM(AA16:AG16)=H16),AND(I16<>0,H16=0,K16+N16=I16),AND(H16=0,I16=0,K16+N16<>0,K16+N16=SUM(AA16:AG16)),AND(H16=0,I16=0,J16+M16<>0,J16+M16=SUM(R16:Y16)),AND(H16=0,I16=0,M16=0,N16<>0,N16=J16),AND(H16=0,I16=0,M16<>0,N16=0,M16=K16)),"ok","??"))
A17: L11 | B17: =B16+1 -> 206 | L17: =L16+J17-K17 -> 0 | O17: =O16+M17-N17 -> 0 | P17: =L17+O17 -> 0 | Q17: L11 | Z17: =IF(H17+I17+J17+K17+M17+N17=0," ",IF(OR(AND(H17<>0,I17=0,J17+M17+SUM(AA17:AG17)=H17),AND(I17<>0,H17=0,K17+N17=I17),AND(H17=0,I17=0,K17+N17<>0,K17+N17=SUM(AA17:AG17)),AND(H17=0,I17=0,J17+M17<>0,J17+M17=SUM(R17:Y17)),AND(H17=0,I17=0,M17=0,N17<>0,N17=J17),AND(H17=0,I17=0,M17<>0,N17=0,M17=K17)),"ok","??"))
A18: L12 | B18: =B17+1 -> 207 | L18: =L17+J18-K18 -> 0 | O18: =O17+M18-N18 -> 0 | P18: =L18+O18 -> 0 | Q18: L12 | Z18: =IF(H18+I18+J18+K18+M18+N18=0," ",IF(OR(AND(H18<>0,I18=0,J18+M18+SUM(AA18:AG18)=H18),AND(I18<>0,H18=0,K18+N18=I18),AND(H18=0,I18=0,K18+N18<>0,K18+N18=SUM(AA18:AG18)),AND(H18=0,I18=0,J18+M18<>0,J18+M18=SUM(R18:Y18)),AND(H18=0,I18=0,M18=0,N18<>0,N18=J18),AND(H18=0,I18=0,M18<>0,N18=0,M18=K18)),"ok","??"))
A19: L13 | B19: =B18+1 -> 208 | L19: =L18+J19-K19 -> 0 | O19: =O18+M19-N19 -> 0 | P19: =L19+O19 -> 0 | Q19: L13 | Z19: =IF(H19+I19+J19+K19+M19+N19=0," ",IF(OR(AND(H19<>0,I19=0,J19+M19+SUM(AA19:AG19)=H19),AND(I19<>0,H19=0,K19+N19=I19),AND(H19=0,I19=0,K19+N19<>0,K19+N19=SUM(AA19:AG19)),AND(H19=0,I19=0,J19+M19<>0,J19+M19=SUM(R19:Y19)),AND(H19=0,I19=0,M19=0,N19<>0,N19=J19),AND(H19=0,I19=0,M19<>0,N19=0,M19=K19)),"ok","??"))
... A21: L15 | B21: =B20+1 -> 210 | L21: =L20+J21-K21 -> 0 | O21: =O20+M21-N21 -> 0 | P21: =L21+O21 -> 0 | Q21: L15 | Z21: =IF(H21+I21+J21+K21+M21+N21=0," ",IF(OR(AND(H21<>0,I21=0,J21+M21+SUM(AA21:AG21)=H21),AND(I21<>0,H21=0,K21+N21=I21),AND(H21=0,I21=0,K21+N21<>0,K21+N21=SUM(AA21:AG21)),AND(H21=0,I21=0,J21+M21<>0,J21+M21=SUM(R21:Y21)),AND(H21=0,I21=0,M21=0,N21<>0,N21=J21),AND(H21=0,I21=0,M21<>0,N21=0,M21=K21)),"ok","??"))
B22: page 14-1 | F22: TOTAUX à reporter | H22: =SUM(H6:H21) -> 0 | I22: =SUM(I6:I21) -> 0 | J22: =SUM(J6:J21) -> 0 | K22: =SUM(K6:K21) -> 0 | L22: =L21 -> 0 | M22: =SUM(M6:M21) -> 0 | N22: =SUM(N6:N21) -> 0 | O22: =O21 -> 0 | P22: =SUM(L22+O22) -> 0 | R22: =SUM(R6:R21) -> 0 | S22: =SUM(S6:S21) -> 0 | T22: =SUM(T6:T21) -> 0 | U22: =SUM(U6:U21) -> 0 | V22: =SUM(V6:V21) -> 0 | W22: =SUM(W6:W21) -> 0 | X22: =SUM(X6:X21) -> 0 | Y22: =SUM(Y6:Y21) -> 0 | AA22: =SUM(AA6:AA21) -> 0 | AB22: =SUM(AB6:AB21) -> 0 | AC22: =SUM(AC6:AC21) -> 0 | AD22: =SUM(AD6:AD21) -> 0 | AE22: =SUM(AE6:AE21) -> 0 | AF22: =SUM(AF6:AF21) -> 0 | AG22: =SUM(AG6:AG21) -> 0
H24: (6) | I24: (5)
D25: ENTREES | E25: =SUM(J22+M22) -> 0 | H25: ="(1)" -> (1) | J25: SORTIES | M25: =SUM(K22+N22) -> 0 | P25: ="(2)" -> (2) | S25: PRODUITS | V25: =SUM(R22:Y22) -> 0 | X25: ="(3)" -> (3) | Y25: ="(3)" -> (3) | AB25: CHARGES | AE25: =SUM(AA22:AG22) -> 0 | AG25: ="(4)" -> (4)
D26: ='13'!D26+IF(G7<>0,J7,0)-IF(G7<>0,K7,0)+IF(G8<>0,J8,0)-IF(G8<>0,K8,0)+IF(G9<>0,J9,0)-IF(G9<>0,K9,0)+IF(G10<>0,J10,0)-IF(G10<>0,K10,0)+IF(G11<>0,J11,0)-IF(G11<>0,K11,0)+IF(G12<>0,J12,0)-IF(G12<>0,K12,0)+IF(G13<>0,J13,0)-IF(G13<>0,K13,0)+IF(G14<>0,J14,0)-IF(G14<>0,K14,0)+IF(G15<>0,J15,0)-IF(G15<>0,K15,0)+IF(G16<>0,J16,0)-IF(G16<>0,K16,0)+IF(G17<>0,J17,0)-IF(G17<>0,K17,0)+IF(G18<>0,J18,0)-IF(G18<>0,K18,0)+IF(G19<>0,J19,0)-IF(G19<>0,K19,0)+IF(G20<>0,J20,0)-IF(G20<>0,K20,0)+IF(G21<>0,J21,0)-IF(G21<>0,K21,0) -> 0 | E26: (somme de c6, c8 et c11) | M26: (somme de c7 c9 et c12) | V26: (somme de c15 à c22) | AE26: (somme de c23 à c29)
B27: page 14-1 | D27: Solde réel du compte bancaire : | E27: ='16>'!E27 -> 0 | H27: Vérif : | K27: ="(1)-(2)+(5)" -> (1)-(2)+(5) | L27: =E25-M25+I22 -> 0 | N27: =V25-AE25+H22 -> 0 | P27: ="(3)-(4)+(6)" -> (3)-(4)+(6) | AG27: page 14-2

Sheet 15
B2: N° PJ | C2: Date | D2: Nature de l'action pédagogique | E2: Pointage Chèque | G2: Pointage CCA | H2: Régie d'avance | J2: Compte Crédit Agricole | M2: Caisse (espèces) | P2: SITUATION GENERALE c10 + c13 | R2: 7070 | S2: 7080 | T2: 7410 | U2: 7551 | V2: 75511 | W2: 7562 | X2: 7700 | Y2: 7700 | AA2: 6070 | AB2: 61681 | AC2: 6181 | AD2: 6270 | AE2: 6586 | AF2: 6700 | AG2: 6800
R3: Ventes de produits pour cession | S3: Produits activités éducatives | T3: Subventions reçues | U3: Contributions financières Plateforme participative | V3: Contributions financières d'autres organismes | W3: Participation volontaire des familles | X3: Produits exceptionnels | Y3: Produits exceptionnels | Z3: Validité | AA3: Achats de produits pour cession | AB3: Assurances versées | AC3: Charges des activités éducatives | AD3: Services bancaires et assimilés | AE3: Cotisations versées à l'OCCE | AF3: Charges exceptionnelles | AG3: Achats de biens durables
B4: =CONCATENATE("Année scolaire : ",Garde!C11) -> Année scolaire : 2026-2027 | E4: N° chèque | G4: N° du relevé de CCA | H4: RETOUR cahier de classe Rappel du montant versé | I4: DEPART Versé à la coop. de classe | J4: Entrées | K4: Sorties | L4: Situation | M4: Entrées | N4: Sorties | O4: Situation | R4: Tout ce que vous vendez sans l'avoir fabriqué et qui a été payé au compte 6070 | S4: Recettes résultant des activités pédagogiques de la coopérative | T4: Etat, Collectivités locales, Etabl. Publics | U4: Produits provenant d'activités non éducatives | V4: Aides reçues des APE, autres associations, organismes privés | W4: Cotisations perçues pour l'OCCE dans la cadre de la participation volontaire des familles | X4: Evènement imprévu et non récurrent | Y4: Dons, actions de solidarité | AA4: Achats d'objets pour les revendre | AB4: Assurance MAE-MAIF de la coopérative et des coopérateurs | AC4: Dépenses résultant des activités pédagogiques de la coopérative | AD4: Frais bancaires | AE4: Exclusivement les cotisations versées à l'OCCE 89 Sans les assurances ! | AF4: Evènement imprévu et non récurrent | AG4: Matériel (durée de vie>1 an) pour les activités éducatives en lien avec la coopération
B5: c1 | C5: c2 | D5: c3 | E5: c4 | G5: c5 | H5: c6 | I5: c7 | J5: c8 | K5: c9 | L5: c10 | M5: c11 | N5: c12 | O5: c13 | P5: c14 | R5: c15 | S5: c16 | T5: c17 | U5: c18 | V5: c19 | W5: c20 | X5: c21 | Y5: c21 | AA5: c22 | AB5: c23 | AC5: c24 | AD5: c25 | AE5: c26 | AF5: c27 | AG5: c28
D6: Report | H6: ='14'!H22 -> 0 | I6: ='14'!I22 -> 0 | J6: ='14'!J22 -> 0 | K6: ='14'!K22 -> 0 | L6: ='14'!L22 -> 0 | M6: ='14'!M22 -> 0 | N6: ='14'!N22 -> 0 | O6: ='14'!O22 -> 0 | P6: =SUM(L6+O6) -> 0 | R6: ='14'!R22 -> 0 | S6: ='14'!S22 -> 0 | T6: ='14'!T22 -> 0 | U6: ='14'!U22 -> 0 | V6: ='14'!V22 -> 0 | W6: ='14'!W22 -> 0 | X6: ='14'!X22 -> 0 | Y6: ='14'!Y22 -> 0 | AA6: ='14'!AA22 -> 0 | AB6: ='14'!AB22 -> 0 | AC6: ='14'!AC22 -> 0 | AD6: ='14'!AD22 -> 0 | AE6: ='14'!AE22 -> 0 | AF6: ='14'!AF22 -> 0 | AG6: ='14'!AG22 -> 0
A7: L1 | B7: ='14'!B21+1 -> 211 | L7: =L6+J7-K7 -> 0 | O7: =O6+M7-N7 -> 0 | P7: =L7+O7 -> 0 | Q7: L1 | Z7: =IF(H7+I7+J7+K7+M7+N7=0," ",IF(OR(AND(H7<>0,I7=0,J7+M7+SUM(AA7:AG7)=H7),AND(I7<>0,H7=0,K7+N7=I7),AND(H7=0,I7=0,K7+N7<>0,K7+N7=SUM(AA7:AG7)),AND(H7=0,I7=0,J7+M7<>0,J7+M7=SUM(R7:Y7)),AND(H7=0,I7=0,M7=0,N7<>0,N7=J7),AND(H7=0,I7=0,M7<>0,N7=0,M7=K7)),"ok","??"))
A8: L2 | B8: =B7+1 -> 212 | L8: =L7+J8-K8 -> 0 | O8: =O7+M8-N8 -> 0 | P8: =L8+O8 -> 0 | Q8: L2 | Z8: =IF(H8+I8+J8+K8+M8+N8=0," ",IF(OR(AND(H8<>0,I8=0,J8+M8+SUM(AA8:AG8)=H8),AND(I8<>0,H8=0,K8+N8=I8),AND(H8=0,I8=0,K8+N8<>0,K8+N8=SUM(AA8:AG8)),AND(H8=0,I8=0,J8+M8<>0,J8+M8=SUM(R8:Y8)),AND(H8=0,I8=0,M8=0,N8<>0,N8=J8),AND(H8=0,I8=0,M8<>0,N8=0,M8=K8)),"ok","??"))
A9: L3 | B9: =B8+1 -> 213 | L9: =L8+J9-K9 -> 0 | O9: =O8+M9-N9 -> 0 | P9: =L9+O9 -> 0 | Q9: L3 | Z9: =IF(H9+I9+J9+K9+M9+N9=0," ",IF(OR(AND(H9<>0,I9=0,J9+M9+SUM(AA9:AG9)=H9),AND(I9<>0,H9=0,K9+N9=I9),AND(H9=0,I9=0,K9+N9<>0,K9+N9=SUM(AA9:AG9)),AND(H9=0,I9=0,J9+M9<>0,J9+M9=SUM(R9:Y9)),AND(H9=0,I9=0,M9=0,N9<>0,N9=J9),AND(H9=0,I9=0,M9<>0,N9=0,M9=K9)),"ok","??"))
A10: L4 | B10: =B9+1 -> 214 | L10: =L9+J10-K10 -> 0 | O10: =O9+M10-N10 -> 0 | P10: =L10+O10 -> 0 | Q10: L4 | Z10: =IF(H10+I10+J10+K10+M10+N10=0," ",IF(OR(AND(H10<>0,I10=0,J10+M10+SUM(AA10:AG10)=H10),AND(I10<>0,H10=0,K10+N10=I10),AND(H10=0,I10=0,K10+N10<>0,K10+N10=SUM(AA10:AG10)),AND(H10=0,I10=0,J10+M10<>0,J10+M10=SUM(R10:Y10)),AND(H10=0,I10=0,M10=0,N10<>0,N10=J10),AND(H10=0,I10=0,M10<>0,N10=0,M10=K10)),"ok","??"))
A11: L5 | B11: =B10+1 -> 215 | L11: =L10+J11-K11 -> 0 | O11: =O10+M11-N11 -> 0 | P11: =L11+O11 -> 0 | Q11: L5 | Z11: =IF(H11+I11+J11+K11+M11+N11=0," ",IF(OR(AND(H11<>0,I11=0,J11+M11+SUM(AA11:AG11)=H11),AND(I11<>0,H11=0,K11+N11=I11),AND(H11=0,I11=0,K11+N11<>0,K11+N11=SUM(AA11:AG11)),AND(H11=0,I11=0,J11+M11<>0,J11+M11=SUM(R11:Y11)),AND(H11=0,I11=0,M11=0,N11<>0,N11=J11),AND(H11=0,I11=0,M11<>0,N11=0,M11=K11)),"ok","??"))
A12: L6 | B12: =B11+1 -> 216 | L12: =L11+J12-K12 -> 0 | O12: =O11+M12-N12 -> 0 | P12: =L12+O12 -> 0 | Q12: L6 | Z12: =IF(H12+I12+J12+K12+M12+N12=0," ",IF(OR(AND(H12<>0,I12=0,J12+M12+SUM(AA12:AG12)=H12),AND(I12<>0,H12=0,K12+N12=I12),AND(H12=0,I12=0,K12+N12<>0,K12+N12=SUM(AA12:AG12)),AND(H12=0,I12=0,J12+M12<>0,J12+M12=SUM(R12:Y12)),AND(H12=0,I12=0,M12=0,N12<>0,N12=J12),AND(H12=0,I12=0,M12<>0,N12=0,M12=K12)),"ok","??"))
A13: L7 | B13: =B12+1 -> 217 | L13: =L12+J13-K13 -> 0 | O13: =O12+M13-N13 -> 0 | P13: =L13+O13 -> 0 | Q13: L7 | Z13: =IF(H13+I13+J13+K13+M13+N13=0," ",IF(OR(AND(H13<>0,I13=0,J13+M13+SUM(AA13:AG13)=H13),AND(I13<>0,H13=0,K13+N13=I13),AND(H13=0,I13=0,K13+N13<>0,K13+N13=SUM(AA13:AG13)),AND(H13=0,I13=0,J13+M13<>0,J13+M13=SUM(R13:Y13)),AND(H13=0,I13=0,M13=0,N13<>0,N13=J13),AND(H13=0,I13=0,M13<>0,N13=0,M13=K13)),"ok","??"))
A14: L8 | B14: =B13+1 -> 218 | L14: =L13+J14-K14 -> 0 | O14: =O13+M14-N14 -> 0 | P14: =L14+O14 -> 0 | Q14: L8 | Z14: =IF(H14+I14+J14+K14+M14+N14=0," ",IF(OR(AND(H14<>0,I14=0,J14+M14+SUM(AA14:AG14)=H14),AND(I14<>0,H14=0,K14+N14=I14),AND(H14=0,I14=0,K14+N14<>0,K14+N14=SUM(AA14:AG14)),AND(H14=0,I14=0,J14+M14<>0,J14+M14=SUM(R14:Y14)),AND(H14=0,I14=0,M14=0,N14<>0,N14=J14),AND(H14=0,I14=0,M14<>0,N14=0,M14=K14)),"ok","??"))
A15: L9 | B15: =B14+1 -> 219 | L15: =L14+J15-K15 -> 0 | O15: =O14+M15-N15 -> 0 | P15: =L15+O15 -> 0 | Q15: L9 | Z15: =IF(H15+I15+J15+K15+M15+N15=0," ",IF(OR(AND(H15<>0,I15=0,J15+M15+SUM(AA15:AG15)=H15),AND(I15<>0,H15=0,K15+N15=I15),AND(H15=0,I15=0,K15+N15<>0,K15+N15=SUM(AA15:AG15)),AND(H15=0,I15=0,J15+M15<>0,J15+M15=SUM(R15:Y15)),AND(H15=0,I15=0,M15=0,N15<>0,N15=J15),AND(H15=0,I15=0,M15<>0,N15=0,M15=K15)),"ok","??"))
A16: L10 | B16: =B15+1 -> 220 | L16: =L15+J16-K16 -> 0 | O16: =O15+M16-N16 -> 0 | P16: =L16+O16 -> 0 | Q16: L10 | Z16: =IF(H16+I16+J16+K16+M16+N16=0," ",IF(OR(AND(H16<>0,I16=0,J16+M16+SUM(AA16:AG16)=H16),AND(I16<>0,H16=0,K16+N16=I16),AND(H16=0,I16=0,K16+N16<>0,K16+N16=SUM(AA16:AG16)),AND(H16=0,I16=0,J16+M16<>0,J16+M16=SUM(R16:Y16)),AND(H16=0,I16=0,M16=0,N16<>0,N16=J16),AND(H16=0,I16=0,M16<>0,N16=0,M16=K16)),"ok","??"))
A17: L11 | B17: =B16+1 -> 221 | L17: =L16+J17-K17 -> 0 | O17: =O16+M17-N17 -> 0 | P17: =L17+O17 -> 0 | Q17: L11 | Z17: =IF(H17+I17+J17+K17+M17+N17=0," ",IF(OR(AND(H17<>0,I17=0,J17+M17+SUM(AA17:AG17)=H17),AND(I17<>0,H17=0,K17+N17=I17),AND(H17=0,I17=0,K17+N17<>0,K17+N17=SUM(AA17:AG17)),AND(H17=0,I17=0,J17+M17<>0,J17+M17=SUM(R17:Y17)),AND(H17=0,I17=0,M17=0,N17<>0,N17=J17),AND(H17=0,I17=0,M17<>0,N17=0,M17=K17)),"ok","??"))
A18: L12 | B18: =B17+1 -> 222 | L18: =L17+J18-K18 -> 0 | O18: =O17+M18-N18 -> 0 | P18: =L18+O18 -> 0 | Q18: L12 | Z18: =IF(H18+I18+J18+K18+M18+N18=0," ",IF(OR(AND(H18<>0,I18=0,J18+M18+SUM(AA18:AG18)=H18),AND(I18<>0,H18=0,K18+N18=I18),AND(H18=0,I18=0,K18+N18<>0,K18+N18=SUM(AA18:AG18)),AND(H18=0,I18=0,J18+M18<>0,J18+M18=SUM(R18:Y18)),AND(H18=0,I18=0,M18=0,N18<>0,N18=J18),AND(H18=0,I18=0,M18<>0,N18=0,M18=K18)),"ok","??"))
A19: L13 | B19: =B18+1 -> 223 | L19: =L18+J19-K19 -> 0 | O19: =O18+M19-N19 -> 0 | P19: =L19+O19 -> 0 | Q19: L13 | Z19: =IF(H19+I19+J19+K19+M19+N19=0," ",IF(OR(AND(H19<>0,I19=0,J19+M19+SUM(AA19:AG19)=H19),AND(I19<>0,H19=0,K19+N19=I19),AND(H19=0,I19=0,K19+N19<>0,K19+N19=SUM(AA19:AG19)),AND(H19=0,I19=0,J19+M19<>0,J19+M19=SUM(R19:Y19)),AND(H19=0,I19=0,M19=0,N19<>0,N19=J19),AND(H19=0,I19=0,M19<>0,N19=0,M19=K19)),"ok","??"))
... A21: L15 | B21: =B20+1 -> 225 | L21: =L20+J21-K21 -> 0 | O21: =O20+M21-N21 -> 0 | P21: =L21+O21 -> 0 | Q21: L15 | Z21: =IF(H21+I21+J21+K21+M21+N21=0," ",IF(OR(AND(H21<>0,I21=0,J21+M21+SUM(AA21:AG21)=H21),AND(I21<>0,H21=0,K21+N21=I21),AND(H21=0,I21=0,K21+N21<>0,K21+N21=SUM(AA21:AG21)),AND(H21=0,I21=0,J21+M21<>0,J21+M21=SUM(R21:Y21)),AND(H21=0,I21=0,M21=0,N21<>0,N21=J21),AND(H21=0,I21=0,M21<>0,N21=0,M21=K21)),"ok","??"))
B22: page 15-1 | F22: TOTAUX à reporter | H22: =SUM(H6:H21) -> 0 | I22: =SUM(I6:I21) -> 0 | J22: =SUM(J6:J21) -> 0 | K22: =SUM(K6:K21) -> 0 | L22: =L21 -> 0 | M22: =SUM(M6:M21) -> 0 | N22: =SUM(N6:N21) -> 0 | O22: =O21 -> 0 | P22: =SUM(L22+O22) -> 0 | R22: =SUM(R6:R21) -> 0 | S22: =SUM(S6:S21) -> 0 | T22: =SUM(T6:T21) -> 0 | U22: =SUM(U6:U21) -> 0 | V22: =SUM(V6:V21) -> 0 | W22: =SUM(W6:W21) -> 0 | X22: =SUM(X6:X21) -> 0 | Y22: =SUM(Y6:Y21) -> 0 | AA22: =SUM(AA6:AA21) -> 0 | AB22: =SUM(AB6:AB21) -> 0 | AC22: =SUM(AC6:AC21) -> 0 | AD22: =SUM(AD6:AD21) -> 0 | AE22: =SUM(AE6:AE21) -> 0 | AF22: =SUM(AF6:AF21) -> 0 | AG22: =SUM(AG6:AG21) -> 0
H24: (6) | I24: (5)
D25: ENTREES | E25: =SUM(J22+M22) -> 0 | H25: ="(1)" -> (1) | J25: SORTIES | M25: =SUM(K22+N22) -> 0 | P25: ="(2)" -> (2) | S25: PRODUITS | V25: =SUM(R22:Y22) -> 0 | X25: ="(3)" -> (3) | Y25: ="(3)" -> (3) | AB25: CHARGES | AE25: =SUM(AA22:AG22) -> 0 | AG25: ="(4)" -> (4)
D26: ='14'!D26+IF(G7<>0,J7,0)-IF(G7<>0,K7,0)+IF(G8<>0,J8,0)-IF(G8<>0,K8,0)+IF(G9<>0,J9,0)-IF(G9<>0,K9,0)+IF(G10<>0,J10,0)-IF(G10<>0,K10,0)+IF(G11<>0,J11,0)-IF(G11<>0,K11,0)+IF(G12<>0,J12,0)-IF(G12<>0,K12,0)+IF(G13<>0,J13,0)-IF(G13<>0,K13,0)+IF(G14<>0,J14,0)-IF(G14<>0,K14,0)+IF(G15<>0,J15,0)-IF(G15<>0,K15,0)+IF(G16<>0,J16,0)-IF(G16<>0,K16,0)+IF(G17<>0,J17,0)-IF(G17<>0,K17,0)+IF(G18<>0,J18,0)-IF(G18<>0,K18,0)+IF(G19<>0,J19,0)-IF(G19<>0,K19,0)+IF(G20<>0,J20,0)-IF(G20<>0,K20,0)+IF(G21<>0,J21,0)-IF(G21<>0,K21,0) -> 0 | E26: (somme de c6, c8 et c11) | M26: (somme de c7 c9 et c12) | V26: (somme de c15 à c22) | AE26: (somme de c23 à c29)
B27: page 15-1 | D27: Solde réel du compte bancaire : | E27: ='16>'!E27 -> 0 | H27: Vérif : | K27: ="(1)-(2)+(5)" -> (1)-(2)+(5) | L27: =E25-M25+I22 -> 0 | N27: =V25-AE25+H22 -> 0 | P27: ="(3)-(4)+(6)" -> (3)-(4)+(6) | AG27: page 15-2

Sheet 16>
B2: N° PJ | C2: Date | D2: Nature de l'action pédagogique | E2: Pointage Chèque | G2: Pointage CCA | H2: Régie d'avance | J2: Compte Crédit Agricole | M2: Caisse (espèces) | P2: SITUATION GENERALE c10 + c13 | R2: 7070 | S2: 7080 | T2: 7410 | U2: 7551 | V2: 75511 | W2: 7562 | X2: 7700 | Y2: 7700 | AA2: 6070 | AB2: 61681 | AC2: 6181 | AD2: 6270 | AE2: 6586 | AF2: 6700 | AG2: 6800
R3: Ventes de produits pour cession | S3: Produits activités éducatives | T3: Subventions reçues | U3: Contributions financières Plateforme participative | V3: Contributions financières d'autres organismes | W3: Participation volontaire des familles | X3: Produits exceptionnels | Y3: Produits exceptionnels | Z3: Validité | AA3: Achats de produits pour cession | AB3: Assurances versées | AC3: Charges des activités éducatives | AD3: Services bancaires et assimilés | AE3: Cotisations versées à l'OCCE | AF3: Charges exceptionnelles | AG3: Achats de biens durables
B4: =CONCATENATE("Année scolaire : ",Garde!C11) -> Année scolaire : 2026-2027 | E4: N° chèque | G4: N° du relevé de CCA | H4: RETOUR cahier de classe Rappel du montant versé | I4: DEPART Versé à la coop. de classe | J4: Entrées | K4: Sorties | L4: Situation | M4: Entrées | N4: Sorties | O4: Situation | R4: Tout ce que vous vendez sans l'avoir fabriqué et qui a été payé au compte 6070 | S4: Recettes résultant des activités pédagogiques de la coopérative | T4: Etat, Collectivités locales, Etabl. Publics | U4: Produits provenant d'activités non éducatives | V4: Aides reçues des APE, autres associations, organismes privés | W4: Cotisations perçues pour l'OCCE dans la cadre de la participation volontaire des familles | X4: Evènement imprévu et non récurrent | Y4: Dons, actions de solidarité | AA4: Achats d'objets pour les revendre | AB4: Assurance MAE-MAIF de la coopérative et des coopérateurs | AC4: Dépenses résultant des activités pédagogiques de la coopérative | AD4: Frais bancaires | AE4: Exclusivement les cotisations versées à l'OCCE 89 Sans les assurances ! | AF4: Evènement imprévu et non récurrent | AG4: Matériel (durée de vie>1 an) pour les activités éducatives en lien avec la coopération
B5: c1 | C5: c2 | D5: c3 | E5: c4 | G5: c5 | H5: c6 | I5: c7 | J5: c8 | K5: c9 | L5: c10 | M5: c11 | N5: c12 | O5: c13 | P5: c14 | R5: c15 | S5: c16 | T5: c17 | U5: c18 | V5: c19 | W5: c20 | X5: c21 | Y5: c22 | AA5: c23 | AB5: c24 | AC5: c25 | AD5: c26 | AE5: c27 | AF5: c28 | AG5: c29
D6: Report | H6: ='15'!H22 -> 0 | I6: ='15'!I22 -> 0 | J6: ='15'!J22 -> 0 | K6: ='15'!K22 -> 0 | L6: ='15'!L22 -> 0 | M6: ='15'!M22 -> 0 | N6: ='15'!N22 -> 0 | O6: ='15'!O22 -> 0 | P6: =SUM(L6+O6) -> 0 | R6: ='15'!R22 -> 0 | S6: ='15'!S22 -> 0 | T6: ='15'!T22 -> 0 | U6: ='15'!U22 -> 0 | V6: ='15'!V22 -> 0 | W6: ='15'!W22 -> 0 | X6: ='15'!X22 -> 0 | Y6: ='15'!Y22 -> 0 | AA6: ='15'!AA22 -> 0 | AB6: ='15'!AB22 -> 0 | AC6: ='15'!AC22 -> 0 | AD6: ='15'!AD22 -> 0 | AE6: ='15'!AE22 -> 0 | AF6: ='15'!AF22 -> 0 | AG6: ='15'!AG22 -> 0
A7: L1 | B7: ='15'!B21+1 -> 226 | L7: =L6+J7-K7 -> 0 | O7: =O6+M7-N7 -> 0 | P7: =L7+O7 -> 0 | Q7: L1 | Z7: =IF(H7+I7+J7+K7+M7+N7=0," ",IF(OR(AND(H7<>0,I7=0,J7+M7+SUM(AA7:AG7)=H7),AND(I7<>0,H7=0,K7+N7=I7),AND(H7=0,I7=0,K7+N7<>0,K7+N7=SUM(AA7:AG7)),AND(H7=0,I7=0,J7+M7<>0,J7+M7=SUM(R7:Y7)),AND(H7=0,I7=0,M7=0,N7<>0,N7=J7),AND(H7=0,I7=0,M7<>0,N7=0,M7=K7)),"ok","??"))
A8: L2 | B8: =B7+1 -> 227 | L8: =L7+J8-K8 -> 0 | O8: =O7+M8-N8 -> 0 | P8: =L8+O8 -> 0 | Q8: L2 | Z8: =IF(H8+I8+J8+K8+M8+N8=0," ",IF(OR(AND(H8<>0,I8=0,J8+M8+SUM(AA8:AG8)=H8),AND(I8<>0,H8=0,K8+N8=I8),AND(H8=0,I8=0,K8+N8<>0,K8+N8=SUM(AA8:AG8)),AND(H8=0,I8=0,J8+M8<>0,J8+M8=SUM(R8:Y8)),AND(H8=0,I8=0,M8=0,N8<>0,N8=J8),AND(H8=0,I8=0,M8<>0,N8=0,M8=K8)),"ok","??"))
A9: L3 | B9: =B8+1 -> 228 | L9: =L8+J9-K9 -> 0 | O9: =O8+M9-N9 -> 0 | P9: =L9+O9 -> 0 | Q9: L3 | Z9: =IF(H9+I9+J9+K9+M9+N9=0," ",IF(OR(AND(H9<>0,I9=0,J9+M9+SUM(AA9:AG9)=H9),AND(I9<>0,H9=0,K9+N9=I9),AND(H9=0,I9=0,K9+N9<>0,K9+N9=SUM(AA9:AG9)),AND(H9=0,I9=0,J9+M9<>0,J9+M9=SUM(R9:Y9)),AND(H9=0,I9=0,M9=0,N9<>0,N9=J9),AND(H9=0,I9=0,M9<>0,N9=0,M9=K9)),"ok","??"))
A10: L4 | B10: =B9+1 -> 229 | L10: =L9+J10-K10 -> 0 | O10: =O9+M10-N10 -> 0 | P10: =L10+O10 -> 0 | Q10: L4 | Z10: =IF(H10+I10+J10+K10+M10+N10=0," ",IF(OR(AND(H10<>0,I10=0,J10+M10+SUM(AA10:AG10)=H10),AND(I10<>0,H10=0,K10+N10=I10),AND(H10=0,I10=0,K10+N10<>0,K10+N10=SUM(AA10:AG10)),AND(H10=0,I10=0,J10+M10<>0,J10+M10=SUM(R10:Y10)),AND(H10=0,I10=0,M10=0,N10<>0,N10=J10),AND(H10=0,I10=0,M10<>0,N10=0,M10=K10)),"ok","??"))
A11: L5 | B11: =B10+1 -> 230 | L11: =L10+J11-K11 -> 0 | O11: =O10+M11-N11 -> 0 | P11: =L11+O11 -> 0 | Q11: L5 | Z11: =IF(H11+I11+J11+K11+M11+N11=0," ",IF(OR(AND(H11<>0,I11=0,J11+M11+SUM(AA11:AG11)=H11),AND(I11<>0,H11=0,K11+N11=I11),AND(H11=0,I11=0,K11+N11<>0,K11+N11=SUM(AA11:AG11)),AND(H11=0,I11=0,J11+M11<>0,J11+M11=SUM(R11:Y11)),AND(H11=0,I11=0,M11=0,N11<>0,N11=J11),AND(H11=0,I11=0,M11<>0,N11=0,M11=K11)),"ok","??"))
A12: L6 | B12: =B11+1 -> 231 | L12: =L11+J12-K12 -> 0 | O12: =O11+M12-N12 -> 0 | P12: =L12+O12 -> 0 | Q12: L6 | Z12: =IF(H12+I12+J12+K12+M12+N12=0," ",IF(OR(AND(H12<>0,I12=0,J12+M12+SUM(AA12:AG12)=H12),AND(I12<>0,H12=0,K12+N12=I12),AND(H12=0,I12=0,K12+N12<>0,K12+N12=SUM(AA12:AG12)),AND(H12=0,I12=0,J12+M12<>0,J12+M12=SUM(R12:Y12)),AND(H12=0,I12=0,M12=0,N12<>0,N12=J12),AND(H12=0,I12=0,M12<>0,N12=0,M12=K12)),"ok","??"))
A13: L7 | B13: =B12+1 -> 232 | L13: =L12+J13-K13 -> 0 | O13: =O12+M13-N13 -> 0 | P13: =L13+O13 -> 0 | Q13: L7 | Z13: =IF(H13+I13+J13+K13+M13+N13=0," ",IF(OR(AND(H13<>0,I13=0,J13+M13+SUM(AA13:AG13)=H13),AND(I13<>0,H13=0,K13+N13=I13),AND(H13=0,I13=0,K13+N13<>0,K13+N13=SUM(AA13:AG13)),AND(H13=0,I13=0,J13+M13<>0,J13+M13=SUM(R13:Y13)),AND(H13=0,I13=0,M13=0,N13<>0,N13=J13),AND(H13=0,I13=0,M13<>0,N13=0,M13=K13)),"ok","??"))
A14: L8 | B14: =B13+1 -> 233 | L14: =L13+J14-K14 -> 0 | O14: =O13+M14-N14 -> 0 | P14: =L14+O14 -> 0 | Q14: L8 | Z14: =IF(H14+I14+J14+K14+M14+N14=0," ",IF(OR(AND(H14<>0,I14=0,J14+M14+SUM(AA14:AG14)=H14),AND(I14<>0,H14=0,K14+N14=I14),AND(H14=0,I14=0,K14+N14<>0,K14+N14=SUM(AA14:AG14)),AND(H14=0,I14=0,J14+M14<>0,J14+M14=SUM(R14:Y14)),AND(H14=0,I14=0,M14=0,N14<>0,N14=J14),AND(H14=0,I14=0,M14<>0,N14=0,M14=K14)),"ok","??"))
A15: L9 | B15: =B14+1 -> 234 | L15: =L14+J15-K15 -> 0 | O15: =O14+M15-N15 -> 0 | P15: =L15+O15 -> 0 | Q15: L9 | Z15: =IF(H15+I15+J15+K15+M15+N15=0," ",IF(OR(AND(H15<>0,I15=0,J15+M15+SUM(AA15:AG15)=H15),AND(I15<>0,H15=0,K15+N15=I15),AND(H15=0,I15=0,K15+N15<>0,K15+N15=SUM(AA15:AG15)),AND(H15=0,I15=0,J15+M15<>0,J15+M15=SUM(R15:Y15)),AND(H15=0,I15=0,M15=0,N15<>0,N15=J15),AND(H15=0,I15=0,M15<>0,N15=0,M15=K15)),"ok","??"))
A16: L10 | B16: =B15+1 -> 235 | L16: =L15+J16-K16 -> 0 | O16: =O15+M16-N16 -> 0 | P16: =L16+O16 -> 0 | Q16: L10 | Z16: =IF(H16+I16+J16+K16+M16+N16=0," ",IF(OR(AND(H16<>0,I16=0,J16+M16+SUM(AA16:AG16)=H16),AND(I16<>0,H16=0,K16+N16=I16),AND(H16=0,I16=0,K16+N16<>0,K16+N16=SUM(AA16:AG16)),AND(H16=0,I16=0,J16+M16<>0,J16+M16=SUM(R16:Y16)),AND(H16=0,I16=0,M16=0,N16<>0,N16=J16),AND(H16=0,I16=0,M16<>0,N16=0,M16=K16)),"ok","??"))
A17: L11 | B17: =B16+1 -> 236 | L17: =L16+J17-K17 -> 0 | O17: =O16+M17-N17 -> 0 | P17: =L17+O17 -> 0 | Q17: L11 | Z17: =IF(H17+I17+J17+K17+M17+N17=0," ",IF(OR(AND(H17<>0,I17=0,J17+M17+SUM(AA17:AG17)=H17),AND(I17<>0,H17=0,K17+N17=I17),AND(H17=0,I17=0,K17+N17<>0,K17+N17=SUM(AA17:AG17)),AND(H17=0,I17=0,J17+M17<>0,J17+M17=SUM(R17:Y17)),AND(H17=0,I17=0,M17=0,N17<>0,N17=J17),AND(H17=0,I17=0,M17<>0,N17=0,M17=K17)),"ok","??"))
A18: L12 | B18: =B17+1 -> 237 | L18: =L17+J18-K18 -> 0 | O18: =O17+M18-N18 -> 0 | P18: =L18+O18 -> 0 | Q18: L12 | Z18: =IF(H18+I18+J18+K18+M18+N18=0," ",IF(OR(AND(H18<>0,I18=0,J18+M18+SUM(AA18:AG18)=H18),AND(I18<>0,H18=0,K18+N18=I18),AND(H18=0,I18=0,K18+N18<>0,K18+N18=SUM(AA18:AG18)),AND(H18=0,I18=0,J18+M18<>0,J18+M18=SUM(R18:Y18)),AND(H18=0,I18=0,M18=0,N18<>0,N18=J18),AND(H18=0,I18=0,M18<>0,N18=0,M18=K18)),"ok","??"))
A19: L13 | B19: =B18+1 -> 238 | L19: =L18+J19-K19 -> 0 | O19: =O18+M19-N19 -> 0 | P19: =L19+O19 -> 0 | Q19: L13 | Z19: =IF(H19+I19+J19+K19+M19+N19=0," ",IF(OR(AND(H19<>0,I19=0,J19+M19+SUM(AA19:AG19)=H19),AND(I19<>0,H19=0,K19+N19=I19),AND(H19=0,I19=0,K19+N19<>0,K19+N19=SUM(AA19:AG19)),AND(H19=0,I19=0,J19+M19<>0,J19+M19=SUM(R19:Y19)),AND(H19=0,I19=0,M19=0,N19<>0,N19=J19),AND(H19=0,I19=0,M19<>0,N19=0,M19=K19)),"ok","??"))
... A21: L15 | B21: =B20+1 -> 240 | L21: =L20+J21-K21 -> 0 | O21: =O20+M21-N21 -> 0 | P21: =L21+O21 -> 0 | Q21: L15 | Z21: =IF(H21+I21+J21+K21+M21+N21=0," ",IF(OR(AND(H21<>0,I21=0,J21+M21+SUM(AA21:AG21)=H21),AND(I21<>0,H21=0,K21+N21=I21),AND(H21=0,I21=0,K21+N21<>0,K21+N21=SUM(AA21:AG21)),AND(H21=0,I21=0,J21+M21<>0,J21+M21=SUM(R21:Y21)),AND(H21=0,I21=0,M21=0,N21<>0,N21=J21),AND(H21=0,I21=0,M21<>0,N21=0,M21=K21)),"ok","??"))
B22: page 16-1 | F22: TOTAUX à reporter | H22: =SUM(H6:H21) -> 0 | I22: =SUM(I6:I21) -> 0 | J22: =SUM(J6:J21) -> 0 | K22: =SUM(K6:K21) -> 0 | L22: =L21 -> 0 | M22: =SUM(M6:M21) -> 0 | N22: =SUM(N6:N21) -> 0 | O22: =O21 -> 0 | P22: =SUM(L22+O22) -> 0 | R22: =SUM(R6:R21) -> 0 | S22: =SUM(S6:S21) -> 0 | T22: =SUM(T6:T21) -> 0 | U22: =SUM(U6:U21) -> 0 | V22: =SUM(V6:V21) -> 0 | W22: =SUM(W6:W21) -> 0 | X22: =SUM(X6:X21) -> 0 | Y22: =SUM(Y6:Y21) -> 0 | AA22: =SUM(AA6:AA21) -> 0 | AB22: =SUM(AB6:AB21) -> 0 | AC22: =SUM(AC6:AC21) -> 0 | AD22: =SUM(AD6:AD21) -> 0 | AE22: =SUM(AE6:AE21) -> 0 | AF22: =SUM(AF6:AF21) -> 0 | AG22: =SUM(AG6:AG21) -> 0
H24: (6) | I24: (5)
D25: ENTREES | E25: =SUM(J22+M22) -> 0 | H25: ="(1)" -> (1) | J25: SORTIES | M25: =SUM(K22+N22) -> 0 | P25: ="(2)" -> (2) | S25: PRODUITS | V25: =SUM(R22:Y22) -> 0 | X25: ="(3)" -> (3) | Y25: ="(3)" -> (3) | AB25: CHARGES | AE25: =SUM(AA22:AG22) -> 0 | AG25: ="(4)" -> (4)
D26: ='15'!D26+IF(G7<>0,J7,0)-IF(G7<>0,K7,0)+IF(G8<>0,J8,0)-IF(G8<>0,K8,0)+IF(G9<>0,J9,0)-IF(G9<>0,K9,0)+IF(G10<>0,J10,0)-IF(G10<>0,K10,0)+IF(G11<>0,J11,0)-IF(G11<>0,K11,0)+IF(G12<>0,J12,0)-IF(G12<>0,K12,0)+IF(G13<>0,J13,0)-IF(G13<>0,K13,0)+IF(G14<>0,J14,0)-IF(G14<>0,K14,0)+IF(G15<>0,J15,0)-IF(G15<>0,K15,0)+IF(G16<>0,J16,0)-IF(G16<>0,K16,0)+IF(G17<>0,J17,0)-IF(G17<>0,K17,0)+IF(G18<>0,J18,0)-IF(G18<>0,K18,0)+IF(G19<>0,J19,0)-IF(G19<>0,K19,0)+IF(G20<>0,J20,0)-IF(G20<>0,K20,0)+IF(G21<>0,J21,0)-IF(G21<>0,K21,0) -> 0 | E26: (somme de c6, c8 et c11) | M26: (somme de c7 c9 et c12) | V26: (somme de c15 à c22) | AE26: (somme de c23 à c29)
B27: page 16-1 | D27: Solde réel du compte bancaire : | E27: =D26 -> 0 | H27: Vérif : | K27: ="(1)-(2)+(5)" -> (1)-(2)+(5) | L27: =E25-M25+I22 -> 0 | N27: =V25-AE25+H22 -> 0 | P27: ="(3)-(4)+(6)" -> (3)-(4)+(6) | AG27: page 16-2

Sheet Rap bancaire
B1: Compte-Rendu Financier de l'année scolaire :
D2: =Garde!F7 -> 0
B5: =Garde!C11 -> 2026-2027
B9: N° affiliation | C9: =Garde!C7 -> 0
B11: N° Compte bancaire | C11: =Garde!C9 -> 0
B13: Rapprochement bancaire à joindre au CRF
B15: Solde COMPTABLE du compte bancaire : | D15: =CRF!C50 -> 0
B17: Solde REEL du compte bancaire : | D17: ='16>'!E27 -> 0
B19: Total des chèques non encaissés, non débités: | D19: =D15-D17 -> 0
B21: Faire la liste de ces chèques :
B23: N° de Pièce Justificative (c1) | C23: non encaissés | D23: non débités
B47: Totaux : | C47: =SUM(C24:C45) -> 0 | D47: =SUM(D24:D45) -> 0
C48: =IF(ROUND(C47-D47,2)=ROUND(D19,2),"ok","ERREUR") -> ok

Sheet CRF
B1: Compte-Rendu Financier de l'année scolaire : | G1: N° d'Affiliation : | H1: =Garde!C7 -> 0
G2: =Garde!F7 -> 0
B5: =Garde!C11 -> 2026-2027
A8: CHARGES | C8: €uros | F8: PRODUITS | H8: €uros
A9: 6070 | B9: Achats de produits pour cession | C9: ='16>'!AA22 -> 0 | F9: 7070 | G9: Vente de produits pour cession | H9: ='16>'!R22 -> 0
A12: 61681 | B12: Assurances versées | C12: ='16>'!AB22 -> 0 | F12: 7080 | G12: Produits des activités éducatives | H12: ='16>'!S22 -> 0
A15: 6181 | B15: Charges des activités éducatives | C15: ='16>'!AC22 -> 0 | F15: 7410 | G15: Subventions reçues Etat, Collectivités locales, Etabl. Publics | H15: ='16>'!T22 -> 0
A18: 6270 | B18: Services bancaires et assimilés | C18: ='16>'!AD22 -> 0 | F18: 7551 | G18: Contributions financières Plateforme participative | H18: ='16>'!U22 -> 0
A21: 6586 | B21: Cotisations versées à l'OCCE | C21: ='16>'!AE22 -> 0 | F21: 75511 | G21: Contributions financières d'autres organismes | H21: ='16>'!V22 -> 0
A24: 6700 | B24: Charges exceptionnelles | C24: ='16>'!AF22 -> 0 | F24: 7562 | G24: Particip. volontaires des familles | H24: ='16>'!W22 -> 0
A27: 6800 | B27: Achats de biens durables | C27: ='16>'!AG22 -> 0 | F27: 7700 | G27: Produits exceptionnels | H27: ='16>'!X22 -> 0
F29: 7700 | G29: Produits exceptionnels | H29: ='16>'!Y22 -> 0
B32: Total des charges | C32: =C24+C21+C18+C15+C12+C9+C27+C29 -> 0 | G32: Total des produits | H32: =H24+H21+H18+H15+H12+H27+H9+H29 -> 0
C34: + | H34: +
B35: Excédent si produits > charges | C35: =IF(H32<C32,0,H32-C32) -> 0 | G35: Déficit si charges > produits | H35: =IF(C32<H32,0,C32-H32) -> 0
C37: = | H37: =
C38: =C32+C35 -> 0 | H38: =H32+H35 -> 0
B41: Bilan simplifié :
B45: ACTIF | G45: PASSIF
B46: Comptes financiers : soldes au 31/08 de l'année en cours | H46: €uros
F47: 110 | G47: Report à nouveau | H47: ='1'!P6 -> 0
C48: €uros | G48: reporter l'actif du bilan de l'année dernière
A50: 512 | B50: Compte Crédit Agricole | C50: ='16>'!L22 -> 0 | F50: 120 | G50: Excédent + | H50: =C35 -> 0
A53: 530 | B53: CAISSE espèces | C53: ='16>'!O22 -> 0 | F53: 129 | G53: Déficit - | H53: =H35 -> 0
C55: = | H55: =
B56: Total ACTIF | C56: =C53+C50 -> 0 | G56: Total PASSIF | H56: =H47+H50-H53 -> 0
G58: =IF(ROUND(C56,2)=ROUND(H56,2),"OK","ERREUR") -> OK
B61: Nom du mandataire : | G61: Signature du mandataire :
B62: =Garde!G11 -> 0

Sheet CRA
A1: CRA - Compte-Rendu d'Activités de la coopérative scolaire
A2: La coopérative scolaire est un regroupement d'élèves (ou étudiants) et d'adultes (membres de l'équipe éducative) qui décident de mettre en œuvre un projet éducatif s'appuyant sur la pratique de la vie associative et coopérative, dans le respect des valeurs de l'OCCE.
A3: Ce compte-rendu est un élément statutaire, donc obligatoire, de la vie coopérative. Il doit être rempli par le mandataire, en concertation avec ses collègues et les élèves, avant le 30 juin. Il est indispensable à l'association départementale pour rendre compte de son activité et de celle des coopératives qui lui sont affiliées. Il donne un aperçu des possibilités qu'offre la coopérative ainsi qu'un regard précis sur vos pratiques !
A4: Complétez le tableau en cochant la case pour OUI ou en indiquant un nombre, selon les items
A5: A. VIE COOPÉRATIVE
A6: A. 1. Des conseils de coopératives (enfants et enseignants) ont-ils eu lieu ?
A7: A.1.a Conseil de coopérative de classe (nombre dans l'année) | C7: 1
A8: A.1.b Conseil de coopérative d'école ou d'établissement (nombre dans l'année) | C8: 2
A9: A. 2. Si les conseils de coopérative n'ont pas eu lieu, pour quelle(s) raison(s) ?
A10: A.2.a Manque de temps | C10: 3
A11: A.2.b Manque d'intérêt pour cette instance | C11: 4
A12: A.2.c Absence de formation | C12: 5
A13: A.2.d Manque de soutien dans l'établissement | C13: 6
A14: A.2.c Autre | C14: 7
A15: A.3. Gardez-vous des traces des réunions de conseil de coopérative ?
A16: A.3.a Traces écrites | C16: 8
A17: A.3.b Enregistrements audio | C17: 9
A18: A.3.c Captations vidéo | C18: 10
A19: A.4. Un lien régulier sur support papier ou numérique pour informer de l'état des projets, des finances a-t-il été réalisé ? | C19: 11
A20: A.5. Si oui, par qui a-t-il été produit ?
A21: A.5.a Les élèves | C21: 12
A22: A.5.b Les enseignant'e's | C22: 13
A23: A.6. Les projets coopératifs se sont plutôt situés dans les domaines suivants :
A24: A.6.a Culture artistique et littéraire | C24: 14
A25: A.6.b Lire et écrire | C25: 15
A26: A.6.c Culture scientifique | C26: 16
A27: A.6.d Éducation citoyenne | C27: 17
A28: A.6.e Autres (à préciser dans les commentaires) | C28: 18
A29: A.7. Les élèves ont-ils été associés à la gestion comptable de la coopérative ? | C29: 19
A30: A.8. Si les élèves n'ont pas été associés à la gestion comptable de la coopérative, pour quelle(s) raison(s) ?
A31: A.8.a Manque de temps | C31: 20
A32: A.8.b Manque de formation | C32: 21
A33: A.8.c Autre | C33: 22
A34: B. RÔLE DU MANDATAIRE
A35: B. 1. A combien estimez-vous le nombre d'heures passées à la gestion de votre coopérative scolaire ? | C35: 23
A36: B. 2. Dans quels domaines avez-vous eu recours aux services de l'OCCE ?
A37: B.2.a Formation | C37: 24
A38: B.2.b Actions nationales : Théâ, École en poésie, Bals en Liance, Éco'coop, Étamine, Droits de l'Enfant… | C38: 25
A39: B.2.c Actions départementales et/ou régionales | C39: 26
A40: B.2.d Accompagnement de projets | C40: 27
A41: B.2.e Prêt de ressources | C41: 28
A42: B.2.f Trousse à projets | C42: 29
A43: B.2.g Fonctionnement comptable et juridique, assurance | C43: 30
A44: B.2.h Autre | C44: 31
A45: B.3. Combien de fois avez-vous présenté les projets, les bilans, le budget en Conseil d'École ou d'Établiss. ? | C45: 32
A46: B.4. Idées, commentaires, suggestions : | C46: 33

Sheet Quitus
D2: =Garde!F7 -> 0
C8: Exercice du ……………...…….. au ……………..……………
E10: QUITUS
A12: La Commission de Contrôle des Comptes de la Coopérative réunie
A14: le
A16: à
A18: s'est fait présenter :
A19: t | B19: l'ensemble des pièces comptables et des justificatifs (factures, tickets de caisses, bordereaux, reçus,…)
A20: t | B20: le cahier d'inventaire du matériel acheté par la coopérative,
A21: t | B21: le cahier de délibérations du Conseil de Coopérative (décisions et financement),
A23: La commission a vérifié, par sondage, différentes pièces en recettes et dépenses.
A25: Les écritures étant conformes aux justificatifs présentés, la Commission donne quitus de la gestion de la Coopérative au mandataire :
A28: Melle, Mme, Mr : | C28: =Garde!G11 -> 0
C30: Somme arrêtée au bilan : | F30: =CRF!C56 -> 0
B32: Qualité (parent/enseignant) | E32: Nom | G32: Emargement
A37: Ne remplir que les cases jaunes.

Sheet Consignes fin année
A1: CONSIGNES DE FIN D'ANNEE
A3: Attention : La clôture de l'exercice n'est pas une procédure automatique.
A6: v Imprimer le compte rendu financier, le compte rendu d'activités et le quitus, pour archivage (10 ans). L'archivage peut également se faire sur clé.
A10: v Envoyer à l'association départementale, soit par courriel, soit par courrier page de garde, CRF, CRA et quitus. Si le dernier relevé ne correspond pas au solde indiqué en 512, compléter et fournir le tableau "rapprochement bancaire".
A12: v Lors de la première saisie comptable de la nouvelle année, ne pas oublier de reporter l'avoir du compte bancaire et de la caisse au 31/08 (cases jaunes c10 - c13 de la page 1).
A15: v Pour débuter un nouvel exercice, en septembre, télécharger une nouvelle version sur le site OCCE départemental.
